Workbook

Sheet 附民
B1: 本案附民一覽表
A2: 編號 | B2: 案號 | C2: 原告 | D2: 起訴金額 | E2: 本院審核 | F2: 出處
A3: 1 | B3: 105年度附民字第218號 | C3: 王秀珠 | D3: 138000 | E3: 同附表五編號634 | F3: 103年度證券交易稅一般代徵稅額繳款書，E13卷第121頁
A4: 2 | B4: 105年度附民字第151號 | C4: 李瓊雲 | D4: 184000 | E4: 同附表一編號197、附表五編號277，交易金額分別為50,000、134,000元 | F4: 永豐銀行103年6月17日匯款申請單、第一商業銀行103年8月11日存款存根聯，第13、15頁
A5: 3 | B5: 105年度附民字第150號 | C5: 呂繆文 | D5: 69000 | E5: 同附表五編號640 | F5: 國泰世華商業銀行103年10月3日存款憑證，第74-75頁
A6: 4 | B6: 105年度附民字第179號 | C6: 連捷 | D6: 510000 | E6: 同附表五編號153、507，交易金額分別為50,000、268,000元 | F6: 103年度證券交易稅一般代徵稅額繳款書，第4頁
A7: 5 | B7: 105年度附民字第237號 | C7: 游玫芳 | D7: 670000 | E7: 同附表六編號115、129，交易金額分別各為335,000元，然兩造已於106年1月3日和解 | F7: 103年度證券交易稅一般代徵稅額繳款書，105年度附民字第183號第2、8頁
A8: 6 | B8: 105年度附民字第210號 | C8: 王素如 | D8: 460000 | E8: 同附表一編號47、附表五編號251，交易金額分別為125,000、335,000元 | F8: 第一銀行103年7月30日匯款通知單、103年度證券交易稅一般代徵稅額繳款書，第6-8頁
A9: 7 | B9: 105年度附民字第196號 | C9: 洪康倪 | D9: 460000 | E9: 同附表一編號241、附表五編號271，交易金額為125,000、335,000元 | F9: 第一銀行103年8月12日匯款通知單、103年度證券交易稅一般代徵稅額繳款書，E14卷第172-173頁
A10: 8 | B10: 105年度附民字第195號 | C10: 王秀珠 | D10: 138000 | E10: 同附表五編號634 | F10: 103年度證券交易稅一般代徵稅額繳款書，E13卷第121頁
A11: 9 | B11: 105年度附民字第193號 | C11: 王俊霖 | D11: 134000 | E11: 附民原告僅附起訴狀一紙，並無其他交易憑證證實所述損害金額。爰以附表五編號520作為本院審核結果 | F11: 未提供相關交易憑證
A12: 10 | B12: 105年度附民字第190號 | C12: 周玉全 | D12: 134000 | E12: 同附表五編號573 | F12: 富邦銀行104年1月26日匯款委託書、103年度證券交易稅一般代徵稅額繳款書，E14卷第67-68頁
A13: 11 | B13: 105年度附民字第189號 | C13: 彭淑萍 | D13: 468000 | E13: 同附表五編號191、570，交易金額分別為50,000、268,000元作為本院審核結果，其餘增列在附表一編號274，金額150,000元 | F13: 第一商業銀行104年6月22日全行代理收款存根聯、103年度證券交易稅一般代徵稅額繳款書，E15卷第65-1、65-2頁
A14: 12 | B14: 105年度附民字第302號 | C14: 陳仰山 | D14: 134000 | E14: 同附表五編號541 | F14: 103年度證券交易稅一般代徵稅額繳款書，E16卷第223頁
... A40: 38 | B40: 105年度附民字第349號 | C40: 黃順良 | D40: 758000 | E40: 同附表一編號132、附表六編號10、23、46，交易金額分別為100,000、38,000、130,000、65,000元，另增列交易附表一編號277，金額為275,000元。其餘以邱麗華名義於104年2月9日出售3,000股至附民原告部分，金額150,000元（第115頁），非屬本案被告所掌握之人頭所販售者，擬不予採認。 | F40: 103年2月17日、3月5日證券交易稅一般代徵稅額繳款書、臺灣銀行103年8月8日、104年6月22日匯款申請書回條聯，第5-10頁
C41: 黃士峰 | D41: 207000 | E41: 同附表六編號194 | F41: 103年度證券交易稅一般代徵稅額繳款書，第5、11頁
C42: 廖芳藝 | D42: 134000 | E42: 同附表六編號99 | F42: 103年度證券交易稅一般代徵稅額繳款書，第5、12頁
C43: 駱詠潔 | D43: 470000 | E43: 同附表一編號172、附表五編號608、附表六編號207，交易金額分別為125,000、276,000、69,000元 | F43: 103年7月8日、4月7日證券交易稅一般代徵稅額繳款書、103年現金增資繳款書，第15-17頁
C44: 劉建良 | D44: 470000 | E44: 同附表一編號220、附表六編號206，交易金額分別為125,000、345,000元 | F44: 103年度證券交易稅一般代徵稅額繳款書、第一商業銀行103年8月12日存款存根聯，第18頁
A45: 39 | B45: 105年度附民字第265號 | C45: 康惠循 | D45: 2444000 | E45: 除原審附表五編號588，交易金額為670,000元為重疊外，另增列附表五編號590-2，金額335,000元。其餘交易因證券出賣人為林明洲、非屬本案被告所掌握之人頭，擬不予採認 | F45: 103年6月3日、103年12月30日證券交易稅一般代徵稅額繳款書第7-8頁
A46: 40 | B46: 105年度附民字第206號 | C46: 陳玉燕 | D46: 470000 | E46: 同附表一編號135、附表十二編號49，交易金額分別為125,000、345,000元 | F46: 103年度證券交易稅一般代徵稅額繳款書、第一商業銀行103年8月8日存款存根聯，第3頁
A47: 41 | B47: 105年度附民字第227號 | C47: 黃士峰 | D47: 207000 | E47: 同附表六編號194 | F47: 103年度證券交易稅一般代徵稅額繳款書，第3頁
A48: 42 | B48: 105年度附民字第270號 | C48: 徐正民 | D48: 94000 | E48: 同附表一編號42、附表六編號214，金額分別為25,000、69,000元 | F48: 103年度證券交易稅一般代徵稅額繳款書、第一商業銀行103年7月30日存款存根聯，第5-6頁
A49: 43 | B49: 105年度附民字第226號 | C49: 黃順良 | D49: 758000 | E49: 同附表一編號132、附表六編號10、23、46，交易金額分別為100,000、38,000、130,000、65,000元，另增列交易附表一編號277，金額為275,000元。其餘以邱麗華名義於104年2月9日出售3,000股至附民原告部分，金額150,000元（第115頁），非屬本案被告所掌握之人頭所販售者，擬不予採認。 | F49: 103年2月17日、3月5日證券交易稅一般代徵稅額繳款書、臺灣銀行103年8月8日、104年6月22日匯款申請書回條聯，第103、106、108、110、119頁
A50: 44 | B50: 105年度附民字第201號 | C50: 王定忠 | D50: 4784000 | E50: 同附表一編號110、附表五編號263、272、308，交易金額分別為1,050,000、804,000、670,000、1,340,000元，其餘金額增列在附表五編號210-2、590-1。 | F50: 103年6月5日、6月10日、6月24日、104年1月16日證券交易稅一般代徵稅額繳款書、103年現金增資繳款書，第21頁反面至25頁反面、E18卷第106-109頁
C51: 王端美 | D51: 1100400 | E51: 同附表一編號104、附表五編號278，交易金額分別為300,000、804,000元 | F51: 103年度證券交易稅一般代徵稅額繳款書、第一商業銀行103年8月6日存款存根聯，第27頁反面、第28頁反面
C52: 王麗綾 | D52: 134000 | E52: 同附表五編號280 | F52: 103年度證券交易稅一般代徵稅額繳款書，第30頁
A53: 45 | B53: 105年度附民字第224號 | C53: 章寶貴 | D53: 94000 | E53: 同附表五編號196、576，交易金額分別為25,000、67,000元 | F53: 103年2月28日、12月22日證券交易稅一般代徵稅額繳款書，第3頁
A54: 46 | B54: 105年度附民字第160號 | C54: 王美智 | D54: 736000 | E54: 同附表五編號50、390、416，交易金額分別為200,000、402,000、201,000元 | F54: 第一商業銀行103年8月26日、8月28日、9月4日匯款申請書回條，E17卷第82頁
C55: 呂月美 | D55: 276000 | E55: 1.其主張係以30,000元現金支付，其餘由他人代匯，無其他交易憑證可驗證。 2.爰以附表五編號49、415，交易金額分別為75,000、201,000元作為本院審核結果 | F55: E17卷第91頁
C56: 李珍妮 | D56: 460000 | E56: 1.卷附103年9月15日證券交易稅一般代徵稅額繳款書，買受人為李珍妮，金額為50,000元，其出賣人為林成蘭，並非本案被告所支配。其餘核對無誤。 2.爰以附表五編號43、116、455，交易金額為50,000、75,000、201,000元作為本院審核結果。 | F56: 103年度證券交易稅一般代徵稅額繳款書，E17卷第21、24、27、28頁
C57: 黃慧娥 | D57: 1932000 | E57: 經加總被告主張之金流與原審判決核對後相符，爰以附表五編號51、124、391、417、463，交易金額分別為400,000、125,000、938,000、134,000、335,000元作為本院審核結果 | F57: 中國信託信義分行2525400424729對帳單，E17第65、89頁、本院卷六第113-117頁
C58: 黃羿堯 | D58: 276000 | E58: 1.其主張係以30000元現金支付，其餘由他人代匯，無其他交易憑證可驗證。 2.爰以附表五編號48、414，交易金額分別為75,000、201,000元作為本院審核結果 | F58: 告訴人陳報資料，本院卷四第369頁
C59: 劉秀麗 | D59: 276000 | E59: 同附表五編號42、396，交易金額分別為75,000、201,000元 | F59: 103年度證券交易稅一般代徵稅額繳款書，E17卷第36、40頁
C60: 謝美玲 | D60: 1380000 | E60: 附民原告並無其他交易憑證證實所述損害金額。爰以附表五編號52、392、418，交易金額分別為375,000、670,000、335,000元作為本院審核結果 | F60: 未提供相關交易憑證
A61: 47 | B61: 105年度附民字第159號 | C61: 林麗雲 | D61: 184000 | E61: 同附表一編號251、附表五編號232，交易金額分別為50,000、134,000元，本案已撤回 | F61: 103年度證券交易稅一般代徵稅額繳款書、第一商業銀行103年8月12日銀行對帳單，E14卷第136頁、E38卷第170頁反面
A62: 48 | B62: 105年度附民字第197號 | C62: 林麗雲 | D62: 184000 | E62: 同附表一編號251、附表五編號232，交易金額分別為50,000、134,000元。本案已撤回 | F62: 103年度證券交易稅一般代徵稅額繳款書、兆良公司103年8月12日第一商業銀行對帳單，E14卷第136頁、E38卷第170頁反面
A63: 49 | B63: 106年度附民字第44號 | C63: 柯佑在 | D63: 46000 | E63: 原告損害金額實為92,000，詳附表八編號43、134。然原告陳述已與被告劉勝宜達成46,000元之和解 | F63: 106年3月24日審判程序筆錄、103年12月26日證券交易稅一般代徵稅額繳款書二紙，第4頁
A64: 50 | B64: 106年度附民字第24號 | C64: 連捷 | D64: 510000 | E64: 同附表五編號153、507，交易金額分別為50,000、268,000元， | F64: 103年度證券交易稅一般代徵稅額繳款書，105年度附民字第179號第4頁
A65: 51 | B65: 105年度附民字第301號 | C65: 陳仰山 | D65: 134000 | E65: 同附表五編號541 | F65: 103年度證券交易稅一般代徵稅額繳款書，E16卷第223頁
A66: 52 | B66: 106年度附民字第72號 | C66: 湯美珍 | D66: 92000 | E66: 同附表一編號32、附表六編號70，金額分別為25,000、67,000元 | F66: 103年度證券交易稅一般代徵稅額繳款書、第一商業銀行103年7月29日存款存根聯，E22卷第128-129頁
A67: 53 | B67: 106年度附民字第118號 | C67: 李月星 | D67: 94000 | E67: 增資認股25,000元，同附表一編號261。至於其餘交易69,000元並無相關交易憑證，爰以附表六編號166，金額67,000元作為本院審核結果。 | F67: 詳土地銀行交易明細表，106年度附民字第118號第4頁
A68: 54 | B68: 106年度附民字第115號 | C68: 程美玉 | D68: 138000 | E68: 附民原告僅列起訴狀一紙，並無其他交易憑證證實所述損害金額。爰以附表十二編號50作為本院審核結果。 | F68: 未提供相關交易憑證
A69: 55 | B69: 106年度附民字第116號 | C69: 許倩文 | D69: 92000 | E69: 同附表五編號135、476，金額分別為25,000、67,000元 | F69: 詳103年度證券交易稅一般代徵稅額繳款書，第9-10、12-13頁
A70: 56 | B70: 106年度附民字第81號 | C70: 邱碧芬 | D70: 552000 | E70: 同附表一編號49、附表五編號225、228，金額分別為150,000、201,000、201,000元 | F70: 詳元大銀行103年3月20日匯款申請書、中區農會103年4月3日匯款委託書、第一商業銀行103年7月30日存款存根聯，第2、7、12頁
A71: 57 | B71: 106年度附民字第82號 | C71: 陳宏洋 | D71: 184000 | E71: 附民原告僅列起訴狀一紙，並無其他交易憑證證實所述損害金額。爰以附表一編號165、附表六編號71、106，金額分別為50,000、67,000、67,000元作為本院審核結果 | F71: 未提供相關交易憑證
A72: 58 | B72: 106年度附民字第83號 | C72: 邱必義 | D72: 87000 | E72: 附民原告提出渣打銀行103年11月30日匯款申請書，惟並無銀行核章證明。爰以附表一編號128、附表六編號199，金額分別為25,000、69,000作為本院審核結果 | F72: 詳第一商業銀行8103年8月7日存款存根聯，第2頁
... A93: 79 | B93: 106年度附民字第112號 | C93: 許正義 | D93: 234000 | E93: 附民原告提出104年現金增資認股繳款書，惟並無收款單位核章證明。爰以附表一編號100、附表五編號315，金額分別為50,000、134,000作為本院審核結果 | F93: 詳103年度證券交易稅一般代徵稅額繳款書，第4頁

Sheet 告訴人
D2: 附表九：告訴人刁品緣等358人名冊
F5: 德睿創投 | G5: 《兆豐資訊》 | J5: 《尚譽資訊》
F6: 萬豐財經 | G6: 《萬富資訊》 | J6: 《鴻寶創投》
F7: 聯寶財經 | G7: 《瑞豐投顧》 | J7: 《立達資訊》
G8: 《慶豐財經》
F9: 長旺資訊
F10: 京旺財經
F11: 其他投顧
A14: 被告黃馨儀提供證據(本院卷四) | B14: 與附表五重疊 | C14: 被告黃馨儀不爭執 | D14: 編號 | E14: 告訴人姓名 | G14: 盤商 | H14: 業務 | I14: 日期 | J14: 出處 | K14: 帳戶 | L14: 帳號 | M14: 帳戶出處 | N14: 出賣人
A15: V | B15: {=IF(OR(F15=#REF!),"重疊","")} -> #REF! | C15: V | D15: 1 | E15: 刁品緣（附回函） | F15: 刁品緣 | J15: E19P1 | K15: 中信城中 | L15: 107540515259
A16: V | B16: {=IF(OR(F16=#REF!),"重疊","")} -> #REF! | D16: 2 | E16: 尤伍能（附回函） | F16: 尤伍能 | J16: E19P4 | K16: 玉山城中、第一龍潭 | L16: 0532979066757、29210028883
B17: {=IF(OR(F17=#REF!),"重疊","")} -> #REF! | D17: 5 | E17: 王瑋璉 | F17: 王瑋璉
A18: V | B18: {=IF(OR(F18=#REF!),"重疊","")} -> #REF! | C18: V | D18: 6 | E18: 王宥東（匯款中信城中） | F18: 王宥東
A19: V | B19: {=IF(OR(F19=#REF!),"重疊","")} -> #REF! | C19: V | D19: 7 | E19: 王裕仁（附回函） | F19: 王裕仁 | J19: E19P17 | K19: 第一龍潭 | L19: 29210028883
A20: V | B20: {=IF(OR(F20=#REF!),"重疊","")} -> #REF! | C20: V | D20: 8 | E20: 王萬華（附回函） | F20: 王萬華
A21: V | B21: {=IF(OR(F21=#REF!),"重疊","")} -> #REF! | D21: 3 | E21: 尤銘德(附回函) | F21: 尤銘德 | G21: 德睿 | H21: 劉明英 | I21: 103.05、08、09、10 | J21: E13P67、89 | K21: 富邦襄陽、國泰、第一龍潭、中信信義 | L21: 731102007276、005530004858、29210028883、252540042729 | M21: P96-97
A22: V | B22: {=IF(OR(F22=#REF!),"重疊","")} -> #REF! | C22: V | D22: 4 | E22: 王錦盛（附回函） | F22: 王錦盛 | G22: 德睿 | H22: 黃馨儀 | I22: 103.05.25 | J22: E13P67 | K22: 中信城中 | L22: 107540515259 | M22: P72
A23: V | B23: {=IF(OR(F23=#REF!),"重疊","")} -> #REF! | C23: V | D23: 9 | E23: 王冬立（附回函） | F23: 王冬立 | G23: 德睿 | H23: 詹欣頤 | I23: 103.04、08 | J23: E13P109 | K23: 第一龍潭 | L23: 29210028883 | M23: P116
A24: V | B24: {=IF(OR(F24=#REF!),"重疊","")} -> #REF! | D24: 10 | E24: 王美智（附回函） | F24: 王美智 | G24: 長旺（前德睿） | H24: 楊舒涵、陳婉柔 | I24: 103.08.26、08.28、09.04 | J24: E17P65 | K24: 中信信義 | L24: 252540042729 | M24: E17P81-82
B25: {=IF(OR(F25=#REF!),"重疊","")} -> #REF! | C25: V | D25: 11 | E25: 王禎嫻（匯款中信城中） | F25: 王禎嫻 | G25: 德睿 | H25: 張峰達 | I25: 103.04.23 | J25: E13P109 | K25: 張佳容戶頭
A26: V | B26: {=IF(OR(F26=#REF!),"重疊","")} -> #REF! | C26: V | D26: 12 | E26: 王秀珠（附回函） | F26: 王秀珠 | G26: 德睿 | H26: 蔡昕諺 | I26: 102.09.04 | J26: E13P109
B27: {=IF(OR(F27=#REF!),"重疊","")} -> #REF! | D27: 13 | E27: 王俊霖 | F27: 王俊霖
A28: V | B28: {=IF(OR(F28=#REF!),"重疊","")} -> #REF! | D28: 14 | E28: 王淑玲（附回函） | F28: 王淑玲 | G28: 聯寶 | H28: 高薇馨 | J28: E19P46 | K28: 富邦龍山 | L28: 330168694091 | M28: P52
A29: V | B29: {=IF(OR(F29=#REF!),"重疊","")} -> #REF! | D29: 15 | E29: 王麗綾（附回函） | F29: 王麗綾 | G29: 萬豐 | H29: 高薇馨 | I29: 103.06.20 | J29: E19P57 | K29: 富邦龍山 | L29: 330168694091
A30: V | B30: {=IF(OR(F30=#REF!),"重疊","")} -> #REF! | D30: 16 | E30: 王定忠（附回函） | F30: 王定忠 | G30: 萬豐 | H30: 高薇馨 | I30: 103.06、08 | J30: E18P106 | K30: 富邦龍山、第一龍潭、台銀內湖 | L30: 330168694091、29210028883、153004368165 | M30: P106、108、E19P60-64
A31: V | B31: {=IF(OR(F31=#REF!),"重疊","")} -> #REF! | D31: 17 | E31: 王端美（附回函） | F31: 王端美 | G31: 萬豐 | H31: 高薇馨 | J31: E19P83 | K31: 富邦龍山、第一龍潭 | L31: 330168694091、29210028883 | M31: P85
A32: V | B32: {=IF(OR(F32=#REF!),"重疊","")} -> #REF! | C32: V | D32: 18 | E32: 王碧枝（附回函） | F32: 王碧枝
A33: V | B33: {=IF(OR(F33=#REF!),"重疊","")} -> #REF! | C33: V | D33: 19 | E33: 方燦堂（附回函） | F33: 方燦堂 | J33: E19P89 | K33: 第一龍潭 | L33: 29210028883 | M33: P89
A34: V | B34: {=IF(OR(F34=#REF!),"重疊","")} -> #REF! | C34: V | D34: 20 | E34: 方秀娟（附回函） | F34: 方秀娟
A35: V | B35: {=IF(OR(F35=#REF!),"重疊","")} -> #REF! | C35: V | D35: 21 | E35: 毛學玲（附回函） | F35: 毛學玲 | G35: 德睿 | H35: 吳家穎 | I35: 103.04.21 | J35: E13P125
A36: V | B36: {=IF(OR(F36=#REF!),"重疊","")} -> #REF! | C36: V | D36: 22 | E36: 白靜婷（附回函） | F36: 白靜婷
A37: V | B37: {=IF(OR(F37=#REF!),"重疊","")} -> #REF! | C37: V | D37: 23 | E37: 伍正康（附回函） | F37: 伍正康 | G37: 德睿 | H37: 陳薇伃 | I37: 103.05、08、09 | J37: E13P125 | K37: 中信城中、國泰明誠、第一龍潭 | L37: 107540515259、277506082015、29210028883 | M37: P135-136
A38: V | B38: {=IF(OR(F38=#REF!),"重疊","")} -> #REF! | D38: 24 | E38: 巫正和（附回函） | F38: 巫正和 | G38: 萬鈞 | H38: 季采璇 | I38: 103.12 | J38: 卷四P117 | K38: 富邦龍山 | L38: 330168694091
A39: V | B39: {=IF(OR(F39=#REF!),"重疊","")} -> #REF! | C39: V | D39: 25 | E39: 余春財（附回函） | F39: 余春財 | G39: 兆豐 | H39: 黃詩婷 | I39: 103.07、10 | J39: E13P125
B40: {=IF(OR(F40=#REF!),"重疊","")} -> #REF! | D40: 26 | E40: 呂坤霖 | F40: 呂坤霖
A41: V | B41: {=IF(OR(F41=#REF!),"重疊","")} -> #REF! | D41: 27 | E41: 呂月美（附回函） | F41: 呂月美 | G41: 德睿 | H41: 楊舒涵 | I41: 103.08.28 | J41: E17P91 | K41: 中信信義 | L41: 252540042729 | M41: P91
B42: {=IF(OR(F42=#REF!),"重疊","")} -> #REF! | D42: 28 | E42: 呂繆文 | F42: 呂繆文
B43: {=IF(OR(F43=#REF!),"重疊","")} -> #REF! | D43: 29 | E43: 吳梅枝 | F43: 吳梅枝
B44: {=IF(OR(F44=#REF!),"重疊","")} -> #REF! | C44: V | D44: 30 | E44: 吳堃霖（匯款中信城中） | F44: 吳堃霖
B45: {=IF(OR(F45=#REF!),"重疊","")} -> #REF! | C45: V | D45: 31 | E45: 吳家穎（員工） | F45: 吳家穎
A46: V | B46: {=IF(OR(F46=#REF!),"重疊","")} -> #REF! | C46: V | D46: 32 | E46: 吳世隆（附回函） | F46: 吳世隆
B47: {=IF(OR(F47=#REF!),"重疊","")} -> #REF! | D47: 33 | E47: 吳文祥 | F47: 吳文祥
A48: V | B48: {=IF(OR(F48=#REF!),"重疊","")} -> #REF! | C48: V | D48: 34 | E48: 吳劉素琴（附回函） | F48: 吳劉素
A49: V | B49: {=IF(OR(F49=#REF!),"重疊","")} -> #REF! | C49: V | D49: 35 | E49: 吳銘展（附回函） | F49: 吳銘展
A50: V | B50: {=IF(OR(F50=#REF!),"重疊","")} -> #REF! | C50: V | D50: 36 | E50: 吳怡欣（附回函） | F50: 吳怡欣 | G50: 德睿 | H50: 小羽 | I50: 103.05 | J50: E13P125 | K50: 中信城中 | L50: 107540515259 | M50: P175
B51: {=IF(OR(F51=#REF!),"重疊","")} -> #REF! | C51: V | D51: 37 | E51: 吳勝傑（匯款中信城中） | F51: 吳勝傑
A52: V | B52: {=IF(OR(F52=#REF!),"重疊","")} -> #REF! | C52: V | D52: 38 | E52: 吳景輝（附回函） | F52: 吳景輝
A53: V | B53: {=IF(OR(F53=#REF!),"重疊","")} -> #REF! | D53: 39 | E53: 吳俊宏（附回函） | F53: 吳俊宏 | G53: 聯寶 | H53: 張駿杰 | I53: 104.01、06 | J53: E19P168、卷四P135 | K53: 第一銀行 | L53: 29210028883 | M53: P171
B54: {=IF(OR(F54=#REF!),"重疊","")} -> #REF! | C54: V | D54: 40 | E54: 吳柏羽（匯款中信城中） | F54: 吳柏羽
A55: V | B55: {=IF(OR(F55=#REF!),"重疊","")} -> #REF! | C55: V | D55: 41 | E55: 吳翠琴（附回函） | F55: 吳翠琴
B56: {=IF(OR(F56=#REF!),"重疊","")} -> #REF! | C56: V | D56: 42 | E56: 李梅芬（匯款中信城中） | F56: 李梅芬
A57: V | B57: {=IF(OR(F57=#REF!),"重疊","")} -> #REF! | C57: V | D57: 43 | E57: 李如玉（附回函） | F57: 李如玉 | G57: 德睿 | H57: 黃馨儀、蔡盺諺 | I57: 103.06.13、08.20 | J57: E13P190、201 | K57: 第一銀行 | L57: 29210028883 | M57: P202
A58: V | B58: {=IF(OR(F58=#REF!),"重疊","")} -> #REF! | C58: V | D58: 44 | E58: 李方淑媛（附回函) | F58: 李方淑 | G58: 德睿 | H58: 林柏嫻 | I58: 103.03.24 | J58: E19P202 | K58: 中信城中
B59: {=IF(OR(F59=#REF!),"重疊","")} -> #REF! | D59: 45 | E59: 李淑錦 | F59: 李淑錦
A60: V | B60: {=IF(OR(F60=#REF!),"重疊","")} -> #REF! | C60: V | D60: 46 | E60: 李孟訓（附回函） | F60: 李孟訓 | G60: 德睿 | H60: 林柏嫻 | I60: 103.03.14、08.11 | J60: E13P190、204 | K60: 第一銀行 | L60: 29210028883 | M60: P203
A61: V | B61: {=IF(OR(F61=#REF!),"重疊","")} -> #REF! | C61: V | D61: 47 | E61: 李純香（匯款中信城中） | F61: 李純香
A62: V | B62: {=IF(OR(F62=#REF!),"重疊","")} -> #REF! | D62: 48 | E62: 李珍妮（附回函) | F62: 李珍妮 | G62: 德睿 | H62: 楊舒涵、陳婉柔 | I62: 103.08 | J62: E17P10 | K62: 中信信義 | L62: 252540042729 | M62: E17P46-47
A63: V | B63: {=IF(OR(F63=#REF!),"重疊","")} -> #REF! | C63: V | D63: 49 | E63: 李純綾（附回函） | F63: 李純綾 | G63: 德睿 | I63: 103.04、05、08 | J63: E19P205 | K63: 中信城中、第一銀行 | L63: 107540515259、29210028883 | M63: P210-211
B64: {=IF(OR(F64=#REF!),"重疊","")} -> #REF! | D64: 50 | E64: 李梅枝 | F64: 李梅枝
A65: V | B65: {=IF(OR(F65=#REF!),"重疊","")} -> #REF! | D65: 51 | E65: 李慧玲（附回函） | F65: 李慧玲 | K65: 玉山城中 | L65: 0532979066757 | M65: E20P5 | N65: 王泓仁
A66: V | B66: {=IF(OR(F66=#REF!),"重疊","")} -> #REF! | D66: 52 | E66: 李珍儀（附回函） | F66: 李珍儀 | H66: 陳淑賢 | I66: 103.12 | J66: 卷四P153 | K66: 富邦龍山
A67: V | B67: {=IF(OR(F67=#REF!),"重疊","")} -> #REF! | D67: 53 | E67: 李桂鶯（附回函） | F67: 李桂鶯
A68: V | B68: {=IF(OR(F68=#REF!),"重疊","")} -> #REF! | D68: 54 | E68: 李永澤（附回函） | F68: 李永澤 | G68: 中信 | H68: 吳淑賢 | I68: 103.06、08、10 | J68: 卷四P157 | K68: 富邦龍山 | L68: 330168694091
A69: V | B69: {=IF(OR(F69=#REF!),"重疊","")} -> #REF! | D69: 55 | E69: 李宜蓉（附回函） | F69: 李宜蓉 | G69: 聯寶、萬豐 | H69: 林寰莙 | I69: 103.10.16 | J69: E18P5、卷四P159 | K69: 富邦龍山 | L69: 330168694091 | M69: P8
A70: V | B70: {=IF(OR(F70=#REF!),"重疊","")} -> #REF! | C70: V | D70: 56 | E70: 李渝倬（附回函） | F70: 李渝倬 | K70: 第一銀行 | L70: 29210028883 | M70: E20P39
B71: {=IF(OR(F71=#REF!),"重疊","")} -> #REF! | D71: 57 | E71: 李德昱（附回函) | F71: 李德昱 | G71: 德睿 | H71: 何采蓉 | I71: 103.04、08 | J71: E20P43 | K71: 第一龍潭 | L71: 29210028883
B72: {=IF(OR(F72=#REF!),"重疊","")} -> #REF! | D72: 58 | E72: 沈妙鄉 | F72: 沈妙鄉
B73: {=IF(OR(F73=#REF!),"重疊","")} -> #REF! | C73: V | D73: 59 | E73: 杜方竹（匯款中信城中） | F73: 杜方竹 | G73: 德睿 | H73: 蘇彥嘉 | I73: 103.05 | J73: E20P58
B74: {=IF(OR(F74=#REF!),"重疊","")} -> #REF! | C74: V | D74: 60 | E74: 佘桂芳（匯款中信城中） | F74: 佘桂芳 | G74: 德睿 | H74: 蔡盺諺 | I74: 103.04.02、08.11 | J74: E13P190
B75: {=IF(OR(F75=#REF!),"重疊","")} -> #REF! | D75: 61 | E75: 何正民 | F75: 何正民
A76: V | B76: {=IF(OR(F76=#REF!),"重疊","")} -> #REF! | C76: V | D76: 62 | E76: 何彩綢（附回函） | F76: 何彩綢
B77: {=IF(OR(F77=#REF!),"重疊","")} -> #REF! | D77: 63 | E77: 何漢禹 | F77: 何漢禹 | G77: 德睿 | H77: 吳家穎 | J77: E20P77
A78: V | B78: {=IF(OR(F78=#REF!),"重疊","")} -> #REF! | C78: V | D78: 64 | E78: 宋愛萍（附回函） | F78: 宋愛萍 | G78: 德睿 | H78: 吳家穎 | I78: 103.06.18、08.05 | J78: E14P54 | K78: 第一銀行 | L78: 29210028883 | M78: P60
A79: V | B79: {=IF(OR(F79=#REF!),"重疊","")} -> #REF! | D79: 65 | E79: 宋正鑫（附回函） | F79: 宋正鑫 | G79: 聯寶 | H79: 黃秋華 | I79: 103.12.04 | J79: E14P54、卷四P169 | K79: 富邦龍山 | L79: 330168694091 | M79: P86
B80: {=IF(OR(F80=#REF!),"重疊","")} -> #REF! | D80: 66 | E80: 周玉全 | F80: 周玉全 | G80: 聚亨 | H80: 許睿彤 | I80: 103.12.22 | J80: E14P54 | K80: 國泰世華 | L80: 005500200563 | M80: P67
B81: {=IF(OR(F81=#REF!),"重疊","")} -> #REF! | D81: 67 | E81: 邱綉珍 | F81: 邱綉珍
A82: V | B82: {=IF(OR(F82=#REF!),"重疊","")} -> #REF! | C82: V | D82: 68 | E82: 邱永鎮（附回函） | F82: 邱永鎮
B83: {=IF(OR(F83=#REF!),"重疊","")} -> #REF! | C83: V | D83: 69 | E83: 邱必義（匯款中信城中） | F83: 邱必義
A84: V | B84: {=IF(OR(F84=#REF!),"重疊","")} -> #REF! | D84: 70 | E84: 邱碧芬（附回函） | F84: 邱碧芬 | G84: 聯寶 | H84: 黃秋華 | I84: 103.03、04、07 | J84: E20P81、卷四P171 | K84: 富邦龍山 | L84: 330168694091
A85: V | B85: {=IF(OR(F85=#REF!),"重疊","")} -> #REF! | C85: V | D85: 71 | E85: 邵良慧（附回函） | F85: 邵良慧 | G85: 兆豐 | H85: 詹雅玲 | I85: 103.11 | J85: E20P82
B86: {=IF(OR(F86=#REF!),"重疊","")} -> #REF! | C86: V | D86: 72 | E86: 卓維煌（匯款中信城中） | F86: 卓維煌
A87: V | B87: {=IF(OR(F87=#REF!),"重疊","")} -> #REF! | D87: 73 | E87: 林素柳 | F87: 林素柳 | G87: 德睿 | H87: 劉明英 | I87: 103.08 | J87: E20P104 | K87: 上海高雄 | L87: 04203000479507 | M87: P105
A88: V | B88: {=IF(OR(F88=#REF!),"重疊","")} -> #REF! | C88: V | D88: 74 | E88: 林智瑝( 附回函) | F88: 林智瑝 | G88: 德睿 | H88: 蘇彥嘉 | I88: 103.2.25、07 | J88: E14P54 | K88: 上海高雄
B89: {=IF(OR(F89=#REF!),"重疊","")} -> #REF! | C89: V | D89: 75 | E89: 林依潔（匯款中信城中） | F89: 林依潔
B90: {=IF(OR(F90=#REF!),"重疊","")} -> #REF! | D90: 76 | E90: 林齊瑞 | F90: 林齊瑞
B91: {=IF(OR(F91=#REF!),"重疊","")} -> #REF! | D91: 77 | E91: 林佳蒨 | F91: 林佳蒨
B92: {=IF(OR(F92=#REF!),"重疊","")} -> #REF! | D92: 78 | E92: 林宏軒 | F92: 林宏軒
A93: V | B93: {=IF(OR(F93=#REF!),"重疊","")} -> #REF! | C93: V | D93: 79 | E93: 林須惠（附回函） | F93: 林須惠
A94: V | B94: {=IF(OR(F94=#REF!),"重疊","")} -> #REF! | C94: V | D94: 80 | E94: 林淑蓉（附回函) | F94: 林淑蓉 | G94: 兆豐 | H94: 蔡盺諺 | I94: 103.10月 | J94: E14P1
B95: {=IF(OR(F95=#REF!),"重疊","")} -> #REF! | D95: 81 | E95: 林仁正（E20_p157） | F95: 林仁正 | G95: 長旺 | H95: 陳誼秦 | I95: 103.10月 | J95: E20P110 | K95: 中信信義 | L95: 252540042729 | M95: E20P110 | N95: 沈花女
B96: {=IF(OR(F96=#REF!),"重疊","")} -> #REF! | D96: 82 | E96: 林淑呅 | F96: 林淑呅
B97: {=IF(OR(F97=#REF!),"重疊","")} -> #REF! | C97: V | D97: 83 | E97: 林延鳳（匯款中信城中） | F97: 林延鳳 | G97: 德睿 | H97: 詹欣頤 | I97: 103.05、07、10 | J97: E20P123
B98: {=IF(OR(F98=#REF!),"重疊","")} -> #REF! | D98: 84 | E98: 林進文 | F98: 林進文 | G98: 德睿 | H98: 許睿彤 | I98: 103.08、104、06 | J98: E20P129
A99: V | B99: {=IF(OR(F99=#REF!),"重疊","")} -> #REF! | C99: V | D99: 85 | E99: 林谷安（附回函） | F99: 林谷安
A100: V | B100: {=IF(OR(F100=#REF!),"重疊","")} -> #REF! | D100: 86 | E100: 林安安(附回函) | F100: 林安安 | G100: 德睿 | H100: 張玉汝 | I100: 103.02.25 | J100: E20P137
B101: {=IF(OR(F101=#REF!),"重疊","")} -> #REF! | D101: 87 | E101: 林榮茂 | F101: 林榮茂
B102: {=IF(OR(F102=#REF!),"重疊","")} -> #REF! | D102: 88 | E102: 林文貴 | F102: 林文貴
A103: V | B103: {=IF(OR(F103=#REF!),"重疊","")} -> #REF! | D103: 89 | E103: 林孟宗（附回函） | F103: 林孟宗 | H103: 吳淑賢 | I103: 103.12.29 | J103: E14P1 | K103: 富邦龍山分行 | L103: 330168694091 | M103: P14
A104: V | B104: {=IF(OR(F104=#REF!),"重疊","")} -> #REF! | C104: V | D104: 90 | E104: 林玉綿（附回函） | F104: 林玉綿
A105: V | B105: {=IF(OR(F105=#REF!),"重疊","")} -> #REF! | D105: 91 | E105: 林文香（附回函） | F105: 林文香 | G105: 聯寶 | H105: 黃秋華 | I105: 103.03、12 | J105: 卷四P191 | K105: 富邦龍山分行 | L105: 330168694091
...

Sheet 附表一
A1: 附表一：「兆良科技股份有限公司股東繳納現金股款明細表」
A2: 編號 | B2: 股東戶號 | C2: 股東姓名 | D2: 繳款日期 | E2: 繳款來源 | F2: 股數 | G2: 每股金額 | H2: 繳款金額 | I2: 送存銀行情形 | L2: 備註
I3: 銀行及帳戶 | J3: 日期 | K3: 金 額
A4: 1 | B4: ="97" -> 97 | C4: ="陳天輝" -> 陳天輝 | D4: 41842 | E4: 現金 | F4: 20000 | G4: 25 | H4: =F4*G4 -> 500000 | I4: 第一銀行龍潭分行000-00-000000 | J4: 41842 | K4: =H4 -> 500000
A5: 2 | B5: ="86" -> 86 | C5: ="吳世隆" -> 吳世隆 | D5: 41842 | E5: 現金 | F5: 2000 | G5: 25 | H5: =F5*G5 -> 50000 | I5: 第一銀行龍潭分行000-00-000000 | J5: 41842 | K5: =H5 -> 50000
A6: 3 | B6: ="222" -> 222 | C6: ="林谷安" -> 林谷安 | D6: 41844 | E6: 現金 | F6: 2000 | G6: 25 | H6: =F6*G6 -> 50000 | I6: 第一銀行龍潭分行000-00-000000 | J6: 41844 | K6: =H6 -> 50000
A7: 4 | B7: ="22" -> 22 | C7: ="柯重安" -> 柯重安 | D7: 41845 | E7: 現金 | F7: 10000 | G7: 25 | H7: =F7*G7 -> 250000 | I7: 第一銀行龍潭分行000-00-000000 | J7: 41845 | K7: =H7 -> 250000
A8: 5 | B8: ="284" -> 284 | C8: ="林慶華" -> 林慶華 | D8: 41845 | E8: 現金 | F8: 3000 | G8: 25 | H8: =F8*G8 -> 75000 | I8: 第一銀行龍潭分行000-00-000000 | J8: 41845 | K8: =H8 -> 75000
A9: 6 | B9: ="400" -> 400 | C9: ="莊心然" -> 莊心然 | D9: 41848 | E9: 現金 | F9: 2000 | G9: 25 | H9: =F9*G9 -> 50000 | I9: 第一銀行龍潭分行000-00-000000 | J9: 41848 | K9: =H9 -> 50000
A10: 7 | B10: ="90" -> 90 | C10: ="施锝岷" -> 施锝岷 | D10: 41848 | E10: 現金 | F10: 2000 | G10: 25 | H10: =F10*G10 -> 50000 | I10: 第一銀行龍潭分行000-00-000000 | J10: 41848 | K10: =H10 -> 50000
A11: 8 | B11: ="33" -> 33 | C11: ="傅應龍" -> 傅應龍 | D11: 41848 | E11: 現金 | F11: 12000 | G11: 25 | H11: =F11*G11 -> 300000 | I11: 第一銀行龍潭分行000-00-000000 | J11: 41848 | K11: =H11 -> 300000
A12: 9 | B12: ="15" -> 15 | C12: ="劉子鵬" -> 劉子鵬 | D12: 41848 | E12: 現金 | F12: 16000 | G12: 25 | H12: =F12*G12 -> 400000 | I12: 第一銀行龍潭分行000-00-000000 | J12: 41848 | K12: =H12 -> 400000
A13: 10 | B13: ="163" -> 163 | C13: ="郭連興" -> 郭連興 | D13: 41848 | E13: 現金 | F13: 1000 | G13: 25 | H13: =F13*G13 -> 25000 | I13: 第一銀行龍潭分行000-00-000000 | J13: 41848 | K13: =H13 -> 25000
A14: 11 | B14: ="250" -> 250 | C14: ="吳柏羽" -> 吳柏羽 | D14: 41848 | E14: 現金 | F14: 5000 | G14: 25 | H14: =F14*G14 -> 125000 | I14: 第一銀行龍潭分行000-00-000000 | J14: 41848 | K14: =H14 -> 125000 | L14: 查106年附民字第108號並無相關交易憑證，爰以本院審核結果為準
A15: 12 | B15: ="235" -> 235 | C15: ="江志賢" -> 江志賢 | D15: 41848 | E15: 現金 | F15: 1000 | G15: 25 | H15: =F15*G15 -> 25000 | I15: 第一銀行龍潭分行000-00-000000 | J15: 41848 | K15: =H15 -> 25000
A16: 13 | B16: ="363" -> 363 | C16: ="李渝倬" -> 李渝倬 | D16: 41848 | E16: 現金 | F16: 2000 | G16: 25 | H16: =F16*G16 -> 50000 | I16: 第一銀行龍潭分行000-00-000000 | J16: 41848 | K16: =H16 -> 50000
A17: 14 | B17: ="67" -> 67 | C17: ="黃麗娟" -> 黃麗娟 | D17: 41848 | E17: 現金 | F17: 1000 | G17: 25 | H17: =F17*G17 -> 25000 | I17: 第一銀行龍潭分行000-00-000000 | J17: 41848 | K17: =H17 -> 25000
A18: 15 | B18: ="150" -> 150 | C18: ="劉石振" -> 劉石振 | D18: 41848 | E18: 現金 | F18: 4000 | G18: 25 | H18: =F18*G18 -> 100000 | I18: 第一銀行龍潭分行000-00-000000 | J18: 41848 | K18: =H18 -> 100000 | L18: 103年7月28日匯款單據，E18卷第88頁
A19: 16 | B19: ="107" -> 107 | C19: ="魏哲云" -> 魏哲云 | D19: 41848 | E19: 現金 | F19: 1000 | G19: 25 | H19: =F19*G19 -> 25000 | I19: 第一銀行龍潭分行000-00-000000 | J19: 41848 | K19: =H19 -> 25000 | L19: 第一商業銀行103年7月28日存款存根聯，105年附民字第171號第2頁
A20: 17 | B20: ="48" -> 48 | C20: ="余忠實" -> 余忠實 | D20: 2014/7/28、8/1 | E20: 現金 | F20: 16000 | G20: 25 | H20: =F20*G20 -> 400000 | I20: 第一銀行龍潭分行000-00-000000 | J20: 2014/7/28、8/1 | K20: 400000 | L20: 7/28(1000股)
I21: 第一銀行龍潭分行000-00-000000 | L21: 8/1(5000股)
I22: 第一銀行龍潭分行000-00-000000 | L22: 8/7(10000股)
A23: 18 | B23: ="227" -> 227 | C23: ="郭鳳晴" -> 郭鳳晴 | D23: 41848 | E23: 現金 | F23: 2000 | G23: 25 | H23: =F23*G23 -> 50000 | I23: 第一銀行龍潭分行000-00-000000 | J23: 41848 | K23: =H23 -> 50000
A24: 19 | B24: ="315" -> 315 | C24: =" 陳姷女勻" -> 陳姷女勻 | D24: 41849 | E24: 現金 | F24: 5000 | G24: 25 | H24: =F24*G24 -> 125000 | I24: 第一銀行龍潭分行000-00-000000 | J24: 41849 | K24: =H24 -> 125000
A25: 20 | B25: ="196" -> 196 | C25: ="何彩綢" -> 何彩綢 | D25: 41849 | E25: 現金 | F25: 3000 | G25: 25 | H25: =F25*G25 -> 75000 | I25: 第一銀行龍潭分行000-00-000000 | J25: 41849 | K25: =H25 -> 75000
A26: 21 | B26: ="409" -> 409 | C26: ="劉素芬" -> 劉素芬 | D26: 41849 | E26: 現金 | F26: 10000 | G26: 25 | H26: =F26*G26 -> 250000 | I26: 第一銀行龍潭分行000-00-000000 | J26: 41849 | K26: =H26 -> 250000
A27: 22 | B27: ="164" -> 164 | C27: ="吳劉素琴" -> 吳劉素琴 | D27: 41849 | E27: 現金 | F27: 10000 | G27: 25 | H27: =F27*G27 -> 250000 | I27: 第一銀行龍潭分行000-00-000000 | J27: 41849 | K27: =H27 -> 250000
A28: 23 | B28: ="395" -> 395 | C28: ="陳沅池" -> 陳沅池 | D28: 41849 | E28: 現金 | F28: 3000 | G28: 25 | H28: =F28*G28 -> 75000 | I28: 第一銀行龍潭分行000-00-000000 | J28: 41849 | K28: =H28 -> 75000
A29: 24 | B29: ="314" -> 314 | C29: ="謝秋琴" -> 謝秋琴 | D29: 41849 | E29: 現金 | F29: 3000 | G29: 25 | H29: =F29*G29 -> 75000 | I29: 第一銀行龍潭分行000-00-000000 | J29: 41849 | K29: =H29 -> 75000
A30: 25 | B30: ="148" -> 148 | C30: ="陳萍實" -> 陳萍實 | D30: 41849 | E30: 現金 | F30: 10000 | G30: 25 | H30: =F30*G30 -> 250000 | I30: 第一銀行龍潭分行000-00-000000 | J30: 41849 | K30: =H30 -> 250000
A31: 26 | B31: ="310" -> 310 | C31: ="鍾毓珊" -> 鍾毓珊 | D31: 41849 | E31: 現金 | F31: 2000 | G31: 25 | H31: =F31*G31 -> 50000 | I31: 第一銀行龍潭分行000-00-000000 | J31: 41849 | K31: =H31 -> 50000
A32: 27 | B32: ="255" -> 255 | C32: ="陳鄧秀讓" -> 陳鄧秀讓 | D32: 41849 | E32: 現金 | F32: 10000 | G32: 25 | H32: =F32*G32 -> 250000 | I32: 第一銀行龍潭分行000-00-000000 | J32: 41849 | K32: =H32 -> 250000
A33: 28 | B33: ="300" -> 300 | C33: ="楊進義" -> 楊進義 | D33: 41849 | E33: 現金 | F33: 5000 | G33: 25 | H33: =F33*G33 -> 125000 | I33: 第一銀行龍潭分行000-00-000000 | J33: 41849 | K33: =H33 -> 125000
A34: 29 | B34: ="42" -> 42 | C34: ="羅家炎" -> 羅家炎 | D34: 41849 | E34: 現金 | F34: 20000 | G34: 25 | H34: =F34*G34 -> 500000 | I34: 第一銀行龍潭分行000-00-000000 | J34: 41849 | K34: =H34 -> 500000
A35: 30 | B35: ="377" -> 377 | C35: ="莊美琪" -> 莊美琪 | D35: 41849 | E35: 現金 | F35: 4000 | G35: 25 | H35: =F35*G35 -> 100000 | I35: 第一銀行龍潭分行000-00-000000 | J35: 41849 | K35: =H35 -> 100000
A36: 31 | B36: ="240" -> 240 | C36: ="黃賓" -> 黃賓 | D36: 41849 | E36: 現金 | F36: 2000 | G36: 25 | H36: =F36*G36 -> 50000 | I36: 第一銀行龍潭分行000-00-000000 | J36: 41849 | K36: =H36 -> 50000
A37: 32 | B37: ="201" -> 201 | C37: ="湯美珍" -> 湯美珍 | D37: 41849 | E37: 現金 | F37: 1000 | G37: 25 | H37: =F37*G37 -> 25000 | I37: 第一銀行龍潭分行000-00-000000 | J37: 41849 | K37: =H37 -> 25000 | L37: 第一商業銀行103年7月29日存款存根聯，E22卷第129頁
A38: 33 | B38: ="341" -> 341 | C38: ="何正民" -> 何正民 | D38: 41849 | E38: 現金 | F38: 5000 | G38: 25 | H38: =F38*G38 -> 125000 | I38: 第一銀行龍潭分行000-00-000000 | J38: 41849 | K38: =H38 -> 125000
A39: 34 | B39: ="12" -> 12 | C39: ="曾榮鑾" -> 曾榮鑾 | D39: 41849 | E39: 現金 | F39: 2000 | G39: 25 | H39: =F39*G39 -> 50000 | I39: 第一銀行龍潭分行000-00-000000 | J39: 41849 | K39: =H39 -> 50000
A40: 35 | B40: ="261" -> 261 | C40: ="郭德茂" -> 郭德茂 | D40: 41849 | E40: 現金 | F40: 1000 | G40: 25 | H40: =F40*G40 -> 25000 | I40: 第一銀行龍潭分行000-00-000000 | J40: 41849 | K40: =H40 -> 25000
A41: 36 | B41: ="161" -> 161 | C41: ="陳坤禮" -> 陳坤禮 | D41: 41849 | E41: 現金 | F41: 3000 | G41: 25 | H41: =F41*G41 -> 75000 | I41: 第一銀行龍潭分行000-00-000000 | J41: 41849 | K41: =H41 -> 75000
A42: 37 | B42: ="305" -> 305 | C42: ="邱綉珍" -> 邱綉珍 | D42: 41849 | E42: 現金 | F42: 7000 | G42: 25 | H42: =F42*G42 -> 175000 | I42: 第一銀行龍潭分行000-00-000000 | J42: 41849 | K42: =H42 -> 175000
A43: 38 | B43: ="66" -> 66 | C43: ="陳沁琇" -> 陳沁琇 | D43: 41850 | E43: 現金 | F43: 5000 | G43: 25 | H43: =F43*G43 -> 125000 | I43: 第一銀行龍潭分行000-00-000000 | J43: 41850 | K43: =H43 -> 125000
A44: 39 | B44: ="103" -> 103 | C44: ="鄭彩惠" -> 鄭彩惠 | D44: 41850 | E44: 現金 | F44: 1000 | G44: 25 | H44: =F44*G44 -> 25000 | I44: 第一銀行龍潭分行000-00-000000 | J44: 41850 | K44: =H44 -> 25000
A45: 40 | B45: ="69" -> 69 | C45: ="林安安" -> 林安安 | D45: 41850 | E45: 現金 | F45: 5000 | G45: 25 | H45: =F45*G45 -> 125000 | I45: 第一銀行龍潭分行000-00-000000 | J45: 41850 | K45: =H45 -> 125000
A46: 41 | B46: ="197" -> 197 | C46: ="蔡妤炘" -> 蔡妤炘 | D46: 41850 | E46: 現金 | F46: 5000 | G46: 25 | H46: =F46*G46 -> 125000 | I46: 第一銀行龍潭分行000-00-000000 | J46: 41850 | K46: =H46 -> 125000
A47: 42 | B47: ="198" -> 198 | C47: ="徐正民" -> 徐正民 | D47: 41850 | E47: 現金 | F47: 1000 | G47: 25 | H47: =F47*G47 -> 25000 | I47: 第一銀行龍潭分行000-00-000000 | J47: 41850 | K47: =H47 -> 25000 | L47: 第一商業銀行103年7月30日存款存根聯，105年度附民字第270號第6頁
A48: 43 | B48: ="401" -> 401 | C48: ="駱明貴" -> 駱明貴 | D48: 41850 | E48: 現金 | F48: 5000 | G48: 25 | H48: =F48*G48 -> 125000 | I48: 第一銀行龍潭分行000-00-000000 | J48: 41850 | K48: =H48 -> 125000
A49: 44 | B49: ="188" -> 188 | C49: ="吳銘展" -> 吳銘展 | D49: 41850 | E49: 現金 | F49: 10000 | G49: 25 | H49: =F49*G49 -> 250000 | I49: 第一銀行龍潭分行000-00-000000 | J49: 41850 | K49: =H49 -> 250000
A50: 45 | B50: ="47" -> 47 | C50: ="蘇介亮" -> 蘇介亮 | D50: 41850 | E50: 現金 | F50: 5000 | G50: 25 | H50: =F50*G50 -> 125000 | I50: 第一銀行龍潭分行000-00-000000 | J50: 41850 | K50: =H50 -> 125000
A51: 46 | B51: ="26" -> 26 | C51: ="邱永鎮" -> 邱永鎮 | D51: 41850 | E51: 現金 | F51: 6000 | G51: 25 | H51: =F51*G51 -> 150000 | I51: 第一銀行龍潭分行000-00-000000 | J51: 41850 | K51: =H51 -> 150000
A52: 47 | B52: ="288" -> 288 | C52: ="王素如" -> 王素如 | D52: 41850 | E52: 現金 | F52: 5000 | G52: 25 | H52: =F52*G52 -> 125000 | I52: 第一銀行龍潭分行000-00-000000 | J52: 41850 | K52: =H52 -> 125000 | L52: 第一銀行103年7月30日匯款通知單，105年度附民字第210號第6頁
A53: 48 | B53: ="306" -> 306 | C53: ="陳綠蒂" -> 陳綠蒂 | D53: 41850 | E53: 現金 | F53: 3000 | G53: 25 | H53: =F53*G53 -> 75000 | I53: 第一銀行龍潭分行000-00-000000 | J53: 41850 | K53: =H53 -> 75000
A54: 49 | B54: ="92" -> 92 | C54: ="邱碧芬" -> 邱碧芬 | D54: 41850 | E54: 現金 | F54: 6000 | G54: 25 | H54: =F54*G54 -> 150000 | I54: 第一銀行龍潭分行000-00-000000 | J54: 41850 | K54: =H54 -> 150000 | L54: 詳第一商業銀行103年7月30日存款存根聯，106年附民字第81號第12頁
A55: 50 | B55: ="38" -> 38 | C55: ="林智瑝" -> 林智瑝 | D55: 41851 | E55: 現金 | F55: 4000 | G55: 25 | H55: =F55*G55 -> 100000 | I55: 第一銀行龍潭分行000-00-000000 | J55: 41851 | K55: =H55 -> 100000
A56: 51 | B56: ="55" -> 55 | C56: ="鍾國文" -> 鍾國文 | D56: 41851 | E56: 現金 | F56: 5000 | G56: 25 | H56: =F56*G56 -> 125000 | I56: 第一銀行龍潭分行000-00-000000 | J56: 41851 | K56: =H56 -> 125000
A57: 52 | B57: ="298" -> 298 | C57: ="簡仁平" -> 簡仁平 | D57: 41851 | E57: 現金 | F57: 1000 | G57: 25 | H57: =F57*G57 -> 25000 | I57: 第一銀行龍潭分行000-00-000000 | J57: 41851 | K57: =H57 -> 25000
A58: 53 | B58: ="246" -> 246 | C58: ="施華龍" -> 施華龍 | D58: 41851 | E58: 現金 | F58: 6000 | G58: 25 | H58: =F58*G58 -> 150000 | I58: 第一銀行龍潭分行000-00-000000 | J58: 41851 | K58: =H58 -> 150000
A59: 54 | B59: ="319" -> 319 | C59: ="羅羽孜" -> 羅羽孜 | D59: 41851 | E59: 現金 | F59: 8000 | G59: 25 | H59: =F59*G59 -> 200000 | I59: 第一銀行龍潭分行000-00-000000 | J59: 41851 | K59: =H59 -> 200000
A60: 55 | B60: ="292" -> 292 | C60: ="游閔暉" -> 游閔暉 | D60: 41851 | E60: 現金 | F60: 2000 | G60: 25 | H60: =F60*G60 -> 50000 | I60: 第一銀行龍潭分行000-00-000000 | J60: 41851 | K60: =H60 -> 50000
A61: 56 | B61: ="333" -> 333 | C61: ="洪育德" -> 洪育德 | D61: 41851 | E61: 現金 | F61: 5000 | G61: 25 | H61: =F61*G61 -> 125000 | I61: 第一銀行龍潭分行000-00-000000 | J61: 41851 | K61: =H61 -> 125000
A62: 57 | B62: ="241" -> 241 | C62: ="陳秀春" -> 陳秀春 | D62: 41851 | E62: 現金 | F62: 2000 | G62: 25 | H62: =F62*G62 -> 50000 | I62: 第一銀行龍潭分行000-00-000000 | J62: 41851 | K62: =H62 -> 50000
A63: 58 | B63: ="320" -> 320 | C63: ="王俊隆" -> 王俊隆 | D63: 41852 | E63: 現金 | F63: 4000 | G63: 25 | H63: =F63*G63 -> 100000 | I63: 第一銀行龍潭分行000-00-000000 | J63: 41852 | K63: =H63 -> 100000
A64: 59 | B64: ="355" -> 355 | C64: ="曾春明" -> 曾春明 | D64: 41852 | E64: 現金 | F64: 5000 | G64: 25 | H64: =F64*G64 -> 125000 | I64: 第一銀行龍潭分行000-00-000000 | J64: 41852 | K64: =H64 -> 125000
A65: 60 | B65: ="75" -> 75 | C65: ="李安興" -> 李安興 | D65: 41852 | E65: 現金 | F65: 3000 | G65: 25 | H65: =F65*G65 -> 75000 | I65: 第一銀行龍潭分行000-00-000000 | J65: 41852 | K65: =H65 -> 75000
A66: 61 | B66: ="81" -> 81 | C66: ="蘇碧玉" -> 蘇碧玉 | D66: 41852 | E66: 現金 | F66: 1000 | G66: 25 | H66: =F66*G66 -> 25000 | I66: 第一銀行龍潭分行000-00-000000 | J66: 41852 | K66: =H66 -> 25000
A67: 62 | B67: ="322" -> 322 | C67: ="林宏軒" -> 林宏軒 | D67: 41852 | E67: 現金 | F67: 2000 | G67: 25 | H67: =F67*G67 -> 50000 | I67: 第一銀行龍潭分行000-00-000000 | J67: 41852 | K67: =H67 -> 50000
A68: 63 | B68: ="323" -> 323 | C68: ="林佳蒨" -> 林佳蒨 | D68: 41852 | E68: 現金 | F68: 2000 | G68: 25 | H68: =F68*G68 -> 50000 | I68: 第一銀行龍潭分行000-00-000000 | J68: 41852 | K68: =H68 -> 50000
A69: 64 | B69: ="326" -> 326 | C69: ="潘梅桂" -> 潘梅桂 | D69: 41852 | E69: 現金 | F69: 6000 | G69: 25 | H69: =F69*G69 -> 150000 | I69: 第一銀行龍潭分行000-00-000000 | J69: 41852 | K69: =H69 -> 150000
A70: 65 | B70: ="282" -> 282 | C70: ="林齊瑞" -> 林齊瑞 | D70: 41852 | E70: 現金 | F70: 20000 | G70: 25 | H70: =F70*G70 -> 500000 | I70: 第一銀行龍潭分行000-00-000000 | J70: 41852 | K70: =H70 -> 500000
A71: 66 | B71: ="64" -> 64 | C71: ="黃治元" -> 黃治元 | D71: 41852 | E71: 現金 | F71: 6000 | G71: 25 | H71: =F71*G71 -> 150000 | I71: 第一銀行龍潭分行000-00-000000 | J71: 41852 | K71: =H71 -> 150000
A72: 67 | B72: ="346" -> 346 | C72: ="劉姿君" -> 劉姿君 | D72: 41852 | E72: 現金 | F72: 4000 | G72: 25 | H72: =F72*G72 -> 100000 | I72: 第一銀行龍潭分行000-00-000000 | J72: 41852 | K72: =H72 -> 100000
A73: 68 | B73: ="275" -> 275 | C73: ="王翔藝" -> 王翔藝 | D73: 41852 | E73: 現金 | F73: 4000 | G73: 25 | H73: =F73*G73 -> 100000 | I73: 第一銀行龍潭分行000-00-000000 | J73: 41852 | K73: =H73 -> 100000
A74: 69 | B74: ="125" -> 125 | C74: ="廖森雲" -> 廖森雲 | D74: 41852 | E74: 現金 | F74: 1000 | G74: 25 | H74: =F74*G74 -> 25000 | I74: 第一銀行龍潭分行000-00-000000 | J74: 41852 | K74: =H74 -> 25000
A75: 70 | B75: ="31" -> 31 | C75: ="陳啟瀚" -> 陳啟瀚 | D75: 41852 | E75: 現金 | F75: 4000 | G75: 25 | H75: =F75*G75 -> 100000 | I75: 第一銀行龍潭分行000-00-000000 | J75: 41852 | K75: =H75 -> 100000
A76: 71 | B76: ="263" -> 263 | C76: ="紀若凡" -> 紀若凡 | D76: 41852 | E76: 現金 | F76: 2000 | G76: 25 | H76: =F76*G76 -> 50000 | I76: 第一銀行龍潭分行000-00-000000 | J76: 41852 | K76: =H76 -> 50000
A77: 72 | B77: ="203" -> 203 | C77: ="李純香" -> 李純香 | D77: 41852 | E77: 現金 | F77: 7000 | G77: 25 | H77: =F77*G77 -> 175000 | I77: 第一銀行龍潭分行000-00-000000 | J77: 41852 | K77: =H77 -> 175000 | L77: 第一商業銀行103年8月1日存款存根聯，E14卷第53頁
A78: 73 | B78: ="286" -> 286 | C78: ="林惠宜" -> 林惠宜 | D78: 41855 | E78: 現金 | F78: 2000 | G78: 25 | H78: =F78*G78 -> 50000 | I78: 第一銀行龍潭分行000-00-000000 | J78: 41855 | K78: =H78 -> 50000
A79: 74 | B79: ="191" -> 191 | C79: ="簡月真" -> 簡月真 | D79: 41855 | E79: 現金 | F79: 5000 | G79: 25 | H79: =F79*G79 -> 125000 | I79: 第一銀行龍潭分行000-00-000000 | J79: 41855 | K79: =H79 -> 125000
A80: 75 | B80: ="287" -> 287 | C80: ="蔡翌純" -> 蔡翌純 | D80: 41855 | E80: 現金 | F80: 2000 | G80: 25 | H80: =F80*G80 -> 50000 | I80: 第一銀行龍潭分行000-00-000000 | J80: 41855 | K80: =H80 -> 50000
A81: 76 | B81: ="386" -> 386 | C81: ="黃桂芬" -> 黃桂芬 | D81: 41855 | E81: 現金 | F81: 2000 | G81: 25 | H81: =F81*G81 -> 50000 | I81: 第一銀行龍潭分行000-00-000000 | J81: 41855 | K81: =H81 -> 50000
A82: 77 | B82: ="205" -> 205 | C82: ="馬幽梅" -> 馬幽梅 | D82: 41855 | E82: 現金 | F82: 2000 | G82: 25 | H82: =F82*G82 -> 50000 | I82: 第一銀行龍潭分行000-00-000000 | J82: 41855 | K82: =H82 -> 50000
A83: 78 | B83: ="357" -> 357 | C83: ="陳藝文" -> 陳藝文 | D83: 41855 | E83: 現金 | F83: 5000 | G83: 25 | H83: =F83*G83 -> 125000 | I83: 第一銀行龍潭分行000-00-000000 | J83: 41855 | K83: =H83 -> 125000
A84: 79 | B84: ="331" -> 331 | C84: ="陳義正" -> 陳義正 | D84: 41855 | E84: 現金 | F84: 5000 | G84: 25 | H84: =F84*G84 -> 125000 | I84: 第一銀行龍潭分行000-00-000000 | J84: 41855 | K84: =H84 -> 125000
A85: 80 | B85: ="173" -> 173 | C85: ="許正典" -> 許正典 | D85: 41855 | E85: 現金 | F85: 3000 | G85: 25 | H85: =F85*G85 -> 75000 | I85: 第一銀行龍潭分行000-00-000000 | J85: 41855 | K85: =H85 -> 75000
A86: 81 | B86: ="74" -> 74 | C86: ="江錦祥" -> 江錦祥 | D86: 41855 | E86: 現金 | F86: 5000 | G86: 25 | H86: =F86*G86 -> 125000 | I86: 第一銀行龍潭分行000-00-000000 | J86: 41855 | K86: =H86 -> 125000
A87: 82 | B87: ="156" -> 156 | C87: ="駱沛婕" -> 駱沛婕 | D87: 41855 | E87: 現金 | F87: 5000 | G87: 25 | H87: =F87*G87 -> 125000 | I87: 第一銀行龍潭分行000-00-000000 | J87: 41855 | K87: =H87 -> 125000
A88: 83 | B88: ="269" -> 269 | C88: ="黃昶芳" -> 黃昶芳 | D88: 41856 | E88: 現金 | F88: 6000 | G88: 25 | H88: =F88*G88 -> 150000 | I88: 第一銀行龍潭分行000-00-000000 | J88: 41856 | K88: =H88 -> 150000
A89: 84 | B89: ="242" -> 242 | C89: ="李梅芬" -> 李梅芬 | D89: 41856 | E89: 現金 | F89: 5000 | G89: 25 | H89: =F89*G89 -> 125000 | I89: 第一銀行龍潭分行000-00-000000 | J89: 41856 | K89: =H89 -> 125000
A90: 85 | B90: ="141" -> 141 | C90: ="羅文峰" -> 羅文峰 | D90: 41856 | E90: 現金 | F90: 10000 | G90: 25 | H90: =F90*G90 -> 250000 | I90: 第一銀行龍潭分行000-00-000000 | J90: 41856 | K90: =H90 -> 250000
A91: 86 | B91: ="208" -> 208 | C91: ="吳沛蒼" -> 吳沛蒼 | D91: 41856 | E91: 現金 | F91: 5000 | G91: 25 | H91: =F91*G91 -> 125000 | I91: 第一銀行龍潭分行000-00-000000 | J91: 41856 | K91: =H91 -> 125000
A92: 87 | B92: ="189" -> 189 | C92: ="劉聰杰" -> 劉聰杰 | D92: 41856 | E92: 現金 | F92: 10000 | G92: 25 | H92: =F92*G92 -> 250000 | I92: 第一銀行龍潭分行000-00-000000 | J92: 41856 | K92: =H92 -> 250000
A93: 88 | B93: ="41" -> 41 | C93: ="鍾美玉" -> 鍾美玉 | D93: 41856 | E93: 現金 | F93: 5000 | G93: 25 | H93: =F93*G93 -> 125000 | I93: 第一銀行龍潭分行000-00-000000 | J93: 41856 | K93: =H93 -> 125000
A94: 89 | B94: ="256" -> 256 | C94: ="陳鈞裕" -> 陳鈞裕 | D94: 41856 | E94: 現金 | F94: 5000 | G94: 25 | H94: =F94*G94 -> 125000 | I94: 第一銀行龍潭分行000-00-000000 | J94: 41856 | K94: =H94 -> 125000 | L94: 第一商業銀行103年8月5日存款存根聯，E16卷第197頁
A95: 90 | B95: ="224" -> 224 | C95: ="陳惠春" -> 陳惠春 | D95: 41856 | E95: 現金 | F95: 4000 | G95: 25 | H95: =F95*G95 -> 100000 | I95: 第一銀行龍潭分行000-00-000000 | J95: 41856 | K95: =H95 -> 100000
A96: 91 | B96: ="225" -> 225 | C96: ="陳淑如" -> 陳淑如 | D96: 41856 | E96: 現金 | F96: 5000 | G96: 25 | H96: =F96*G96 -> 125000 | I96: 第一銀行龍潭分行000-00-000000 | J96: 41856 | K96: =H96 -> 125000
A97: 92 | B97: ="16" -> 16 | C97: ="韓寶玲" -> 韓寶玲 | D97: 41856 | E97: 現金 | F97: 2000 | G97: 25 | H97: =F97*G97 -> 50000 | I97: 第一銀行龍潭分行000-00-000000 | J97: 41856 | K97: =H97 -> 50000 | L97: 詳第一商業銀行103年8月5日存款存根聯，106年度附民字第106號第7頁
A98: 93 | B98: ="368" -> 368 | C98: ="宋愛萍" -> 宋愛萍 | D98: 41856 | E98: 現金 | F98: 2000 | G98: 25 | H98: =F98*G98 -> 50000 | I98: 第一銀行龍潭分行000-00-000000 | J98: 41856 | K98: =H98 -> 50000
A99: 94 | B99: ="104" -> 104 | C99: ="陳良賓" -> 陳良賓 | D99: 41856 | E99: 現金 | F99: 2000 | G99: 25 | H99: =F99*G99 -> 50000 | I99: 第一銀行龍潭分行000-00-000000 | J99: 41856 | K99: =H99 -> 50000
A100: 95 | B100: ="329" -> 329 | C100: ="曾耀慶" -> 曾耀慶 | D100: 41856 | E100: 現金 | F100: 5000 | G100: 25 | H100: =F100*G100 -> 125000 | I100: 第一銀行龍潭分行000-00-000000 | J100: 41856 | K100: =H100 -> 125000
...

Sheet 附表二
A1: 附表二：「羅栩亮出售兆良公司股票予王子源等6人明細表」（註1）
A2: 編號 | B2: 出賣人 | C2: 投資人 | D2: 成交日期 | E2: 成交股數 | F2: 成交單價 | G2: 成交總價
A3: 1 | B3: 羅栩亮 | C3: 王子源 | D3: 103/08/29 | E3: 100000 | F3: 10.2 | G3: 1020000
A4: 2 | B4: 羅栩亮 | C4: 鍾坤宏 | D4: 103/08/29 | E4: 30000 | F4: 10.2 | G4: 306000
A5: 3 | B5: 羅栩亮 | C5: 王芊富 | D5: 103/08/29 | E5: 80000 | F5: 10.2 | G5: 816000
A6: 4 | B6: 羅栩亮 | C6: 王秀珠 | D6: 103/08/29 | E6: 80000 | F6: 10.2 | G6: 816000
A7: 5 | B7: 羅栩亮 | C7: 林秝羽 | D7: 103/08/29 | E7: 100000 | F7: 10.2 | G7: 1020000
A8: 6 | B8: 羅栩亮 | C8: 王香懿 | D8: 103/08/29 | E8: 10000 | F8: 10.2 | G8: 102000
D9: 合計 | E9: =SUM(E3:E8) -> 400000 | G9: =SUM(G3:G8) -> 4080000
A10: 註1：卷證出處為A43卷第291頁。
A11: 註2：因成交單價僅為每股10.2元，產生之證券交易所得稅甚小，故於計算被告羅栩亮犯罪所得時予以忽略，併此敘明。

Sheet 附表三
A1: 附表三：「羅栩亮、林美雲出售兆良公司股票予黃泳學，黃泳學登記受讓人為王貴儀之明細表」
A2: 編號 | B2: 出賣人 | C2: 投資人 | D2: 成交日期 | E2: 成交股數 | F2: 成交單價 | G2: 成交總價
A3: 1 | B3: 羅栩亮 | C3: 王貴儀 | D3: 103/01/10 | E3: 600000 | F3: 15 | G3: 9000000
A4: 2 | B4: 林美雲 | C4: 王貴儀 | D4: 103/04/03 | E4: 500000 | F4: 15 | G4: 7500000
A5: 3 | B5: 林美雲 | C5: 王貴儀 | D5: 103/05/05 | E5: 500000 | F5: 15 | G5: 7500000
A6: 4 | B6: 林美雲 | C6: 王貴儀 | D6: 103/06/17 | E6: 400000 | F6: 15 | G6: 6000000
A7: 5 | B7: 林美雲 | C7: 王貴儀 | D7: 103/08/22 | E7: 199000 | F7: 15 | G7: 2985000
A8: 6 | B8: 林美雲 | C8: 王貴儀 | D8: 103/08/28 | E8: 1000 | F8: 15 | G8: 15000
A9: 7 | B9: 林美雲 | C9: 王貴儀 | D9: 103/09/12 | E9: 400000 | F9: 15 | G9: 6000000
A10: 8 | B10: 羅栩亮 | C10: 王貴儀 | D10: 103/10/21 | E10: 500000 | F10: 15 | G10: 7500000
A11: 9 | B11: 羅栩亮 | C11: 王貴儀 | D11: 103/11/07 | E11: 300000 | F11: 15 | G11: 4500000
A12: 10 | B12: 羅栩亮 | C12: 王貴儀 | D12: 103/12/17 | E12: 200000 | F12: 15 | G12: 3000000
A13: 11 | B13: 羅栩亮 | C13: 王貴儀 | D13: 103/12/24 | E13: 200000 | F13: 15 | G13: 3000000
A14: 12 | B14: 羅栩亮 | C14: 王貴儀 | D14: 104/01/26 | E14: 30000 | F14: 15 | G14: 450000
D15: 合計 | E15: =SUM(E3:E14) -> 3830000 | G15: =SUM(G3:G14) -> 57450000
A16: 卷證出處：A22卷第4頁、A43卷第292頁

Sheet 附表四 
A1: 附表四：「王貴儀出售兆良公司股票（依對象別）明細表」
A2: 編號 | B2: 出賣人 | C2: 投資人 | D2: 成交日期 | E2: 成交股數 | F2: 成交單價 | G2: 成交總價 | H2: 備註
A3: 1 | B3: 王貴儀 | C3: 孟鼎鈞 | D3: 103/01/22 | E3: 100000 | F3: 23 | G3: 2300000 | H3: 註3
A4: 2 | B4: 王貴儀 | C4: 孟鼎鈞 | D4: 103/02/24 | E4: 100000 | F4: 23 | G4: 2300000 | H4: 註3
A5: 3 | B5: 王貴儀 | C5: 沈花女 | D5: 103/02/25 | E5: 10000 | F5: 23 | G5: 230000
A6: 4 | B6: 王貴儀 | C6: 林明頡 | D6: 103/02/25 | E6: 10000 | F6: 23 | G6: 230000
A7: 5 | B7: 王貴儀 | C7: 王立華 | D7: 103/02/26 | E7: 15000 | F7: 23 | G7: 345000
A8: 6 | B8: 王貴儀 | C8: 孟鼎鈞 | D8: 103/03/04 | E8: 65000 | F8: 23 | G8: 1495000 | H8: 註3
A9: 7 | B9: 王貴儀 | C9: 孟鼎鈞 | D9: 103/03/10 | E9: 100000 | F9: 23 | G9: 2300000 | H9: 註3
A10: 8 | B10: 王貴儀 | C10: 沈花女 | D10: 103/03/17 | E10: 10000 | F10: 23 | G10: 230000
A11: 9 | B11: 王貴儀 | C11: 孟鼎鈞 | D11: 103/03/17 | E11: 90000 | F11: 23 | G11: 2070000 | H11: 註3
A12: 10 | B12: 王貴儀 | C12: 孟鼎鈞 | D12: 103/03/31 | E12: 90000 | F12: 23 | G12: 2070000 | H12: 註3
A13: 11 | B13: 王貴儀 | C13: 王立華 | D13: 103/03/31 | E13: 10000 | F13: 23 | G13: 230000
A14: 12 | B14: 王貴儀 | C14: 沈花女 | D14: 103/04/08 | E14: 10000 | F14: 23 | G14: 230000
A15: 13 | B15: 王貴儀 | C15: 李文揚 | D15: 103/04/08 | E15: 5000 | F15: 23 | G15: 115000
A16: 14 | B16: 王貴儀 | C16: 孟鼎鈞 | D16: 103/04/08 | E16: 35000 | F16: 23 | G16: 805000 | H16: 註3
A17: 15 | B17: 王貴儀 | C17: 王立華 | D17: 103/04/08 | E17: 10000 | F17: 23 | G17: 230000
A18: 16 | B18: 王貴儀 | C18: 林明頡 | D18: 103/04/08 | E18: 10000 | F18: 23 | G18: 230000
A19: 17 | B19: 王貴儀 | C19: 沈花女 | D19: 103/04/09 | E19: 10000 | F19: 23 | G19: 230000
A20: 18 | B20: 王貴儀 | C20: 沈花女 | D20: 103/04/16 | E20: 20000 | F20: 23 | G20: 460000
A21: 19 | B21: 王貴儀 | C21: 孟鼎鈞 | D21: 103/04/16 | E21: 50000 | F21: 23 | G21: 1150000 | H21: 註3
A22: 20 | B22: 王貴儀 | C22: 孟鼎鈞 | D22: 103/04/22 | E22: 50000 | F22: 23 | G22: 1150000 | H22: 註3
A23: 21 | B23: 王貴儀 | C23: 李文揚 | D23: 103/04/23 | E23: 20000 | F23: 23 | G23: 460000
A24: 22 | B24: 王貴儀 | C24: 沈花女 | D24: 103/04/25 | E24: 30000 | F24: 23 | G24: 690000
A25: 23 | B25: 王貴儀 | C25: 李文揚 | D25: 103/04/28 | E25: 2000 | F25: 23 | G25: 46000
A26: 24 | B26: 王貴儀 | C26: 孟鼎鈞 | D26: 103/04/30 | E26: 48000 | F26: 23 | G26: 1104000 | H26: 註3
A27: 25 | B27: 王貴儀 | C27: 孟鼎鈞 | D27: 103/05/08 | E27: 50000 | F27: 23 | G27: 1150000 | H27: 註3
A28: 26 | B28: 王貴儀 | C28: 李文揚 | D28: 103/05/12 | E28: 2000 | F28: 23 | G28: 46000
A29: 27 | B29: 王貴儀 | C29: 孟鼎鈞 | D29: 103/05/13 | E29: 18000 | F29: 23 | G29: 414000 | H29: 註3
A30: 28 | B30: 王貴儀 | C30: 孟鼎鈞 | D30: 103/05/14 | E30: 30000 | F30: 23 | G30: 690000 | H30: 註3
A31: 29 | B31: 王貴儀 | C31: 王立華 | D31: 103/05/15 | E31: 10000 | F31: 23 | G31: 230000
A32: 30 | B32: 王貴儀 | C32: 沈花女 | D32: 103/05/19 | E32: 20000 | F32: 23 | G32: 460000
A33: 31 | B33: 王貴儀 | C33: 孟鼎鈞 | D33: 103/05/19 | E33: 20000 | F33: 23 | G33: 460000 | H33: 註3
A34: 32 | B34: 王貴儀 | C34: 李文揚 | D34: 103/05/20 | E34: 1000 | F34: 23 | G34: 23000
A35: 33 | B35: 王貴儀 | C35: 孟鼎鈞 | D35: 103/05/20 | E35: 49000 | F35: 23 | G35: 1127000 | H35: 註3
A36: 34 | B36: 王貴儀 | C36: 林明頡 | D36: 103/05/22 | E36: 10000 | F36: 23 | G36: 230000
A37: 35 | B37: 王貴儀 | C37: 王乙涵 | D37: 103/05/22 | E37: 50000 | F37: 23 | G37: 1150000 | H37: 註3
A38: 36 | B38: 王貴儀 | C38: 沈花女 | D38: 103/05/23 | E38: 10000 | F38: 23 | G38: 230000
A39: 37 | B39: 王貴儀 | C39: 沈花女 | D39: 103/05/26 | E39: 5000 | F39: 23 | G39: 115000
A40: 38 | B40: 王貴儀 | C40: 王乙涵 | D40: 103/05/26 | E40: 15000 | F40: 23 | G40: 345000 | H40: 註3
A41: 39 | B41: 王貴儀 | C41: 李文揚 | D41: 103/05/27 | E41: 2000 | F41: 23 | G41: 46000
A42: 40 | B42: 王貴儀 | C42: 王乙涵 | D42: 103/05/27 | E42: 8000 | F42: 23 | G42: 184000 | H42: 註3
A43: 41 | B43: 王貴儀 | C43: 沈花女 | D43: 103/05/28 | E43: 10000 | F43: 23 | G43: 230000
A44: 42 | B44: 王貴儀 | C44: 王乙涵 | D44: 103/05/28 | E44: 40000 | F44: 23 | G44: 920000 | H44: 註3
A45: 43 | B45: 王貴儀 | C45: 沈花女 | D45: 103/06/03 | E45: 25000 | F45: 23 | G45: 575000
A46: 44 | B46: 王貴儀 | C46: 王立華 | D46: 103/06/03 | E46: 15000 | F46: 23 | G46: 345000
A47: 45 | B47: 王貴儀 | C47: 林明頡 | D47: 103/06/03 | E47: 10000 | F47: 23 | G47: 230000
A48: 46 | B48: 王貴儀 | C48: 沈花女 | D48: 103/06/05 | E48: 20000 | F48: 23 | G48: 460000
A49: 47 | B49: 王貴儀 | C49: 王立華 | D49: 103/06/06 | E49: 10000 | F49: 23 | G49: 230000
A50: 48 | B50: 王貴儀 | C50: 沈花女 | D50: 103/06/09 | E50: 40000 | F50: 23 | G50: 920000
A51: 49 | B51: 王貴儀 | C51: 王立華 | D51: 103/06/09 | E51: 20000 | F51: 23 | G51: 460000
A52: 50 | B52: 王貴儀 | C52: 王立華 | D52: 103/06/10 | E52: 20000 | F52: 23 | G52: 460000
A53: 51 | B53: 王貴儀 | C53: 沈花女 | D53: 103/06/12 | E53: 75000 | F53: 23 | G53: 1725000
A54: 52 | B54: 王貴儀 | C54: 李文揚 | D54: 103/06/12 | E54: 5000 | F54: 23 | G54: 115000
A55: 53 | B55: 王貴儀 | C55: 沈花女 | D55: 103/06/18 | E55: 50000 | F55: 23 | G55: 1150000
A56: 54 | B56: 王貴儀 | C56: 王立華 | D56: 103/06/18 | E56: 10000 | F56: 23 | G56: 230000
... A118: 116 | B118: 王貴儀 | C118: 劉勝誼 | D118: 103/12/25 | E118: 120000 | F118: 23 | G118: 2760000
B119: 總計（註2） | E119: =SUM(E3:E118) -> 3800000 | G119: =SUM(G3:G118) -> 87400000
A120: 註1： | B120: 卷證出處為A22卷第4至14頁。
A121: 註2： | B121: 黃泳學因兆良公司詐偽犯行實際獲得之金額，詳如理由欄所載。
A122: 註3： | B122: 此各部分係先過戶至「賴國隆」名下，再分別轉讓、過戶給各該投資人，見原審卷六第241至244頁所附光碟資料及本院列印資料1份（本院光碟資料卷第2至17頁）。

Sheet 附表五
A1: 附表五：「朱緯業以沈花女、林明頡名義購入兆良公司股票後，出售予投資人明細表」
A3: 編號 | B3: 出賣人 | C3: 投資人 | D3: 業務 | E3: 成交日期 | F3: 成交股數 | G3: 成交單價 | H3: 成交總價 | I3: 被告備註 | J3: 原審備註 | K3: 本院審核註1 | L3: 卷證依據註1 | M3: 逐筆確認 | N3: 朱緯業犯罪所得 | O3: 黃馨瑩犯罪所得 | P3: 備註 | R3: 附表九編號 | S3: 與附表九重疊 | T3: 爭點 | U3: 被告黃馨瑩承認 | V3: 被告朱緯業承認 | W3: 原證7-33、7-34
A4: 1 | B4: 沈花女 | C4: 余忠實 | E4: 103/03/03 | F4: 1000 | G4: 67 | H4: 67000 | K4: 同原審認定 | N4: 67000 | P4: 註3 | Q4: =IF(N4<>0,"註3",IF(O4<>0,"註4","")) -> 註3 | R4: =INDEX([1]告訴人!$D$15:$F$372,MATCH(C4,[1]告訴人!$F$15:$F$372,0),1) -> #N/A | S4: {=IF(OR(C4=[1]告訴人!$F$15:$F$372),"重疊","")}
A5: 2 | B5: 沈花女 | C5: 黃麗娟 | E5: 103/03/07 | F5: 1000 | G5: 68 | H5: 68000 | K5: 同原審認定 | N5: 68000 | P5: 註3 | Q5: =IF(N5<>0,"註3",IF(O5<>0,"註4","")) -> 註3 | R5: =INDEX([1]告訴人!$D$15:$F$372,MATCH(C5,[1]告訴人!$F$15:$F$372,0),1) -> #N/A | S5: {=IF(OR(C5=[1]告訴人!$F$15:$F$372),"重疊","")}
A6: 3 | B6: 沈花女 | C6: 王湄雙 | E6: 103/03/10 | F6: 2000 | G6: 69 | H6: 138000 | K6: 同原審認定 | N6: 138000 | P6: 註3 | Q6: =IF(N6<>0,"註3",IF(O6<>0,"註4","")) -> 註3 | R6: =INDEX([1]告訴人!$D$15:$F$372,MATCH(C6,[1]告訴人!$F$15:$F$372,0),1) -> #N/A | S6: {=IF(OR(C6=[1]告訴人!$F$15:$F$372),"重疊","")}
A7: 4 | B7: 沈花女 | C7: 蘇碧玉 | E7: 103/03/12 | F7: 1000 | G7: 69 | H7: 69000 | K7: 同原審認定 | N7: 69000 | P7: 註3 | Q7: =IF(N7<>0,"註3",IF(O7<>0,"註4","")) -> 註3 | R7: =INDEX([1]告訴人!$D$15:$F$372,MATCH(C7,[1]告訴人!$F$15:$F$372,0),1) -> #N/A | S7: {=IF(OR(C7=[1]告訴人!$F$15:$F$372),"重疊","")}
A8: 5 | B8: 沈花女 | C8: 林文香 | E8: 103/03/13 | F8: 2000 | G8: 67 | H8: 134000 | I8: （註3） | J8: （註3） | K8: 本件聯絡窗口為聯寶財經員工黃秋華，亦無相關資金帳戶可供查證，應與被告黃馨瑩無涉；復此筆交易業經被告朱緯業承認為其所販售 | L8: 本院前審卷四第191頁、卷五第357頁 | M8: OK | N8: 134000 | P8: 註3 | Q8: =IF(N8<>0,"註3",IF(O8<>0,"註4","")) -> 註3 | R8: =INDEX([1]告訴人!$D$15:$F$372,MATCH(C8,[1]告訴人!$F$15:$F$372,0),1) -> 91 | S8: {=IF(OR(C8=[1]告訴人!$F$15:$F$372),"重疊","")} -> 重疊 | T8: 1 | V8: 1
A9: 6 | B9: 沈花女 | C9: 施鍀岷 | E9: 103/03/14 | F9: 2000 | G9: 69 | H9: 138000 | K9: 同原審認定 | N9: 138000 | P9: 註3 | Q9: =IF(N9<>0,"註3",IF(O9<>0,"註4","")) -> 註3 | R9: =INDEX([1]告訴人!$D$15:$F$372,MATCH(C9,[1]告訴人!$F$15:$F$372,0),1) -> #N/A | S9: {=IF(OR(C9=[1]告訴人!$F$15:$F$372),"重疊","")}
A10: 7 | B10: 沈花女 | C10: 王伯峰 | E10: 103/03/17 | F10: 1000 | G10: 67 | H10: 67000 | K10: 同原審認定 | N10: 67000 | P10: 註3 | Q10: =IF(N10<>0,"註3",IF(O10<>0,"註4","")) -> 註3 | R10: =INDEX([1]告訴人!$D$15:$F$372,MATCH(C10,[1]告訴人!$F$15:$F$372,0),1) -> #N/A | S10: {=IF(OR(C10=[1]告訴人!$F$15:$F$372),"重疊","")}
A11: 8 | B11: 沈花女 | C11: 邱碧芬 | E11: 103/03/17 | F11: 3000 | G11: 67 | H11: 201000 | I11: （註3） | J11: （註3） | K11: 本件聯絡窗口為聯寶財經員工黃秋華，亦無相關資金帳戶可供查證，應與被告黃馨瑩無涉；復此筆交易業經被告朱緯業承認為其所販售 | L11: E20第81頁、本院前審卷四第171頁、卷五第357頁 | M11: OK | N11: 201000 | P11: 註3 | Q11: =IF(N11<>0,"註3",IF(O11<>0,"註4","")) -> 註3 | R11: =INDEX([1]告訴人!$D$15:$F$372,MATCH(C11,[1]告訴人!$F$15:$F$372,0),1) -> 70 | S11: {=IF(OR(C11=[1]告訴人!$F$15:$F$372),"重疊","")} -> 重疊 | T11: 1 | V11: 1
A12: 9 | B12: 沈花女 | C12: 廖坤立 | E12: 103/03/17 | F12: 3000 | G12: 67 | H12: 201000 | K12: 同原審認定 | N12: 201000 | P12: 註3 | Q12: =IF(N12<>0,"註3",IF(O12<>0,"註4","")) -> 註3 | R12: =INDEX([1]告訴人!$D$15:$F$372,MATCH(C12,[1]告訴人!$F$15:$F$372,0),1) -> #N/A | S12: {=IF(OR(C12=[1]告訴人!$F$15:$F$372),"重疊","")}
A13: 10 | B13: 林明頡 | C13: 莊永隆 | E13: 103/03/27 | F13: 2000 | G13: 67 | H13: 134000 | K13: 同原審認定 | N13: 134000 | P13: 註3 | Q13: =IF(N13<>0,"註3",IF(O13<>0,"註4","")) -> 註3 | R13: =INDEX([1]告訴人!$D$15:$F$372,MATCH(C13,[1]告訴人!$F$15:$F$372,0),1) -> #N/A | S13: {=IF(OR(C13=[1]告訴人!$F$15:$F$372),"重疊","")}
A14: 11 | B14: 沈花女 | C14: 邱碧芬 | E14: 103/03/31 | F14: 3000 | G14: 67 | H14: 201000 | I14: （註3） | J14: （註3） | K14: 本件聯絡窗口為聯寶財經員工黃秋華，亦無相關資金帳戶可供查證，應與被告黃馨瑩無涉；復此筆交易業經被告朱緯業承認為其所販售 | L14: E20第81頁、本院前審卷四第171頁、104偵18394卷第12頁、104偵18394卷第20頁 | M14: OK | N14: 201000 | P14: 註3 | Q14: =IF(N14<>0,"註3",IF(O14<>0,"註4","")) -> 註3 | R14: =INDEX([1]告訴人!$D$15:$F$372,MATCH(C14,[1]告訴人!$F$15:$F$372,0),1) -> 70 | S14: {=IF(OR(C14=[1]告訴人!$F$15:$F$372),"重疊","")} -> 重疊 | T14: 1 | V14: 1
A15: 12 | B15: 林明頡 | C15: 劉石振 | E15: 103/04/03 | F15: 1000 | G15: 38 | H15: 38000 | I15: （註3） | J15: （註3） | K15: 本件聯絡窗口為京旺財經員工楊丹妮，匯款帳戶係富邦龍山分行、一銀龍潭分行帳戶，均非德睿公司之人頭帳戶，應與被告黃馨瑩無涉；復此筆交易業經被告朱緯業承認該投資人係其客戶 | L15: E18第86、90頁、本院前審卷七第319頁 | M15: OK | N15: 38000 | P15: 註3 | Q15: =IF(N15<>0,"註3",IF(O15<>0,"註4","")) -> 註3 | R15: =INDEX([1]告訴人!$D$15:$F$372,MATCH(C15,[1]告訴人!$F$15:$F$372,0),1) -> 341 | S15: {=IF(OR(C15=[1]告訴人!$F$15:$F$372),"重疊","")} -> 重疊 | T15: 1
A16: 13 | B16: 林明頡 | C16: 張羽寬 | E16: 103/04/03 | F16: 1000 | G16: 67 | H16: 67000 | K16: 同原審認定 | N16: 67000 | P16: 註3 | Q16: =IF(N16<>0,"註3",IF(O16<>0,"註4","")) -> 註3 | R16: =INDEX([1]告訴人!$D$15:$F$372,MATCH(C16,[1]告訴人!$F$15:$F$372,0),1) -> #N/A | S16: {=IF(OR(C16=[1]告訴人!$F$15:$F$372),"重疊","")}
A17: 14 | B17: 林明頡 | C17: 劉石振 | E17: 103/04/03 | F17: 3000 | G17: 67 | H17: 201000 | I17: （註3） | J17: （註3） | K17: 本件聯絡窗口為京旺財經員工楊丹妮，匯款帳戶係富邦龍山分行、一銀龍潭分行帳戶，均非德睿公司之人頭帳戶，應與被告黃馨瑩無涉；復此筆交易業經被告朱緯業承認該投資人為其客戶 | L17: E18第86、89頁、本院前審卷四第491頁，本院前審卷七第319頁 | M17: OK | N17: 201000 | P17: 註3 | Q17: =IF(N17<>0,"註3",IF(O17<>0,"註4","")) -> 註3 | R17: =INDEX([1]告訴人!$D$15:$F$372,MATCH(C17,[1]告訴人!$F$15:$F$372,0),1) -> 341 | S17: {=IF(OR(C17=[1]告訴人!$F$15:$F$372),"重疊","")} -> 重疊 | T17: 1
A18: 15 | B18: 沈花女 | C18: 楊名嶂 | E18: 103/04/07 | F18: 1000 | G18: 68 | H18: 68000 | K18: 同原審認定 | N18: 68000 | P18: 註3 | Q18: =IF(N18<>0,"註3",IF(O18<>0,"註4","")) -> 註3 | R18: =INDEX([1]告訴人!$D$15:$F$372,MATCH(C18,[1]告訴人!$F$15:$F$372,0),1) -> #N/A | S18: {=IF(OR(C18=[1]告訴人!$F$15:$F$372),"重疊","")}
A19: 16 | B19: 沈花女 | C19: 陳文福 | E19: 103/04/08 | F19: 5000 | G19: 67 | H19: 335000 | K19: 同原審認定 | N19: 335000 | P19: 註3 | Q19: =IF(N19<>0,"註3",IF(O19<>0,"註4","")) -> 註3 | R19: =INDEX([1]告訴人!$D$15:$F$372,MATCH(C19,[1]告訴人!$F$15:$F$372,0),1) -> #N/A | S19: {=IF(OR(C19=[1]告訴人!$F$15:$F$372),"重疊","")}
A20: 17 | B20: 林明頡 | C20: 林麗雲 | E20: 103/04/11 | F20: 2000 | G20: 67 | H20: 134000 | I20: （註3） | J20: （註3） | K20: 本件聯絡窗口為京旺財經員工何金芳，亦無相關資金帳戶可供查證，應與被告黃馨瑩無涉；復此筆交易業經被告朱緯業承認該投資人為其客戶 | L20: E14第99、135頁、本院前審卷四第199頁、E14卷第136頁，本院前審卷七第319頁 | M20: OK | N20: 134000 | P20: 註3 | Q20: =IF(N20<>0,"註3",IF(O20<>0,"註4","")) -> 註3 | R20: =INDEX([1]告訴人!$D$15:$F$372,MATCH(C20,[1]告訴人!$F$15:$F$372,0),1) -> 94 | S20: {=IF(OR(C20=[1]告訴人!$F$15:$F$372),"重疊","")} -> 重疊 | T20: 1
A21: 18 | B21: 沈花女 | C21: 米彥彰 | E21: 103/04/11 | F21: 3000 | G21: 67 | H21: 201000 | K21: 同原審認定 | N21: 201000 | P21: 註3 | Q21: =IF(N21<>0,"註3",IF(O21<>0,"註4","")) -> 註3 | R21: =INDEX([1]告訴人!$D$15:$F$372,MATCH(C21,[1]告訴人!$F$15:$F$372,0),1) -> #N/A | S21: {=IF(OR(C21=[1]告訴人!$F$15:$F$372),"重疊","")}
A22: 19 | B22: 沈花女 | C22: 鄭乃銘 | E22: 103/04/11 | F22: 4000 | G22: 67 | H22: 268000 | K22: 同原審認定 | N22: 268000 | P22: 註3 | Q22: =IF(N22<>0,"註3",IF(O22<>0,"註4","")) -> 註3 | R22: =INDEX([1]告訴人!$D$15:$F$372,MATCH(C22,[1]告訴人!$F$15:$F$372,0),1) -> #N/A | S22: {=IF(OR(C22=[1]告訴人!$F$15:$F$372),"重疊","")}
A23: 20 | B23: 沈花女 | C23: 呂浚雄 | E23: 103/04/14 | F23: 4000 | G23: 67 | H23: 268000 | K23: 同原審認定 | N23: 268000 | P23: 註3 | Q23: =IF(N23<>0,"註3",IF(O23<>0,"註4","")) -> 註3 | R23: =INDEX([1]告訴人!$D$15:$F$372,MATCH(C23,[1]告訴人!$F$15:$F$372,0),1) -> #N/A | S23: {=IF(OR(C23=[1]告訴人!$F$15:$F$372),"重疊","")}
A24: 21 | B24: 沈花女 | C24: 林錦裕 | E24: 103/04/16 | F24: 5000 | G24: 67 | H24: 335000 | K24: 同原審認定 | N24: 335000 | P24: 註3 | Q24: =IF(N24<>0,"註3",IF(O24<>0,"註4","")) -> 註3 | R24: =INDEX([1]告訴人!$D$15:$F$372,MATCH(C24,[1]告訴人!$F$15:$F$372,0),1) -> #N/A | S24: {=IF(OR(C24=[1]告訴人!$F$15:$F$372),"重疊","")}
A25: 22 | B25: 沈花女 | C25: 呂浚雄 | E25: 103/04/17 | F25: 9000 | G25: 67 | H25: 603000 | K25: 同原審認定 | N25: 603000 | P25: 註3 | Q25: =IF(N25<>0,"註3",IF(O25<>0,"註4","")) -> 註3 | R25: =INDEX([1]告訴人!$D$15:$F$372,MATCH(C25,[1]告訴人!$F$15:$F$372,0),1) -> #N/A | S25: {=IF(OR(C25=[1]告訴人!$F$15:$F$372),"重疊","")}
A26: 23 | B26: 沈花女 | C26: 馬幽梅 | E26: 103/04/22 | F26: 2000 | G26: 68 | H26: 136000 | K26: 同原審認定 | N26: 136000 | P26: 註3 | Q26: =IF(N26<>0,"註3",IF(O26<>0,"註4","")) -> 註3 | R26: =INDEX([1]告訴人!$D$15:$F$372,MATCH(C26,[1]告訴人!$F$15:$F$372,0),1) -> #N/A | S26: {=IF(OR(C26=[1]告訴人!$F$15:$F$372),"重疊","")}
A27: 24 | B27: 沈花女 | C27: 林薰洲 | E27: 103/04/23 | F27: 4000 | G27: 67 | H27: 268000 | K27: 同原審認定 | N27: 268000 | P27: 註3 | Q27: =IF(N27<>0,"註3",IF(O27<>0,"註4","")) -> 註3 | R27: =INDEX([1]告訴人!$D$15:$F$372,MATCH(C27,[1]告訴人!$F$15:$F$372,0),1) -> #N/A | S27: {=IF(OR(C27=[1]告訴人!$F$15:$F$372),"重疊","")}
A28: 25 | B28: 沈花女 | C28: 黃奕誠 | E28: 103/04/24 | F28: 1000 | G28: 67 | H28: 67000 | K28: 同原審認定 | N28: 67000 | P28: 註3 | Q28: =IF(N28<>0,"註3",IF(O28<>0,"註4","")) -> 註3 | R28: =INDEX([1]告訴人!$D$15:$F$372,MATCH(C28,[1]告訴人!$F$15:$F$372,0),1) -> #N/A | S28: {=IF(OR(C28=[1]告訴人!$F$15:$F$372),"重疊","")}
A29: 26 | B29: 沈花女 | C29: 莊志信 | E29: 103/04/25 | F29: 6000 | G29: 67 | H29: 402000 | K29: 同原審認定 | N29: 402000 | P29: 註3 | Q29: =IF(N29<>0,"註3",IF(O29<>0,"註4","")) -> 註3 | R29: =INDEX([1]告訴人!$D$15:$F$372,MATCH(C29,[1]告訴人!$F$15:$F$372,0),1) -> #N/A | S29: {=IF(OR(C29=[1]告訴人!$F$15:$F$372),"重疊","")}
A30: 27 | B30: 林明頡 | C30: 范士宏 | E30: 103/04/28 | F30: 1000 | G30: 67 | H30: 67000 | K30: 同原審認定 | N30: 67000 | P30: 註3 | Q30: =IF(N30<>0,"註3",IF(O30<>0,"註4","")) -> 註3 | R30: =INDEX([1]告訴人!$D$15:$F$372,MATCH(C30,[1]告訴人!$F$15:$F$372,0),1) -> #N/A | S30: {=IF(OR(C30=[1]告訴人!$F$15:$F$372),"重疊","")}
A31: 28 | B31: 沈花女 | C31: 廖坤立 | E31: 103/05/02 | F31: 2000 | G31: 67 | H31: 134000 | K31: 同原審認定 | N31: 134000 | P31: 註3 | Q31: =IF(N31<>0,"註3",IF(O31<>0,"註4","")) -> 註3 | R31: =INDEX([1]告訴人!$D$15:$F$372,MATCH(C31,[1]告訴人!$F$15:$F$372,0),1) -> #N/A | S31: {=IF(OR(C31=[1]告訴人!$F$15:$F$372),"重疊","")}
A32: 29 | B32: 沈花女 | C32: 李湘淇 | E32: 103/05/14 | F32: 2000 | G32: 67 | H32: 134000 | K32: 同原審認定 | N32: 134000 | P32: 註3 | Q32: =IF(N32<>0,"註3",IF(O32<>0,"註4","")) -> 註3 | R32: =INDEX([1]告訴人!$D$15:$F$372,MATCH(C32,[1]告訴人!$F$15:$F$372,0),1) -> #N/A | S32: {=IF(OR(C32=[1]告訴人!$F$15:$F$372),"重疊","")}
A33: 30 | B33: 沈花女 | C33: 余枝清 | E33: 103/05/16 | F33: 5000 | G33: 67 | H33: 335000 | I33: （註3） 其後於同年6月5日、23日、25日再過戶至投資人蔡魁馗、廖良習、李永澤名下 | J33: （註3） 其後於同年6月5日、23日、25日再過戶至投資人蔡魁馗、廖良習、李永澤名下 | K33: 此筆交易業經被告朱緯業承認為其所販售 | L33: 本院前審卷五第357頁 | M33: OK | N33: 335000 | P33: 註3 | Q33: =IF(N33<>0,"註3",IF(O33<>0,"註4","")) -> 註3 | R33: =INDEX([1]告訴人!$D$15:$F$372,MATCH(C33,[1]告訴人!$F$15:$F$372,0),1) -> #N/A | S33: {=IF(OR(C33=[1]告訴人!$F$15:$F$372),"重疊","")} | T33: 1 | V33: 1
A34: 31 | B34: 林明頡 | C34: 應志偉 | E34: 103/05/19 | F34: 2000 | G34: 67 | H34: 134000 | K34: 同原審認定 | N34: 134000 | P34: 註3 | Q34: =IF(N34<>0,"註3",IF(O34<>0,"註4","")) -> 註3 | R34: =INDEX([1]告訴人!$D$15:$F$372,MATCH(C34,[1]告訴人!$F$15:$F$372,0),1) -> #N/A | S34: {=IF(OR(C34=[1]告訴人!$F$15:$F$372),"重疊","")}
A35: 32 | B35: 沈花女 | C35: 邱子瑜 | E35: 103/05/19 | F35: 10000 | G35: 67 | H35: 670000 | K35: 同原審認定 | N35: 670000 | P35: 註3 | Q35: =IF(N35<>0,"註3",IF(O35<>0,"註4","")) -> 註3 | R35: =INDEX([1]告訴人!$D$15:$F$372,MATCH(C35,[1]告訴人!$F$15:$F$372,0),1) -> #N/A | S35: {=IF(OR(C35=[1]告訴人!$F$15:$F$372),"重疊","")}
A36: 33 | B36: 沈花女 | C36: 邱世宗 | E36: 103/05/19 | F36: 10000 | G36: 67 | H36: 670000 | K36: 同原審認定 | N36: 670000 | P36: 註3 | Q36: =IF(N36<>0,"註3",IF(O36<>0,"註4","")) -> 註3 | R36: =INDEX([1]告訴人!$D$15:$F$372,MATCH(C36,[1]告訴人!$F$15:$F$372,0),1) -> #N/A | S36: {=IF(OR(C36=[1]告訴人!$F$15:$F$372),"重疊","")}
A37: 34 | B37: 沈花女 | C37: 張嘉農 | E37: 103/05/20 | F37: 10000 | G37: 67 | H37: 670000 | K37: 同原審認定 | N37: 670000 | P37: 註3 | Q37: =IF(N37<>0,"註3",IF(O37<>0,"註4","")) -> 註3 | R37: =INDEX([1]告訴人!$D$15:$F$372,MATCH(C37,[1]告訴人!$F$15:$F$372,0),1) -> #N/A | S37: {=IF(OR(C37=[1]告訴人!$F$15:$F$372),"重疊","")}
A38: 35 | B38: 林明頡 | C38: 林慶華 | E38: 103/05/21 | F38: 3000 | G38: 67 | H38: 201000 | K38: 同原審認定 | N38: 201000 | P38: 註3 | Q38: =IF(N38<>0,"註3",IF(O38<>0,"註4","")) -> 註3 | R38: =INDEX([1]告訴人!$D$15:$F$372,MATCH(C38,[1]告訴人!$F$15:$F$372,0),1) -> #N/A | S38: {=IF(OR(C38=[1]告訴人!$F$15:$F$372),"重疊","")}
A39: 36 | B39: 林明頡 | C39: 朱秋金 | E39: 103/05/21 | F39: 2000 | G39: 67 | H39: 134000 | K39: 同原審認定 | N39: 134000 | P39: 註3 | Q39: =IF(N39<>0,"註3",IF(O39<>0,"註4","")) -> 註3 | R39: =INDEX([1]告訴人!$D$15:$F$372,MATCH(C39,[1]告訴人!$F$15:$F$372,0),1) -> #N/A | S39: {=IF(OR(C39=[1]告訴人!$F$15:$F$372),"重疊","")}
A40: 37 | B40: 沈花女 | C40: 王素如 | D40: 湯美珠 | E40: 103/05/22 | F40: 5000 | G40: 67 | H40: 335000 | K40: 同原審認定 | L40: 104他6878卷第34頁、104偵18394卷第12反 | N40: 335000 | P40: 註3 | Q40: =IF(N40<>0,"註3",IF(O40<>0,"註4","")) -> 註3 | R40: =INDEX([1]告訴人!$D$15:$F$372,MATCH(C40,[1]告訴人!$F$15:$F$372,0),1) -> 352 | S40: {=IF(OR(C40=[1]告訴人!$F$15:$F$372),"重疊","")} -> 重疊
A41: 38 | B41: 林明頡 | C41: 林清裕 | E41: 103/05/22 | F41: 2000 | G41: 67 | H41: 134000 | K41: 同原審認定 | N41: 134000 | P41: 註3 | Q41: =IF(N41<>0,"註3",IF(O41<>0,"註4","")) -> 註3 | R41: =INDEX([1]告訴人!$D$15:$F$372,MATCH(C41,[1]告訴人!$F$15:$F$372,0),1) -> #N/A | S41: {=IF(OR(C41=[1]告訴人!$F$15:$F$372),"重疊","")}
A42: 39 | B42: 沈花女 | C42: 楊進義 | E42: 103/05/26 | F42: 5000 | G42: 67 | H42: 335000 | K42: 同原審認定 | N42: 335000 | P42: 註3 | Q42: =IF(N42<>0,"註3",IF(O42<>0,"註4","")) -> 註3 | R42: =INDEX([1]告訴人!$D$15:$F$372,MATCH(C42,[1]告訴人!$F$15:$F$372,0),1) -> #N/A | S42: {=IF(OR(C42=[1]告訴人!$F$15:$F$372),"重疊","")}
A43: 40 | B43: 沈花女 | C43: 張嘉農 | E43: 103/05/27 | F43: 10000 | G43: 67 | H43: 670000 | K43: 同原審認定 | N43: 670000 | P43: 註3 | Q43: =IF(N43<>0,"註3",IF(O43<>0,"註4","")) -> 註3 | R43: =INDEX([1]告訴人!$D$15:$F$372,MATCH(C43,[1]告訴人!$F$15:$F$372,0),1) -> #N/A | S43: {=IF(OR(C43=[1]告訴人!$F$15:$F$372),"重疊","")}
A44: 41 | B44: 沈花女 | C44: 邱世宗 | E44: 103/05/28 | F44: 10000 | G44: 67 | H44: 670000 | K44: 同原審認定 | N44: 670000 | P44: 註3 | Q44: =IF(N44<>0,"註3",IF(O44<>0,"註4","")) -> 註3 | R44: =INDEX([1]告訴人!$D$15:$F$372,MATCH(C44,[1]告訴人!$F$15:$F$372,0),1) -> #N/A | S44: {=IF(OR(C44=[1]告訴人!$F$15:$F$372),"重疊","")}
A45: 42 | B45: 林明頡 | C45: 許健國 | E45: 103/05/29 | F45: 8000 | G45: 67 | H45: 536000 | K45: 同原審認定 | N45: 536000 | P45: 註3 | Q45: =IF(N45<>0,"註3",IF(O45<>0,"註4","")) -> 註3 | R45: =INDEX([1]告訴人!$D$15:$F$372,MATCH(C45,[1]告訴人!$F$15:$F$372,0),1) -> #N/A | S45: {=IF(OR(C45=[1]告訴人!$F$15:$F$372),"重疊","")}
A46: 43 | B46: 沈花女 | C46: 林宏軒 | E46: 103/06/03 | F46: 2000 | G46: 67 | H46: 134000 | I46: （註3） | J46: （註3） | K46: - | M46: OK | Q46: =IF(N46<>0,"註3",IF(O46<>0,"註4","")) | R46: =INDEX([1]告訴人!$D$15:$F$372,MATCH(C46,[1]告訴人!$F$15:$F$372,0),1) -> 78 | S46: {=IF(OR(C46=[1]告訴人!$F$15:$F$372),"重疊","")} -> 重疊 | T46: 1
A47: 44 | B47: 沈花女 | C47: 林佳蒨 | E47: 103/06/03 | F47: 2000 | G47: 67 | H47: 134000 | I47: （註3） | J47: （註3） | K47: - | M47: OK | Q47: =IF(N47<>0,"註3",IF(O47<>0,"註4","")) | R47: =INDEX([1]告訴人!$D$15:$F$372,MATCH(C47,[1]告訴人!$F$15:$F$372,0),1) -> 77 | S47: {=IF(OR(C47=[1]告訴人!$F$15:$F$372),"重疊","")} -> 重疊 | T47: 1
A48: 45 | B48: 沈花女 | C48: 林齊瑞 | E48: 103/06/03 | F48: 10000 | G48: 67 | H48: 670000 | K48: 同原審認定 | N48: 670000 | P48: 註3 | Q48: =IF(N48<>0,"註3",IF(O48<>0,"註4","")) -> 註3 | R48: =INDEX([1]告訴人!$D$15:$F$372,MATCH(C48,[1]告訴人!$F$15:$F$372,0),1) -> 76 | S48: {=IF(OR(C48=[1]告訴人!$F$15:$F$372),"重疊","")} -> 重疊
A49: 46 | B49: 沈花女 | C49: 陳金瑤 | D49: 詹雅萍（B3卷第21反頁） | E49: 103/06/03 | F49: 7000 | G49: 67 | H49: 469000 | I49: （註2） | J49: （註2） | K49: 同原審認定，被告黃馨瑩亦不爭執 | L49: 本院前審卷四第19頁 | M49: OK | O49: 469000 | P49: 註2、註4 | Q49: =IF(N49<>0,"註3",IF(O49<>0,"註4","")) -> 註4 | R49: =INDEX([1]告訴人!$D$15:$F$372,MATCH(C49,[1]告訴人!$F$15:$F$372,0),1) -> 202 | S49: {=IF(OR(C49=[1]告訴人!$F$15:$F$372),"重疊","")} -> 重疊 | T49: 1 | U49: 1 | W49: OK
A50: 47 | B50: 林明頡 | C50: 郭耘睿 | E50: 103/06/03 | F50: 1000 | G50: 67 | H50: 67000 | K50: 同原審認定 | N50: 67000 | P50: 註3 | Q50: =IF(N50<>0,"註3",IF(O50<>0,"註4","")) -> 註3 | R50: =INDEX([1]告訴人!$D$15:$F$372,MATCH(C50,[1]告訴人!$F$15:$F$372,0),1) -> #N/A | S50: {=IF(OR(C50=[1]告訴人!$F$15:$F$372),"重疊","")}
A51: 48 | B51: 沈花女 | C51: 陳義正 | E51: 103/06/05 | F51: 5000 | G51: 67 | H51: 335000 | K51: 同原審認定 | N51: 335000 | P51: 註3 | Q51: =IF(N51<>0,"註3",IF(O51<>0,"註4","")) -> 註3 | R51: =INDEX([1]告訴人!$D$15:$F$372,MATCH(C51,[1]告訴人!$F$15:$F$372,0),1) -> #N/A | S51: {=IF(OR(C51=[1]告訴人!$F$15:$F$372),"重疊","")}
A52: 49 | B52: 沈花女 | C52: 王定忠 | E52: 103/06/05 | F52: 12000 | G52: 67 | H52: 804000 | I52: （註3） | J52: （註3） | K52: 本件聯絡窗口為萬豐財經員工高薇馨，應與被告黃馨瑩無涉；復此筆交易業經被告朱緯業承認為其所販售 | L52: E19第60-64頁、本院前審卷四第101頁、104他7832卷十一第60頁、104他7832卷十一第65頁、104他7832卷十一第77頁 | M52: OK | N52: 804000 | P52: 註3 | Q52: =IF(N52<>0,"註3",IF(O52<>0,"註4","")) -> 註3 | R52: =INDEX([1]告訴人!$D$15:$F$372,MATCH(C52,[1]告訴人!$F$15:$F$372,0),1) -> 16 | S52: {=IF(OR(C52=[1]告訴人!$F$15:$F$372),"重疊","")} -> 重疊 | T52: 1 | V52: 1
A53: 50 | B53: 沈花女 | C53: 張文峰 | E53: 103/06/06 | F53: 2000 | G53: 67 | H53: 134000 | K53: 同原審認定 | N53: 134000 | P53: 註3 | Q53: =IF(N53<>0,"註3",IF(O53<>0,"註4","")) -> 註3 | R53: =INDEX([1]告訴人!$D$15:$F$372,MATCH(C53,[1]告訴人!$F$15:$F$372,0),1) -> #N/A | S53: {=IF(OR(C53=[1]告訴人!$F$15:$F$372),"重疊","")}
A54: 51 | B54: 沈花女 | C54: 翁明昆 | E54: 103/06/09 | F54: 5000 | G54: 67 | H54: 335000 | I54: （註3） | J54: （註3） | K54: 本件聯絡窗口為德睿公司員工，應屬被告黃馨瑩主導之股票交易 | L54: E18第21頁 | M54: OK | O54: 335000 | P54: 註4 | Q54: =IF(N54<>0,"註3",IF(O54<>0,"註4","")) -> 註4 | R54: =INDEX([1]告訴人!$D$15:$F$372,MATCH(C54,[1]告訴人!$F$15:$F$372,0),1) -> 117 | S54: {=IF(OR(C54=[1]告訴人!$F$15:$F$372),"重疊","")} -> 重疊 | T54: 1
A55: 52 | B55: 沈花女 | C55: 何正民 | E55: 103/06/09 | F55: 5000 | G55: 67 | H55: 335000 | I55: （註3） | J55: （註3） | K55: - | M55: OK | Q55: =IF(N55<>0,"註3",IF(O55<>0,"註4","")) | R55: =INDEX([1]告訴人!$D$15:$F$372,MATCH(C55,[1]告訴人!$F$15:$F$372,0),1) -> 61 | S55: {=IF(OR(C55=[1]告訴人!$F$15:$F$372),"重疊","")} -> 重疊 | T55: 1
A56: 53 | B56: 沈花女 | C56: 龔麗芬 | E56: 103/06/09 | F56: 7000 | G56: 67 | H56: 469000 | I56: （註3） | J56: （註3） | K56: 本件聯絡窗口為德睿公司員工陳姷君，應屬被告黃馨瑩主導之股票交易 | L56: E18第103頁 | M56: OK | O56: 469000 | P56: 註4 | Q56: =IF(N56<>0,"註3",IF(O56<>0,"註4","")) -> 註4 | R56: =INDEX([1]告訴人!$D$15:$F$372,MATCH(C56,[1]告訴人!$F$15:$F$372,0),1) -> 335 | S56: {=IF(OR(C56=[1]告訴人!$F$15:$F$372),"重疊","")} -> 重疊 | T56: 1
A57: 54 | B57: 沈花女 | C57: 羅誘貽 | E57: 103/06/09 | F57: 2000 | G57: 67 | H57: 134000 | I57: （註3） | J57: （註3） | K57: - | M57: OK | Q57: =IF(N57<>0,"註3",IF(O57<>0,"註4","")) | R57: =INDEX([1]告訴人!$D$15:$F$372,MATCH(C57,[1]告訴人!$F$15:$F$372,0),1) -> 326 | S57: {=IF(OR(C57=[1]告訴人!$F$15:$F$372),"重疊","")} -> 重疊 | T57: 1
A58: 55 | B58: 沈花女 | C58: 林坡顯 | E58: 103/06/09 | F58: 3000 | G58: 67 | H58: 201000 | I58: （註3） | J58: （註3） | K58: 本件聯絡窗口為萬豐財經員工高薇馨，應與被告黃馨瑩無涉；復此筆交易業經被告朱緯業承認為其所販售 | L58: E14第1頁、本院前審卷四第201頁、卷五第357頁 | M58: OK | N58: 201000 | P58: 註3 | Q58: =IF(N58<>0,"註3",IF(O58<>0,"註4","")) -> 註3 | R58: =INDEX([1]告訴人!$D$15:$F$372,MATCH(C58,[1]告訴人!$F$15:$F$372,0),1) -> 96 | S58: {=IF(OR(C58=[1]告訴人!$F$15:$F$372),"重疊","")} -> 重疊 | T58: 1 | V58: 1
A59: 56 | B59: 沈花女 | C59: 謝玄昭 | E59: 103/06/09 | F59: 3000 | G59: 67 | H59: 201000 | I59: （註3） | J59: （註3） | K59: - | M59: OK | Q59: =IF(N59<>0,"註3",IF(O59<>0,"註4","")) | R59: =INDEX([1]告訴人!$D$15:$F$372,MATCH(C59,[1]告訴人!$F$15:$F$372,0),1) -> 312 | S59: {=IF(OR(C59=[1]告訴人!$F$15:$F$372),"重疊","")} -> 重疊 | T59: 1
A60: 57 | B60: 沈花女 | C60: 洪康倪 | D60: 長旺公司陳誼秦（B1卷第57頁） | E60: 103/06/09 | F60: 5000 | G60: 67 | H60: 335000 | I60: （註3） | J60: （註3） | K60: 本件聯絡窗口為德睿公司員工陳麗文，應屬被告黃馨瑩主導之股票交易 | L60: E14第152、173頁 | M60: OK | O60: 335000 | P60: 註4 | Q60: =IF(N60<>0,"註3",IF(O60<>0,"註4","")) -> 註4 | R60: =INDEX([1]告訴人!$D$15:$F$372,MATCH(C60,[1]告訴人!$F$15:$F$372,0),1) -> 102 | S60: {=IF(OR(C60=[1]告訴人!$F$15:$F$372),"重疊","")} -> 重疊 | T60: 1
A61: 58 | B61: 沈花女 | C61: 王定忠 | E61: 103/06/10 | F61: 10000 | G61: 67 | H61: 670000 | I61: （註3） | J61: （註3） | K61: 本件聯絡窗口為萬豐財經員工高薇馨，匯款帳戶係富邦龍山分行、一銀龍潭分行、台銀內湖分行帳戶，應與被告黃馨瑩無涉；復此筆交易業經被告朱緯業承認為其所販售 | L61: E19第60-64頁、本院前審卷四第101頁、104他7832卷十一第87頁、104他7832卷十一第76頁、104偵18394卷第12反 | M61: OK | N61: 670000 | P61: 註3 | Q61: =IF(N61<>0,"註3",IF(O61<>0,"註4","")) -> 註3 | R61: =INDEX([1]告訴人!$D$15:$F$372,MATCH(C61,[1]告訴人!$F$15:$F$372,0),1) -> 16 | S61: {=IF(OR(C61=[1]告訴人!$F$15:$F$372),"重疊","")} -> 重疊 | T61: 1 | V61: 1
A62: 59 | B62: 林明頡 | C62: 林登川 | E62: 103/06/11 | F62: 4000 | G62: 67 | H62: 268000 | K62: 同原審認定 | N62: 268000 | P62: 註3 | Q62: =IF(N62<>0,"註3",IF(O62<>0,"註4","")) -> 註3 | R62: =INDEX([1]告訴人!$D$15:$F$372,MATCH(C62,[1]告訴人!$F$15:$F$372,0),1) -> #N/A | S62: {=IF(OR(C62=[1]告訴人!$F$15:$F$372),"重疊","")}
A63: 60 | B63: 林明頡 | C63: 楊正傑 | E63: 103/06/11 | F63: 4000 | G63: 67 | H63: 268000 | I63: （註3） | J63: （註3） | K63: 本件聯絡窗口為慶豐財經員工季采璇，亦無相關資金帳戶可供查證，應與被告黃馨瑩無涉；復此筆交易業經被告朱緯業承認為其所販售 | L63: 本院前審卷四第351頁 | M63: OK | N63: 268000 | P63: 註3 | Q63: =IF(N63<>0,"註3",IF(O63<>0,"註4","")) -> 註3 | R63: =INDEX([1]告訴人!$D$15:$F$372,MATCH(C63,[1]告訴人!$F$15:$F$372,0),1) -> 234 | S63: {=IF(OR(C63=[1]告訴人!$F$15:$F$372),"重疊","")} -> 重疊 | T63: 1 | V63: 1
A64: 61 | B64: 沈花女 | C64: 黃阿勤 | E64: 103/06/12 | F64: 10000 | G64: 67 | H64: 670000 | I64: （註2） | J64: （註2） | K64: 同原審認定，被告黃馨瑩亦不爭執 | L64: 本院前審卷四第21頁 | M64: OK | O64: 670000 | P64: 註2、註4 | Q64: =IF(N64<>0,"註3",IF(O64<>0,"註4","")) -> 註4 | R64: =INDEX([1]告訴人!$D$15:$F$372,MATCH(C64,[1]告訴人!$F$15:$F$372,0),1) -> 245 | S64: {=IF(OR(C64=[1]告訴人!$F$15:$F$372),"重疊","")} -> 重疊 | T64: 1 | U64: 1 | W64: OK
A65: 62 | B65: 沈花女 | C65: 陳天輝 | E65: 103/06/12 | F65: 10000 | G65: 67 | H65: 670000 | K65: 同原審認定 | N65: 670000 | P65: 註3 | Q65: =IF(N65<>0,"註3",IF(O65<>0,"註4","")) -> 註3 | R65: =INDEX([1]告訴人!$D$15:$F$372,MATCH(C65,[1]告訴人!$F$15:$F$372,0),1) -> #N/A | S65: {=IF(OR(C65=[1]告訴人!$F$15:$F$372),"重疊","")}
A66: 63 | B66: 沈花女 | C66: 李瓊雲 | E66: 103/06/12 | F66: 2000 | G66: 67 | H66: 134000 | K66: 同原審認定 | L66: 永豐銀行103年6月17日匯款申請單，105金上重訴23卷九第213、215、223、225頁、104偵18394卷第13頁 | N66: 134000 | P66: 註3 | Q66: =IF(N66<>0,"註3",IF(O66<>0,"註4","")) -> 註3 | R66: =INDEX([1]告訴人!$D$15:$F$372,MATCH(C66,[1]告訴人!$F$15:$F$372,0),1) -> 350 | S66: {=IF(OR(C66=[1]告訴人!$F$15:$F$372),"重疊","")} -> 重疊
A67: 64 | B67: 沈花女 | C67: 王端美 | E67: 103/06/12 | F67: 12000 | G67: 67 | H67: 804000 | I67: （註3） | J67: （註3） | K67: 本件聯絡窗口為萬豐財經員工高薇馨，匯款帳戶係富邦龍山分行、一銀龍潭分行帳戶，均非德睿公司之人頭帳戶，應與被告黃馨瑩無涉；復此筆交易業經被告朱緯業承認為其所販售 | L67: E19第83、85頁、本院前審卷四第103頁、105金上重訴23卷七第433、435、437頁、104偵18394卷第13頁 | M67: OK | N67: 804000 | P67: 註3 | Q67: =IF(N67<>0,"註3",IF(O67<>0,"註4","")) -> 註3 | R67: =INDEX([1]告訴人!$D$15:$F$372,MATCH(C67,[1]告訴人!$F$15:$F$372,0),1) -> 17 | S67: {=IF(OR(C67=[1]告訴人!$F$15:$F$372),"重疊","")} -> 重疊 | T67: 1 | V67: 1
A68: 65 | B68: 沈花女 | C68: 徐錫瑤 | E68: 103/06/12 | F68: 10000 | G68: 67 | H68: 670000 | I68: （註2） | J68: （註2） | K68: 同原審認定，被告黃馨瑩亦不爭執 | L68: 本院前審卷四第21頁、他7832卷七第42、43頁 | M68: OK | O68: 670000 | P68: 註2、註4 | Q68: =IF(N68<>0,"註3",IF(O68<>0,"註4","")) -> 註4 | R68: =INDEX([1]告訴人!$D$15:$F$372,MATCH(C68,[1]告訴人!$F$15:$F$372,0),1) -> 121 | S68: {=IF(OR(C68=[1]告訴人!$F$15:$F$372),"重疊","")} -> 重疊 | T68: 1 | U68: 1 | W68: OK
A69: 66 | B69: 沈花女 | C69: 麥仁和 | E69: 103/06/12 | F69: 2000 | G69: 69 | H69: 138000 | I69: （註3） | J69: （註3） | K69: 同原審認定，被告黃馨瑩亦不爭執 | L69: 本院前審卷四第33頁 | M69: OK | O69: 138000 | P69: 註4 | Q69: =IF(N69<>0,"註3",IF(O69<>0,"註4","")) -> 註4 | R69: =INDEX([1]告訴人!$D$15:$F$372,MATCH(C69,[1]告訴人!$F$15:$F$372,0),1) -> 211 | S69: {=IF(OR(C69=[1]告訴人!$F$15:$F$372),"重疊","")} -> 重疊 | T69: 1 | U69: 1
A70: 67 | B70: 沈花女 | C70: 劉志峰 | E70: 103/06/12 | F70: 5000 | G70: 69 | H70: 345000 | K70: 同原審認定 | N70: 345000 | P70: 註3 | Q70: =IF(N70<>0,"註3",IF(O70<>0,"註4","")) -> 註3 | R70: =INDEX([1]告訴人!$D$15:$F$372,MATCH(C70,[1]告訴人!$F$15:$F$372,0),1) -> #N/A | S70: {=IF(OR(C70=[1]告訴人!$F$15:$F$372),"重疊","")}
A71: 68 | B71: 沈花女 | C71: 鄭光廷 | E71: 103/06/12 | F71: 2000 | G71: 69 | H71: 138000 | K71: 同原審認定 | N71: 138000 | P71: 註3 | Q71: =IF(N71<>0,"註3",IF(O71<>0,"註4","")) -> 註3 | R71: =INDEX([1]告訴人!$D$15:$F$372,MATCH(C71,[1]告訴人!$F$15:$F$372,0),1) -> #N/A | S71: {=IF(OR(C71=[1]告訴人!$F$15:$F$372),"重疊","")}
A72: 69 | B72: 沈花女 | C72: 陳坤龍 | E72: 103/06/12 | F72: 8000 | G72: 69 | H72: 552000 | I72: （註2） | J72: （註2） | K72: 同原審認定，被告黃馨瑩亦不爭執 | L72: 本院前審卷四第33頁 | M72: OK | O72: 552000 | P72: 註2、註4 | Q72: =IF(N72<>0,"註3",IF(O72<>0,"註4","")) -> 註4 | R72: =INDEX([1]告訴人!$D$15:$F$372,MATCH(C72,[1]告訴人!$F$15:$F$372,0),1) -> 205 | S72: {=IF(OR(C72=[1]告訴人!$F$15:$F$372),"重疊","")} -> 重疊 | T72: 1 | U72: 1 | W72: OK
A73: 70 | B73: 沈花女 | C73: 陳藝文 | E73: 103/06/12 | F73: 10000 | G73: 69 | H73: 690000 | I73: （註3） | J73: （註3） | K73: 本件聯絡窗口為德睿公司張先生，應屬被告黃馨瑩主導之股票交易 | L73: E16第142頁 | M73: OK | O73: 690000 | P73: 註4 | Q73: =IF(N73<>0,"註3",IF(O73<>0,"註4","")) -> 註4 | R73: =INDEX([1]告訴人!$D$15:$F$372,MATCH(C73,[1]告訴人!$F$15:$F$372,0),1) -> 203 | S73: {=IF(OR(C73=[1]告訴人!$F$15:$F$372),"重疊","")} -> 重疊 | T73: 1
A74: 71 | B74: 沈花女 | C74: 王麗綾 | E74: 103/06/16 | F74: 2000 | G74: 67 | H74: 134000 | I74: （註3） | J74: （註3） | K74: 本件聯絡窗口為萬豐財經員工高薇馨，亦無相關資金帳戶可供查證，應與被告黃馨瑩無涉；復此筆交易業經被告朱緯業承認為其所販售 | L74: 本院前審卷四第99頁、105金上重訴23卷七第443、445、447頁 | M74: OK | N74: 134000 | P74: 註3 | Q74: =IF(N74<>0,"註3",IF(O74<>0,"註4","")) -> 註3 | R74: =INDEX([1]告訴人!$D$15:$F$372,MATCH(C74,[1]告訴人!$F$15:$F$372,0),1) -> 15 | S74: {=IF(OR(C74=[1]告訴人!$F$15:$F$372),"重疊","")} -> 重疊 | T74: 1 | V74: 1
A75: 72 | B75: 沈花女 | C75: 楊秋惠 | E75: 103/06/16 | F75: 2000 | G75: 67 | H75: 134000 | I75: （註2） | J75: （註2） | K75: 同原審認定，被告黃馨瑩亦不爭執 | L75: 本院前審卷四第21頁 | M75: OK | O75: 134000 | P75: 註2、註4 | Q75: =IF(N75<>0,"註3",IF(O75<>0,"註4","")) -> 註4 | R75: =INDEX([1]告訴人!$D$15:$F$372,MATCH(C75,[1]告訴人!$F$15:$F$372,0),1) -> 228 | S75: {=IF(OR(C75=[1]告訴人!$F$15:$F$372),"重疊","")} -> 重疊 | T75: 1 | U75: 1 | W75: OK
A76: 73 | B76: 林明頡 | C76: 王麗淑 | E76: 103/06/16 | F76: 1000 | G76: 67 | H76: 67000 | K76: 同原審認定 | N76: 67000 | P76: 註3 | Q76: =IF(N76<>0,"註3",IF(O76<>0,"註4","")) -> 註3 | R76: =INDEX([1]告訴人!$D$15:$F$372,MATCH(C76,[1]告訴人!$F$15:$F$372,0),1) -> #N/A | S76: {=IF(OR(C76=[1]告訴人!$F$15:$F$372),"重疊","")}
A77: 74 | B77: 沈花女 | C77: 南仲明 | E77: 103/06/16 | F77: 2000 | G77: 67 | H77: 134000 | I77: （註2） | J77: （註2） | K77: 同原審認定，被告黃馨瑩亦不爭執 | L77: 本院前審卷四第21頁 | M77: OK | O77: 134000 | P77: 註2、註4 | Q77: =IF(N77<>0,"註3",IF(O77<>0,"註4","")) -> 註4 | R77: =INDEX([1]告訴人!$D$15:$F$372,MATCH(C77,[1]告訴人!$F$15:$F$372,0),1) -> 114 | S77: {=IF(OR(C77=[1]告訴人!$F$15:$F$372),"重疊","")} -> 重疊 | T77: 1 | U77: 1 | W77: OK
A78: 75 | B78: 沈花女 | C78: 簡淑華 | E78: 103/06/18 | F78: 4000 | G78: 67 | H78: 268000 | I78: （註3） | J78: （註3） | K78: 此筆交易業經被告朱緯業承認為其所販售 | L78: 本院前審卷五第357頁 | M78: OK | N78: 268000 | P78: 註3 | Q78: =IF(N78<>0,"註3",IF(O78<>0,"註4","")) -> 註3 | R78: =INDEX([1]告訴人!$D$15:$F$372,MATCH(C78,[1]告訴人!$F$15:$F$372,0),1) -> 310 | S78: {=IF(OR(C78=[1]告訴人!$F$15:$F$372),"重疊","")} -> 重疊 | T78: 1 | V78: 1
A79: 76 | B79: 沈花女 | C79: 曾淑妃 | D79: 黃亭瑄 | E79: 103/06/18 | F79: 10000 | G79: 67 | H79: 670000 | I79: （註2） | J79: （註2） | K79: 同原審認定，被告黃馨瑩亦不爭執 | L79: 本院前審卷四第21頁 | M79: OK | O79: 670000 | P79: 註2、註4 | Q79: =IF(N79<>0,"註3",IF(O79<>0,"註4","")) -> 註4 | R79: =INDEX([1]告訴人!$D$15:$F$372,MATCH(C79,[1]告訴人!$F$15:$F$372,0),1) -> 218 | S79: {=IF(OR(C79=[1]告訴人!$F$15:$F$372),"重疊","")} -> 重疊 | T79: 1 | U79: 1 | W79: OK
A80: 77 | B80: 沈花女 | C80: 宋愛萍 | E80: 103/06/18 | F80: 2000 | G80: 67 | H80: 134000 | I80: （註2） | J80: （註2） | K80: 同原審認定，被告黃馨瑩亦不爭執 | L80: 本院前審卷四第21頁 | M80: OK | O80: 134000 | P80: 註2、註4 | Q80: =IF(N80<>0,"註3",IF(O80<>0,"註4","")) -> 註4 | R80: =INDEX([1]告訴人!$D$15:$F$372,MATCH(C80,[1]告訴人!$F$15:$F$372,0),1) -> 64 | S80: {=IF(OR(C80=[1]告訴人!$F$15:$F$372),"重疊","")} -> 重疊 | T80: 1 | U80: 1 | W80: OK
A81: 78 | B81: 沈花女 | C81: 陳已淳 | E81: 103/06/18 | F81: 5000 | G81: 67 | H81: 335000 | I81: （註3） | J81: （註3） | K81: - | M81: OK | Q81: =IF(N81<>0,"註3",IF(O81<>0,"註4","")) | R81: =INDEX([1]告訴人!$D$15:$F$372,MATCH(C81,[1]告訴人!$F$15:$F$372,0),1) -> 180 | S81: {=IF(OR(C81=[1]告訴人!$F$15:$F$372),"重疊","")} -> 重疊 | T81: 1
A82: 79 | B82: 沈花女 | C82: 郭炳金 | D82: 黃亭瑄 | E82: 103/06/18 | F82: 2000 | G82: 67 | H82: 134000 | I82: （註2） | J82: （註2） | K82: 同原審認定，被告黃馨瑩亦不爭執 | L82: 本院前審卷四第21頁、105金上重訴23卷十第351、355、357-359反 | M82: OK | O82: 134000 | P82: 註2、註4 | Q82: =IF(N82<>0,"註3",IF(O82<>0,"註4","")) -> 註4 | R82: =INDEX([1]告訴人!$D$15:$F$372,MATCH(C82,[1]告訴人!$F$15:$F$372,0),1) -> 149 | S82: {=IF(OR(C82=[1]告訴人!$F$15:$F$372),"重疊","")} -> 重疊 | T82: 1 | U82: 1 | W82: OK
A83: 80 | B83: 沈花女 | C83: 陳信益 | E83: 103/06/18 | F83: 11000 | G83: 67 | H83: 737000 | K83: 同原審認定 | N83: 737000 | P83: 註3 | Q83: =IF(N83<>0,"註3",IF(O83<>0,"註4","")) -> 註3 | R83: =INDEX([1]告訴人!$D$15:$F$372,MATCH(C83,[1]告訴人!$F$15:$F$372,0),1) -> #N/A | S83: {=IF(OR(C83=[1]告訴人!$F$15:$F$372),"重疊","")}
A84: 81 | B84: 沈花女 | C84: 郭華彥 | E84: 103/06/18 | F84: 10000 | G84: 67 | H84: 670000 | I84: （註3） | J84: （註3） | K84: - | M84: OK | Q84: =IF(N84<>0,"註3",IF(O84<>0,"註4","")) | R84: =INDEX([1]告訴人!$D$15:$F$372,MATCH(C84,[1]告訴人!$F$15:$F$372,0),1) -> 143 | S84: {=IF(OR(C84=[1]告訴人!$F$15:$F$372),"重疊","")} -> 重疊 | T84: 1
A85: 82 | B85: 沈花女 | C85: 郭金峯 | E85: 103/06/18 | F85: 5000 | G85: 67 | H85: 335000 | I85: （註3） | J85: （註3） | K85: 同原審認定，被告黃馨瑩亦不爭執 | L85: 本院前審卷四第21頁 | M85: OK | O85: 335000 | P85: 註4 | Q85: =IF(N85<>0,"註3",IF(O85<>0,"註4","")) -> 註4 | R85: =INDEX([1]告訴人!$D$15:$F$372,MATCH(C85,[1]告訴人!$F$15:$F$372,0),1) -> 142 | S85: {=IF(OR(C85=[1]告訴人!$F$15:$F$372),"重疊","")} -> 重疊 | T85: 1 | U85: 1
A86: 83 | B86: 沈花女 | C86: 葉金光 | E86: 103/06/18 | F86: 5000 | G86: 68 | H86: 340000 | I86: （註3） | J86: （註3） | K86: 同原審認定，被告黃馨瑩亦不爭執 | L86: 本院前審卷四第31頁 | M86: OK | O86: 340000 | P86: 註4 | Q86: =IF(N86<>0,"註3",IF(O86<>0,"註4","")) -> 註4 | R86: =INDEX([1]告訴人!$D$15:$F$372,MATCH(C86,[1]告訴人!$F$15:$F$372,0),1) -> 220 | S86: {=IF(OR(C86=[1]告訴人!$F$15:$F$372),"重疊","")} -> 重疊 | T86: 1 | U86: 1
A87: 84 | B87: 沈花女 | C87: 吳柏羽 | E87: 103/06/19 | F87: 2000 | G87: 67 | H87: 134000 | I87: （註2） | J87: （註2） | K87: 同原審認定，被告黃馨瑩亦不爭執 | L87: 本院前審卷四第21頁、104他7832卷三第40頁 | M87: OK | O87: 134000 | P87: 註2、註4 | Q87: =IF(N87<>0,"註3",IF(O87<>0,"註4","")) -> 註4 | R87: =INDEX([1]告訴人!$D$15:$F$372,MATCH(C87,[1]告訴人!$F$15:$F$372,0),1) -> 40 | S87: {=IF(OR(C87=[1]告訴人!$F$15:$F$372),"重疊","")} -> 重疊 | T87: 1 | U87: 1 | W87: OK
A88: 85 | B88: 沈花女 | C88: 張木生 | E88: 103/06/19 | F88: 5000 | G88: 67 | H88: 335000 | I88: （註2） | J88: （註2） | K88: 同原審認定，被告黃馨瑩亦不爭執 | L88: 本院前審卷四第21頁 | M88: OK | O88: 335000 | P88: 註2、註4 | Q88: =IF(N88<>0,"註3",IF(O88<>0,"註4","")) -> 註4 | R88: =INDEX([1]告訴人!$D$15:$F$372,MATCH(C88,[1]告訴人!$F$15:$F$372,0),1) -> 163 | S88: {=IF(OR(C88=[1]告訴人!$F$15:$F$372),"重疊","")} -> 重疊 | T88: 1 | U88: 1 | W88: OK
A89: 86 | B89: 沈花女 | C89: 陳萍琳 | E89: 103/06/19 | F89: 2000 | G89: 67 | H89: 134000 | I89: （註2） | J89: （註2） | K89: 本件聯絡窗口為德睿公司員工蔡盺諺，與原證7-33、7-34成交明細吻合，應屬被告黃馨瑩主導之股票交易 | L89: 原證7-33、7-34、E16第7頁、本院前審卷四第307頁、本院前審卷七第50頁 | M89: OK | O89: 134000 | P89: 註2、註4 | Q89: =IF(N89<>0,"註3",IF(O89<>0,"註4","")) -> 註4 | R89: =INDEX([1]告訴人!$D$15:$F$372,MATCH(C89,[1]告訴人!$F$15:$F$372,0),1) -> 196 | S89: {=IF(OR(C89=[1]告訴人!$F$15:$F$372),"重疊","")} -> 重疊 | T89: 1 | U89: 1 | W89: OK
A90: 87 | B90: 沈花女 | C90: 羅家炎 | E90: 103/06/19 | F90: 6000 | G90: 67 | H90: 402000 | I90: （註2） | J90: （註2） | K90: 同原審認定，被告黃馨瑩亦不爭執 | L90: 本院前審卷四第21頁 | M90: OK | O90: 402000 | P90: 註2、註4 | Q90: =IF(N90<>0,"註3",IF(O90<>0,"註4","")) -> 註4 | R90: =INDEX([1]告訴人!$D$15:$F$372,MATCH(C90,[1]告訴人!$F$15:$F$372,0),1) -> 327 | S90: {=IF(OR(C90=[1]告訴人!$F$15:$F$372),"重疊","")} -> 重疊 | T90: 1 | U90: 1 | W90: OK
A91: 88 | B91: 沈花女 | C91: 林學正 | D91: 黃亭瑄 | E91: 103/06/19 | F91: 1000 | G91: 67 | H91: 67000 | I91: （註2） | J91: （註2） | K91: 同原審認定，被告黃馨瑩亦不爭執 | L91: 本院前審卷四第21頁 | M91: OK | O91: 67000 | P91: 註2、註4 | Q91: =IF(N91<>0,"註3",IF(O91<>0,"註4","")) -> 註4 | R91: =INDEX([1]告訴人!$D$15:$F$372,MATCH(C91,[1]告訴人!$F$15:$F$372,0),1) -> #N/A | S91: {=IF(OR(C91=[1]告訴人!$F$15:$F$372),"重疊","")} | T91: 1 | U91: 1 | W91: OK
A92: 89 | B92: 沈花女 | C92: 莊美琪 | E92: 103/06/19 | F92: 4000 | G92: 67 | H92: 268000 | I92: （註2） | J92: （註2） | K92: 與原證7-33、7-34成交明細吻合，應屬被告黃馨瑩主導之股票交易 | L92: 原證7-33、7-34、本院前審卷七第50頁 | M92: OK | O92: 268000 | P92: 註2、註4 | Q92: =IF(N92<>0,"註3",IF(O92<>0,"註4","")) -> 註4 | R92: =INDEX([1]告訴人!$D$15:$F$372,MATCH(C92,[1]告訴人!$F$15:$F$372,0),1) -> 130 | S92: {=IF(OR(C92=[1]告訴人!$F$15:$F$372),"重疊","")} -> 重疊 | T92: 1 | U92: 1 | W92: OK
A93: 90 | B93: 沈花女 | C93: 劉文虎 | D93: 劉任修 | E93: 103/06/19 | F93: 3000 | G93: 69 | H93: 207000 | I93: （註2） | J93: （註2） | K93: 同原審認定，被告黃馨瑩亦不爭執 | L93: 本院前審卷四第33頁 | M93: OK | O93: 207000 | P93: 註2、註4 | Q93: =IF(N93<>0,"註3",IF(O93<>0,"註4","")) -> 註4 | R93: =INDEX([1]告訴人!$D$15:$F$372,MATCH(C93,[1]告訴人!$F$15:$F$372,0),1) -> 277 | S93: {=IF(OR(C93=[1]告訴人!$F$15:$F$372),"重疊","")} -> 重疊 | T93: 1 | U93: 1 | W93: OK
A94: 91 | B94: 沈花女 | C94: 林賜恩 | E94: 103/06/19 | F94: 6000 | G94: 69 | H94: 414000 | I94: （註2） | J94: （註2） | K94: 同原審認定，被告黃馨瑩亦不爭執 | L94: 本院前審卷四第33頁 | M94: OK | O94: 414000 | P94: 註2、註4 | Q94: =IF(N94<>0,"註3",IF(O94<>0,"註4","")) -> 註4 | R94: =INDEX([1]告訴人!$D$15:$F$372,MATCH(C94,[1]告訴人!$F$15:$F$372,0),1) -> 97 | S94: {=IF(OR(C94=[1]告訴人!$F$15:$F$372),"重疊","")} -> 重疊 | T94: 1 | U94: 1 | W94: OK
A95: 92 | B95: 沈花女 | C95: 陳素蓁 | E95: 103/06/20 | F95: 5000 | G95: 67 | H95: 335000 | I95: （註3） | J95: （註3） | K95: 本件聯絡窗口為萬鈞國際員工陳寰莙，亦無相關資金帳戶可供查證，應與被告黃馨瑩無涉；復此筆交易業經被告朱緯業承認為其所販售 | L95: 本院前審卷四第321頁、卷五第357頁 | M95: OK | N95: 335000 | P95: 註3 | Q95: =IF(N95<>0,"註3",IF(O95<>0,"註4","")) -> 註3 | R95: =INDEX([1]告訴人!$D$15:$F$372,MATCH(C95,[1]告訴人!$F$15:$F$372,0),1) -> 210 | S95: {=IF(OR(C95=[1]告訴人!$F$15:$F$372),"重疊","")} -> 重疊 | T95: 1 | V95: 1
A96: 93 | B96: 沈花女 | C96: 林榮茂 | E96: 103/06/20 | F96: 10000 | G96: 67 | H96: 670000 | I96: （註3） | J96: （註3） | K96: - | M96: OK | Q96: =IF(N96<>0,"註3",IF(O96<>0,"註4","")) | R96: =INDEX([1]告訴人!$D$15:$F$372,MATCH(C96,[1]告訴人!$F$15:$F$372,0),1) -> 87 | S96: {=IF(OR(C96=[1]告訴人!$F$15:$F$372),"重疊","")} -> 重疊 | T96: 1
A97: 94 | B97: 沈花女 | C97: 陳文春 | E97: 103/06/20 | F97: 1000 | G97: 67 | H97: 67000 | K97: 同原審認定 | N97: 67000 | P97: 註3 | Q97: =IF(N97<>0,"註3",IF(O97<>0,"註4","")) -> 註3 | R97: =INDEX([1]告訴人!$D$15:$F$372,MATCH(C97,[1]告訴人!$F$15:$F$372,0),1) -> #N/A | S97: {=IF(OR(C97=[1]告訴人!$F$15:$F$372),"重疊","")}
A98: 95 | B98: 沈花女 | C98: 陳證明 | E98: 103/06/20 | F98: 2000 | G98: 67 | H98: 134000 | K98: 同原審認定 | N98: 134000 | P98: 註3 | Q98: =IF(N98<>0,"註3",IF(O98<>0,"註4","")) -> 註3 | R98: =INDEX([1]告訴人!$D$15:$F$372,MATCH(C98,[1]告訴人!$F$15:$F$372,0),1) -> #N/A | S98: {=IF(OR(C98=[1]告訴人!$F$15:$F$372),"重疊","")}
A99: 96 | B99: 沈花女 | C99: 梁麗紅 | E99: 103/06/20 | F99: 2000 | G99: 67 | H99: 134000 | K99: 同原審認定 | N99: 134000 | P99: 註3 | Q99: =IF(N99<>0,"註3",IF(O99<>0,"註4","")) -> 註3 | R99: =INDEX([1]告訴人!$D$15:$F$372,MATCH(C99,[1]告訴人!$F$15:$F$372,0),1) -> #N/A | S99: {=IF(OR(C99=[1]告訴人!$F$15:$F$372),"重疊","")}
A100: 97 | B100: 沈花女 | C100: 莊登富 | E100: 103/06/20 | F100: 1000 | G100: 67 | H100: 67000 | K100: 同原審認定 | N100: 67000 | P100: 註3 | Q100: =IF(N100<>0,"註3",IF(O100<>0,"註4","")) -> 註3 | R100: =INDEX([1]告訴人!$D$15:$F$372,MATCH(C100,[1]告訴人!$F$15:$F$372,0),1) -> #N/A | S100: {=IF(OR(C100=[1]告訴人!$F$15:$F$372),"重疊","")}
A101: 98 | B101: 沈花女 | C101: 李玟儀 | E101: 103/06/23 | F101: 8000 | G101: 67 | H101: 536000 | K101: 同原審認定 | N101: 536000 | P101: 註3 | Q101: =IF(N101<>0,"註3",IF(O101<>0,"註4","")) -> 註3 | R101: =INDEX([1]告訴人!$D$15:$F$372,MATCH(C101,[1]告訴人!$F$15:$F$372,0),1) -> #N/A | S101: {=IF(OR(C101=[1]告訴人!$F$15:$F$372),"重疊","")}
...

Sheet 附表六 
A1: 附表六：「黃馨瑩以賴國隆名義購入兆良公司股票後，出售予投資人明細表」
A2: 編號 | B2: 出賣人 | C2: 投資人 | D2: 業務 | E2: 成交日期 | F2: 成交股數 | G2: 成交單價 | H2: 成交總價 | I2: 備註 | J2: 本院審核註1 | K2: 卷證依據註1 | L2: 黃馨瑩犯罪所得 | M2: 備註 | O2: 附表九編號 | Q2: 被告黃馨瑩爭執
A3: 1 | B3: 賴國隆 | C3: 張清波 | E3: 103/01/22 | F3: 2000 | G3: 65 | H3: 130000 | J3: 同原審認定 | K3: 103年度偵字第18883號編號1-6第3頁 | L3: 130000 | O3: =INDEX([1]告訴人!$D$15:$F$372,MATCH(C3,[1]告訴人!$F$15:$F$372,0),1) -> 159
A4: 2 | B4: 賴國隆 | C4: 郭怡和 | E4: 103/01/22 | F4: 5000 | G4: 65 | H4: 325000 | J4: 卷內無相關資料，應認非屬黃馨瑩旗下德睿公司販售 | N4: =IF(L4<>0,"註3","") | O4: =INDEX([1]告訴人!$D$15:$F$372,MATCH(C4,[1]告訴人!$F$15:$F$372,0),1) -> #N/A | P4: 被告未提相關佐證，難以辨認 | Q4: 1
A5: 3 | B5: 賴國隆 | C5: 張惠蓉 | E5: 103/02/07 | F5: 5000 | G5: 65 | H5: 325000 | J5: 卷內無相關資料，應認非屬黃馨瑩旗下德睿公司販售 | N5: =IF(L5<>0,"註3","") | O5: =INDEX([1]告訴人!$D$15:$F$372,MATCH(C5,[1]告訴人!$F$15:$F$372,0),1) -> #N/A | P5: 被告未提相關佐證，難以辨認 | Q5: 1
A6: 4 | B6: 賴國隆 | C6: 曾榮鑾 | E6: 103/02/07 | F6: 2000 | G6: 65 | H6: 130000 | J6: 同原審認定 | K6: 本院前審卷六第413頁、103年度偵字第18883號編號1-6第3頁 | L6: 130000 | O6: =INDEX([1]告訴人!$D$15:$F$372,MATCH(C6,[1]告訴人!$F$15:$F$372,0),1) -> 217
A7: 5 | B7: 賴國隆 | C7: 張清波 | E7: 103/02/07 | F7: 2000 | G7: 65 | H7: 130000 | J7: 同原審認定 | K7: 103年度偵字第18883號編號1-6第3頁 | L7: 130000 | O7: =INDEX([1]告訴人!$D$15:$F$372,MATCH(C7,[1]告訴人!$F$15:$F$372,0),1) -> 159
A8: 6 | B8: 賴國隆 | C8: 呂理維 | E8: 103/02/07 | F8: 1000 | G8: 65 | H8: 65000 | J8: 同原審認定 | K8: 本院前審卷六第413頁、103年度偵字第18883號編號1-6第3頁 | L8: 65000 | O8: =INDEX([1]告訴人!$D$15:$F$372,MATCH(C8,[1]告訴人!$F$15:$F$372,0),1) -> #N/A
A9: 7 | B9: 賴國隆 | C9: 賴宥材 | E9: 103/02/07 | F9: 1000 | G9: 65 | H9: 65000 | J9: 同原審認定 | K9: 本院前審卷六第413頁、103年度偵字第18883號編號1-6第3頁 | L9: 65000 | O9: =INDEX([1]告訴人!$D$15:$F$372,MATCH(C9,[1]告訴人!$F$15:$F$372,0),1) -> 297
A10: 8 | B10: 賴國隆 | C10: 張清波 | E10: 103/02/11 | F10: 2000 | G10: 65 | H10: 130000 | J10: 同原審認定 | K10: 103年度偵字第18883號編號1-6第3頁 | L10: 130000 | O10: =INDEX([1]告訴人!$D$15:$F$372,MATCH(C10,[1]告訴人!$F$15:$F$372,0),1) -> 159
A11: 9 | B11: 賴國隆 | C11: 劉子鵬 | E11: 103/02/11 | F11: 10000 | G11: 65 | H11: 650000 | J11: 同原審認定 | K11: 本院前審卷六第413頁、103年度偵字第18883號編號1-6第3頁 | L11: 650000 | O11: =INDEX([1]告訴人!$D$15:$F$372,MATCH(C11,[1]告訴人!$F$15:$F$372,0),1) -> 278
A12: 10 | B12: 賴國隆 | C12: 林淑貞 | E12: 103/02/11 | F12: 1000 | G12: 65 | H12: 65000 | J12: 同原審認定 | K12: 103年度偵字第18883號編號1-7第3頁 | L12: 65000 | O12: =INDEX([1]告訴人!$D$15:$F$372,MATCH(C12,[1]告訴人!$F$15:$F$372,0),1) -> #N/A
A13: 11 | B13: 賴國隆 | C13: 韓寶玲 | E13: 103/02/11 | F13: 2000 | G13: 67 | H13: 134000 | J13: 同原審認定 | K13: 本院前審卷六第413頁、103年度偵字第18883號編號1-6第2頁，106年度附民字第106號第7頁 | L13: 134000 | O13: =INDEX([1]告訴人!$D$15:$F$372,MATCH(C13,[1]告訴人!$F$15:$F$372,0),1) -> 309
A14: 12 | B14: 賴國隆 | C14: 劉志峰 | E14: 103/02/12 | F14: 2000 | G14: 67 | H14: 134000 | J14: 同原審認定 | K14: 本院前審卷六第413頁、103年度偵字第18883號編號2-6第1頁 | L14: 134000 | O14: =INDEX([1]告訴人!$D$15:$F$372,MATCH(C14,[1]告訴人!$F$15:$F$372,0),1) -> #N/A
A15: 13 | B15: 賴國隆 | C15: 張陳雪玉 | E15: 103/02/14 | F15: 3000 | G15: 65 | H15: 195000 | J15: 同原審認定 | K15: 103年度偵字第18883號編號1-6第3頁 | L15: 195000 | O15: =INDEX([1]告訴人!$D$15:$F$372,MATCH(C15,[1]告訴人!$F$15:$F$372,0),1) -> #N/A
A16: 14 | B16: 賴國隆 | C16: 柯重安 | E16: 103/02/14 | F16: 5000 | G16: 67 | H16: 335000 | J16: 同原審認定 | K16: 本院前審卷六第423頁、103年度偵字第18883號編號2-13第1頁 | L16: 335000 | O16: =INDEX([1]告訴人!$D$15:$F$372,MATCH(C16,[1]告訴人!$F$15:$F$372,0),1) -> 108
A17: 15 | B17: 賴國隆 | C17: 張書鑑 | E17: 103/02/17 | F17: 5000 | G17: 65 | H17: 325000 | J17: 卷內無相關資料，應認非屬黃馨瑩旗下德睿公司販售 | N17: =IF(L17<>0,"註3","") | O17: =INDEX([1]告訴人!$D$15:$F$372,MATCH(C17,[1]告訴人!$F$15:$F$372,0),1) -> #N/A | P17: 被告未提相關佐證，難以辨認 | Q17: 1
A18: 16 | B18: 賴國隆 | C18: 黃順良 | D18: 陳薇伃（B4卷第26頁） | E18: 103/02/17 | F18: 2000 | G18: 65 | H18: 130000 | J18: 同原審認定 | K18: 本院前審卷六第415頁、103年度偵字第18883號編號1-7第2頁、105年度附民字第226號第103頁 | L18: 130000 | O18: =INDEX([1]告訴人!$D$15:$F$372,MATCH(C18,[1]告訴人!$F$15:$F$372,0),1) -> 248
A19: 17 | B19: 賴國隆 | C19: 高雅蘭 | E19: 103/02/17 | F19: 1000 | G19: 65 | H19: 65000 | J19: 同原審認定 | K19: 本院前審卷六第415頁、103年度偵字第18883號編號1-7第3頁 | L19: 65000 | O19: =INDEX([1]告訴人!$D$15:$F$372,MATCH(C19,[1]告訴人!$F$15:$F$372,0),1) -> 342
A20: 18 | B20: 賴國隆 | C20: 黃秀芬 | E20: 103/02/18 | F20: 2000 | G20: 65 | H20: 130000 | J20: 同原審認定 | K20: 本院前審卷六第411頁、103年度偵字第18883號編號1-7第3頁 | L20: 130000 | O20: =INDEX([1]告訴人!$D$15:$F$372,MATCH(C20,[1]告訴人!$F$15:$F$372,0),1) -> 246
A21: 19 | B21: 賴國隆 | C21: 陳孟雪 | E21: 103/02/20 | F21: 1000 | G21: 65 | H21: 65000 | J21: 卷內無相關資料，應認非屬黃馨瑩旗下德睿公司販售 | N21: =IF(L21<>0,"註3","") | O21: =INDEX([1]告訴人!$D$15:$F$372,MATCH(C21,[1]告訴人!$F$15:$F$372,0),1) -> #N/A | P21: 被告未提相關佐證，難以辨認 | Q21: 1
A22: 20 | B22: 賴國隆 | C22: 陳信佑 | E22: 103/02/20 | F22: 2000 | G22: 67 | H22: 134000 | J22: 同原審認定 | K22: 103年度偵字第18883號編號1-6第2頁 | L22: 134000 | O22: =INDEX([1]告訴人!$D$15:$F$372,MATCH(C22,[1]告訴人!$F$15:$F$372,0),1) -> #N/A
A23: 21 | B23: 賴國隆 | C23: 邱永鎮 | E23: 103/02/21 | F23: 6000 | G23: 65 | H23: 390000 | J23: 同原審認定 | K23: 本院前審卷六第415頁、103年度偵字第18883號編號1-7第3頁 | L23: 390000 | O23: =INDEX([1]告訴人!$D$15:$F$372,MATCH(C23,[1]告訴人!$F$15:$F$372,0),1) -> 68
A24: 22 | B24: 賴國隆 | C24: 蘇沛晨 | E24: 103/02/21 | F24: 2000 | G24: 67 | H24: 134000 | J24: 同原審認定 | K24: 本院前審卷六第413頁、103年度偵字第18883號編號1-7第2頁 | L24: 134000 | O24: =INDEX([1]告訴人!$D$15:$F$372,MATCH(C24,[1]告訴人!$F$15:$F$372,0),1) -> 345
A25: 23 | B25: 賴國隆 | C25: 王碧枝 | E25: 103/02/21 | F25: 6000 | G25: 67 | H25: 402000 | J25: 同原審認定 | K25: 本院前審卷六第415頁、103年度偵字第18883號編號1-6第2頁，本院前審卷十三第457-459頁 | L25: 402000 | O25: =INDEX([1]告訴人!$D$15:$F$372,MATCH(C25,[1]告訴人!$F$15:$F$372,0),1) -> 18
A26: 24 | B26: 賴國隆 | C26: 張煥洲 | E26: 103/02/24 | F26: 1000 | G26: 38 | H26: 38000 | J26: 同原審認定 | K26: 本院前審卷六第415頁 | L26: 38000 | O26: =INDEX([1]告訴人!$D$15:$F$372,MATCH(C26,[1]告訴人!$F$15:$F$372,0),1) -> 165
A27: 25 | B27: 賴國隆 | C27: 傅應龍 | E27: 103/02/24 | F27: 2000 | G27: 38 | H27: 76000 | J27: 同原審認定 | K27: 本院前審卷六第415頁、103年度偵字第18883號編號1-6第5頁 | L27: 76000 | O27: =INDEX([1]告訴人!$D$15:$F$372,MATCH(C27,[1]告訴人!$F$15:$F$372,0),1) -> 213
A28: 26 | B28: 賴國隆 | C28: 李淑錦 | E28: 103/02/24 | F28: 10000 | G28: 65 | H28: 650000 | J28: 卷內無相關資料，應認非屬黃馨瑩旗下德睿公司販售 | N28: =IF(L28<>0,"註3","") | O28: =INDEX([1]告訴人!$D$15:$F$372,MATCH(C28,[1]告訴人!$F$15:$F$372,0),1) -> 45 | P28: 被告未提相關佐證，難以辨認 | Q28: 1
A29: 27 | B29: 賴國隆 | C29: 曹庭耀 | E29: 103/02/24 | F29: 2000 | G29: 65 | H29: 130000 | J29: 同原審認定 | K29: 本院前審卷六第415頁、103年度偵字第18883號編號1-7第3頁 | L29: 130000 | O29: =INDEX([1]告訴人!$D$15:$F$372,MATCH(C29,[1]告訴人!$F$15:$F$372,0),1) -> 135
A30: 28 | B30: 賴國隆 | C30: 傅應龍 | E30: 103/02/24 | F30: 10000 | G30: 65 | H30: 650000 | I30: 其後於同年月25日再以同一價格過戶至蔡文益名下 | J30: 同原審認定 | K30: 本院前審卷六第415頁、103年度偵字第18883號編號1-6第3頁 | L30: 650000 | M30: 其後於同年月25日再以同一價格過戶至蔡文益名下 | O30: =INDEX([1]告訴人!$D$15:$F$372,MATCH(C30,[1]告訴人!$F$15:$F$372,0),1) -> 213
A31: 29 | B31: 賴國隆 | C31: 陳啟瀚 | E31: 103/02/24 | F31: 4000 | G31: 67 | H31: 268000 | J31: 同原審認定 | K31: 103年度偵字第18883號編號1-7第2頁 | L31: 268000 | O31: =INDEX([1]告訴人!$D$15:$F$372,MATCH(C31,[1]告訴人!$F$15:$F$372,0),1) -> 192
A32: 30 | B32: 賴國隆 | C32: 張煥洲 | E32: 103/02/24 | F32: 4000 | G32: 67 | H32: 268000 | J32: 同原審認定 | K32: 本院前審卷六第415頁 | L32: 268000 | O32: =INDEX([1]告訴人!$D$15:$F$372,MATCH(C32,[1]告訴人!$F$15:$F$372,0),1) -> 165
A33: 31 | B33: 賴國隆 | C33: 林智瑝 | E33: 103/02/25 | F33: 4000 | G33: 65 | H33: 260000 | J33: 同原審認定 | K33: 本院前審卷六第415頁、103年度偵字第18883號編號1-7第3頁 | L33: 260000 | O33: =INDEX([1]告訴人!$D$15:$F$372,MATCH(C33,[1]告訴人!$F$15:$F$372,0),1) -> 74
A34: 32 | B34: 賴國隆 | C34: 張潘喜英 | E34: 103/02/25 | F34: 2000 | G34: 65 | H34: 130000 | J34: 同原審認定 | K34: 本院前審卷六第415頁、103年度偵字第18883號編號1-7第3頁 | L34: 130000 | O34: =INDEX([1]告訴人!$D$15:$F$372,MATCH(C34,[1]告訴人!$F$15:$F$372,0),1) -> #N/A
A35: 33 | B35: 賴國隆 | C35: 賴美珍 | E35: 103/02/25 | F35: 2000 | G35: 67 | H35: 134000 | J35: 同原審認定 | K35: 本院前審卷六第415頁、103年度偵字第18883號編號1-7第2頁 | L35: 134000 | O35: =INDEX([1]告訴人!$D$15:$F$372,MATCH(C35,[1]告訴人!$F$15:$F$372,0),1) -> 295
A36: 34 | B36: 賴國隆 | C36: 顏春風 | E36: 103/02/25 | F36: 1000 | G36: 67 | H36: 67000 | J36: 依扣押物所示成交明細，可知投資人顏春風亦在德睿公司成交名單中，堪認屬德睿公司所販賣者 | K36: 103年度偵字第18883號編號1-6第2頁 | L36: 67000 | O36: =INDEX([1]告訴人!$D$15:$F$372,MATCH(C36,[1]告訴人!$F$15:$F$372,0),1) -> #N/A | P36: 被告未提相關佐證，難以辨認 | Q36: 1
A37: 35 | B37: 賴國隆 | C37: 傅應龍 | E37: 103/02/25 | F37: 10000 | G37: 68 | H37: 680000 | J37: 同原審認定 | K37: 本院前審卷六第415頁 | L37: 680000 | O37: =INDEX([1]告訴人!$D$15:$F$372,MATCH(C37,[1]告訴人!$F$15:$F$372,0),1) -> 213
A38: 36 | B38: 賴國隆 | C38: 羅家炎 | E38: 103/02/26 | F38: 2000 | G38: 38 | H38: 76000 | J38: 同原審認定 | K38: 本院前審卷六第415頁、103年度偵字第18883號編號1-6第5頁 | L38: 76000 | O38: =INDEX([1]告訴人!$D$15:$F$372,MATCH(C38,[1]告訴人!$F$15:$F$372,0),1) -> 327
A39: 37 | B39: 賴國隆 | C39: 鍾美玉 | E39: 103/02/26 | F39: 5000 | G39: 65 | H39: 325000 | J39: 本案聯絡窗口為德睿公司張玉汝，亦屬被告黃馨瑩主導之股票交易 | K39: 本院前審卷四第447頁 | L39: 325000 | O39: =INDEX([1]告訴人!$D$15:$F$372,MATCH(C39,[1]告訴人!$F$15:$F$372,0),1) -> 302 | Q39: 1
A40: 38 | B40: 賴國隆 | C40: 羅家炎 | E40: 103/02/26 | F40: 12000 | G40: 67 | H40: 804000 | J40: 同原審認定 | K40: 本院前審卷六第415頁、103年度偵字第18883號編號1-6第2頁 | L40: 804000 | O40: =INDEX([1]告訴人!$D$15:$F$372,MATCH(C40,[1]告訴人!$F$15:$F$372,0),1) -> 327
A41: 39 | B41: 賴國隆 | C41: 高玉綢 | E41: 103/02/27 | F41: 2000 | G41: 65 | H41: 130000 | J41: 同原審認定 | K41: 本院前審卷六第423頁、103年度偵字第18883號編號1-6第1頁。至於106年附民字第93號並無相關交易憑證，爰以本院審核結果為準 | L41: 130000 | O41: =INDEX([1]告訴人!$D$15:$F$372,MATCH(C41,[1]告訴人!$F$15:$F$372,0),1) -> 125
A42: 40 | B42: 賴國隆 | C42: 林蕙萱 | E42: 103/03/03 | F42: 3000 | G42: 65 | H42: 195000 | J42: 卷內無相關資料，應認非屬黃馨瑩旗下德睿公司販售 | N42: =IF(L42<>0,"註3","") | O42: =INDEX([1]告訴人!$D$15:$F$372,MATCH(C42,[1]告訴人!$F$15:$F$372,0),1) -> #N/A | P42: 被告未提相關佐證，難以辨認 | Q42: 1
A43: 41 | B43: 賴國隆 | C43: 紀榮昆 | E43: 103/03/03 | F43: 2000 | G43: 65 | H43: 130000 | J43: 同原審認定 | K43: 本院前審卷六第415頁、103年度偵字第18883號編號1-7第3頁 | L43: 130000 | O43: =INDEX([1]告訴人!$D$15:$F$372,MATCH(C43,[1]告訴人!$F$15:$F$372,0),1) -> #N/A
A44: 42 | B44: 賴國隆 | C44: 徐錫瑤 | E44: 103/03/03 | F44: 6000 | G44: 65 | H44: 390000 | J44: 同原審認定 | K44: 本院前審卷六第415頁、103年度偵字第18883號編號1-6第3頁 | L44: 390000 | O44: =INDEX([1]告訴人!$D$15:$F$372,MATCH(C44,[1]告訴人!$F$15:$F$372,0),1) -> 121
A45: 43 | B45: 賴國隆 | C45: 葉梅蘭 | E45: 103/03/03 | F45: 3000 | G45: 65 | H45: 195000 | J45: 卷內無相關資料，應認非屬黃馨瑩旗下德睿公司販售 | N45: =IF(L45<>0,"註3","") | O45: =INDEX([1]告訴人!$D$15:$F$372,MATCH(C45,[1]告訴人!$F$15:$F$372,0),1) -> 222 | P45: 被告未提相關佐證，難以辨認 | Q45: 1
A46: 44 | B46: 賴國隆 | C46: 梁進勝 | E46: 103/03/03 | F46: 2000 | G46: 65 | H46: 130000 | J46: 同原審認定 | K46: 本院前審卷六第415頁、103年度偵字第18883號編號1-7第3頁 | L46: 130000 | O46: =INDEX([1]告訴人!$D$15:$F$372,MATCH(C46,[1]告訴人!$F$15:$F$372,0),1) -> 151
A47: 45 | B47: 賴國隆 | C47: 蘇介亮 | E47: 103/03/03 | F47: 5000 | G47: 65 | H47: 325000 | J47: 本案聯絡窗口為德睿公司陳姷妁（104他7832卷十五第168頁），亦屬被告黃馨瑩主導之股票交易 | K47: 本院前審卷四第481頁 | L47: 325000 | O47: =INDEX([1]告訴人!$D$15:$F$372,MATCH(C47,[1]告訴人!$F$15:$F$372,0),1) -> 333 | Q47: 1
A48: 46 | B48: 賴國隆 | C48: 鍾國文 | E48: 103/03/03 | F48: 5000 | G48: 67 | H48: 335000 | J48: 同原審認定 | K48: 本院前審卷六第415頁、103年度偵字第18883號編號1-7第2頁 | L48: 335000 | O48: =INDEX([1]告訴人!$D$15:$F$372,MATCH(C48,[1]告訴人!$F$15:$F$372,0),1) -> 303
A49: 47 | B49: 賴國隆 | C49: 王啟陽 | E49: 103/03/04 | F49: 2000 | G49: 38 | H49: 76000 | J49: 同原審認定 | K49: 本院前審卷六第419頁、103年度偵字第18883號編號1-6第2頁 | L49: 76000 | O49: =INDEX([1]告訴人!$D$15:$F$372,MATCH(C49,[1]告訴人!$F$15:$F$372,0),1) -> #N/A
A50: 48 | B50: 賴國隆 | C50: 吳家甄 | D50: 陳薇伃（B4卷第26頁） | E50: 103/03/04 | F50: 1000 | G50: 38 | H50: 38000 | J50: 同原審認定 | K50: 本院前審卷六第419頁、103年度偵字第18883號編號1-7第2頁 | L50: 38000 | O50: =INDEX([1]告訴人!$D$15:$F$372,MATCH(C50,[1]告訴人!$F$15:$F$372,0),1) -> #N/A
A51: 49 | B51: 賴國隆 | C51: 陳沁琇 | E51: 103/03/04 | F51: 1000 | G51: 38 | H51: 38000 | J51: 同原審認定 | K51: 本院前審卷六第419頁、103年度偵字第18883號編號1-6第3頁 | L51: 38000 | O51: =INDEX([1]告訴人!$D$15:$F$372,MATCH(C51,[1]告訴人!$F$15:$F$372,0),1) -> #N/A
A52: 50 | B52: 賴國隆 | C52: 詹榮泉 | E52: 103/03/04 | F52: 1000 | G52: 38 | H52: 38000 | J52: 同原審認定 | K52: 本院前審卷六第415頁、103年度偵字第18883號編號1-6第2頁 | L52: 38000 | O52: =INDEX([1]告訴人!$D$15:$F$372,MATCH(C52,[1]告訴人!$F$15:$F$372,0),1) -> 262
A53: 51 | B53: 賴國隆 | C53: 蔡佳秀 | D53: 陳薇伃（B4卷第26頁） | E53: 103/03/04 | F53: 1000 | G53: 38 | H53: 38000 | J53: 同原審認定 | K53: 本院前審卷六第415頁、103年度偵字第18883號編號1-7第2頁 | L53: 38000 | O53: =INDEX([1]告訴人!$D$15:$F$372,MATCH(C53,[1]告訴人!$F$15:$F$372,0),1) -> 270
A54: 52 | B54: 賴國隆 | C54: 黃治元 | E54: 103/03/04 | F54: 1000 | G54: 38 | H54: 38000 | J54: 同原審認定 | K54: 本院前審卷六第419頁、103年度偵字第18883號編號1-6第2頁 | L54: 38000 | O54: =INDEX([1]告訴人!$D$15:$F$372,MATCH(C54,[1]告訴人!$F$15:$F$372,0),1) -> 243
A55: 53 | B55: 賴國隆 | C55: 吳家甄 | D55: 陳薇伃（B4卷第26頁） | E55: 103/03/04 | F55: 3000 | G55: 65 | H55: 195000 | J55: 同原審認定 | K55: 本院前審卷六第419頁、103年度偵字第18883號編號1-7第1頁 | L55: 195000 | O55: =INDEX([1]告訴人!$D$15:$F$372,MATCH(C55,[1]告訴人!$F$15:$F$372,0),1) -> #N/A
A56: 54 | B56: 賴國隆 | C56: 詹榮泉 | E56: 103/03/04 | F56: 3000 | G56: 65 | H56: 195000 | J56: 同原審認定 | K56: 本院前審卷六第415頁、103年度偵字第18883號編號1-6第1頁 | L56: 195000 | O56: =INDEX([1]告訴人!$D$15:$F$372,MATCH(C56,[1]告訴人!$F$15:$F$372,0),1) -> 262
A57: 55 | B57: 賴國隆 | C57: 蘇姿美 | E57: 103/03/04 | F57: 1000 | G57: 65 | H57: 65000 | J57: 同原審認定 | K57: 本院前審卷六第415頁、103年度偵字第18883號編號1-7第1頁 | L57: 65000 | O57: =INDEX([1]告訴人!$D$15:$F$372,MATCH(C57,[1]告訴人!$F$15:$F$372,0),1) -> 332
A58: 56 | B58: 賴國隆 | C58: 蔡佳秀 | D58: 陳薇伃（B4卷第26頁） | E58: 103/03/04 | F58: 10000 | G58: 65 | H58: 650000 | J58: 同原審認定 | K58: 本院前審卷六第415頁、103年度偵字第18883號編號1-7第1頁 | L58: 650000 | O58: =INDEX([1]告訴人!$D$15:$F$372,MATCH(C58,[1]告訴人!$F$15:$F$372,0),1) -> 270
A59: 57 | B59: 賴國隆 | C59: 黃治元 | E59: 103/03/04 | F59: 5000 | G59: 65 | H59: 325000 | J59: 同原審認定 | K59: 本院前審卷六第419頁、103年度偵字第18883號編號1-6第1頁 | L59: 325000 | O59: =INDEX([1]告訴人!$D$15:$F$372,MATCH(C59,[1]告訴人!$F$15:$F$372,0),1) -> 243
A60: 58 | B60: 賴國隆 | C60: 楊靜芬 | E60: 103/03/04 | F60: 5000 | G60: 67 | H60: 335000 | J60: 同原審認定 | K60: 本院前審卷六第415頁、103年度偵字第18883號編號2-13第1頁 | L60: 335000 | O60: =INDEX([1]告訴人!$D$15:$F$372,MATCH(C60,[1]告訴人!$F$15:$F$372,0),1) -> 231
A61: 59 | B61: 賴國隆 | C61: 王啟陽 | E61: 103/03/04 | F61: 8000 | G61: 67 | H61: 536000 | J61: 同原審認定 | K61: 本院前審卷六第419頁、103年度偵字第18883號編號2-13第1頁 | L61: 536000 | O61: =INDEX([1]告訴人!$D$15:$F$372,MATCH(C61,[1]告訴人!$F$15:$F$372,0),1) -> #N/A
A62: 60 | B62: 賴國隆 | C62: 陳沁琇 | E62: 103/03/04 | F62: 4000 | G62: 67 | H62: 268000 | J62: 同原審認定 | K62: 本院前審卷六第419頁、103年度偵字第18883號編號2-13第1頁 | L62: 268000 | O62: =INDEX([1]告訴人!$D$15:$F$372,MATCH(C62,[1]告訴人!$F$15:$F$372,0),1) -> #N/A
A63: 61 | B63: 賴國隆 | C63: 龔家平 | E63: 103/03/04 | F63: 7000 | G63: 67 | H63: 469000 | J63: 同原審認定 | K63: 本院前審卷六第415頁、103年度偵字第18883號編號2-13第1頁 | L63: 469000 | O63: =INDEX([1]告訴人!$D$15:$F$372,MATCH(C63,[1]告訴人!$F$15:$F$372,0),1) -> 334
A64: 62 | B64: 賴國隆 | C64: 湯家祐 | E64: 103/03/04 | F64: 5000 | G64: 67 | H64: 335000 | I64: 其後於同年4月16日、21日再以同一價格過戶至吳景輝1、湯美珍1、戴金騰3名下 | J64: 同原審認定 | K64: 103年度偵字第18883號編號1-6第5頁 | L64: 335000 | M64: 其後於同年4月16日、21日再以同一價格過戶至吳景輝、湯美珍（E22卷第128頁）、戴金騰名下 | O64: =INDEX([1]告訴人!$D$15:$F$372,MATCH(C64,[1]告訴人!$F$15:$F$372,0),1) -> #N/A
A65: 63 | B65: 賴國隆 | C65: 陳群濠 | E65: 103/03/04 | F65: 1000 | G65: 68 | H65: 68000 | J65: 同原審認定 | L65: 68000 | O65: =INDEX([1]告訴人!$D$15:$F$372,MATCH(C65,[1]告訴人!$F$15:$F$372,0),1) -> 188
A66: 64 | B66: 賴國隆 | C66: 黃順良 | D66: 陳薇伃（B4卷第26頁） | E66: 103/03/05 | F66: 1000 | G66: 38 | H66: 38000 | J66: 同原審認定 | K66: 本院前審卷六第415頁、103年度偵字第18883號編號1-7第2頁、105年度附民字第226號第108頁 | L66: 38000 | O66: =INDEX([1]告訴人!$D$15:$F$372,MATCH(C66,[1]告訴人!$F$15:$F$372,0),1) -> 248
A67: 65 | B67: 賴國隆 | C67: 黃順良 | D67: 陳薇伃（B4卷第26頁） | E67: 103/03/05 | F67: 1000 | G67: 65 | H67: 65000 | J67: 同原審認定 | K67: 本院前審卷六第415頁、103年度偵字第18883號編號1-7第1頁、105年度附民字第226號第106頁 | L67: 65000 | O67: =INDEX([1]告訴人!$D$15:$F$372,MATCH(C67,[1]告訴人!$F$15:$F$372,0),1) -> 248
A68: 66 | B68: 賴國隆 | C68: 林安安 | E68: 103/03/07 | F68: 5000 | G68: 65 | H68: 325000 | J68: 本案聯絡窗口為德睿公司（長旺公司），亦屬被告黃馨瑩主導之股票交易 | K68: 本院前審卷四第185頁 | L68: 325000 | O68: =INDEX([1]告訴人!$D$15:$F$372,MATCH(C68,[1]告訴人!$F$15:$F$372,0),1) -> 86 | Q68: 1
A69: 67 | B69: 賴國隆 | C69: 張雅惠 | E69: 103/03/07 | F69: 2000 | G69: 65 | H69: 130000 | J69: 本案聯絡窗口為德睿公司（長旺公司），亦屬被告黃馨瑩主導之股票交易 | K69: 本院前審卷四第271頁 | L69: 130000 | O69: =INDEX([1]告訴人!$D$15:$F$372,MATCH(C69,[1]告訴人!$F$15:$F$372,0),1) -> 157 | Q69: 1
A70: 68 | B70: 賴國隆 | C70: 王昕遠 | E70: 103/03/07 | F70: 3000 | G70: 65 | H70: 195000 | J70: 卷內無相關資料，應認非屬黃馨瑩旗下德睿公司販售 | N70: =IF(L70<>0,"註3","") | O70: =INDEX([1]告訴人!$D$15:$F$372,MATCH(C70,[1]告訴人!$F$15:$F$372,0),1) -> #N/A | P70: 被告未提相關佐證，難以辨認 | Q70: 1
A71: 69 | B71: 賴國隆 | C71: 陳宏洋 | E71: 103/03/07 | F71: 1000 | G71: 67 | H71: 67000 | J71: 同原審認定 | K71: 本院前審卷六第421頁、103年度偵字第18883號編號2-13第1頁 | L71: 67000 | M71: 查106年附民字第82號並無相關交易憑證，爰以本院審核結果為準 | O71: =INDEX([1]告訴人!$D$15:$F$372,MATCH(C71,[1]告訴人!$F$15:$F$372,0),1) -> 171
A72: 70 | B72: 賴國隆 | C72: 官裕宗 | D72: 陳薇伃（B4卷第26頁） | E72: 103/03/10 | F72: 10000 | G72: 65 | H72: 650000 | J72: 同原審認定 | K72: 本院前審卷六第417頁、103年度偵字第18883號編號1-7第1頁 | L72: 650000 | O72: =INDEX([1]告訴人!$D$15:$F$372,MATCH(C72,[1]告訴人!$F$15:$F$372,0),1) -> 99
A73: 71 | B73: 賴國隆 | C73: 陳信宏 | E73: 103/03/10 | F73: 6000 | G73: 67 | H73: 402000 | J73: 同原審認定 | K73: 本院前審卷六第415頁、103年度偵字第18883號編號2-13第1頁 | L73: 402000 | O73: =INDEX([1]告訴人!$D$15:$F$372,MATCH(C73,[1]告訴人!$F$15:$F$372,0),1) -> 187
A74: 72 | B74: 賴國隆 | C74: 江錦祥 | E74: 103/03/10 | F74: 5000 | G74: 67 | H74: 335000 | J74: 同原審認定 | K74: 本院前審卷六第427頁、103年度偵字第18883號編號2-13第1頁 | L74: 335000 | O74: =INDEX([1]告訴人!$D$15:$F$372,MATCH(C74,[1]告訴人!$F$15:$F$372,0),1) -> #N/A
A75: 73 | B75: 賴國隆 | C75: 曾喜樑 | E75: 103/03/10 | F75: 2000 | G75: 67 | H75: 134000 | J75: 同原審認定 | K75: 103年度偵字第18883號編號2-13第1頁 | L75: 134000 | O75: =INDEX([1]告訴人!$D$15:$F$372,MATCH(C75,[1]告訴人!$F$15:$F$372,0),1) -> 214
A76: 74 | B76: 賴國隆 | C76: 林惠玫 | E76: 103/03/10 | F76: 1000 | G76: 67 | H76: 67000 | J76: 依扣押物所示成交明細，可知投資人林蕙玟亦在德睿公司成交名單中，堪認屬德睿公司所販賣者（本院前審卷七P7) | K76: 103年度偵字第18883號編號2-13第1頁 | L76: 67000 | O76: =INDEX([1]告訴人!$D$15:$F$372,MATCH(C76,[1]告訴人!$F$15:$F$372,0),1) -> #N/A | P76: 被告未提相關佐證，難以辨認 | Q76: 1
A77: 75 | B77: 賴國隆 | C77: 李孟訓 | E77: 103/03/10 | F77: 5000 | G77: 68 | H77: 340000 | J77: 同原審認定 | K77: 本院前審卷六第417頁、103年度偵字第18883號編號2-13第1頁 | L77: 340000 | O77: =INDEX([1]告訴人!$D$15:$F$372,MATCH(C77,[1]告訴人!$F$15:$F$372,0),1) -> 46
A78: 76 | B78: 賴國隆 | C78: 卓維煌 | E78: 103/03/10 | F78: 10000 | G78: 69 | H78: 690000 | J78: 同原審認定 | K78: 本院前審卷六第427頁 | L78: 690000 | O78: =INDEX([1]告訴人!$D$15:$F$372,MATCH(C78,[1]告訴人!$F$15:$F$372,0),1) -> 72
A79: 77 | B79: 賴國隆 | C79: 李安興 | E79: 103/03/10 | F79: 3000 | G79: 69 | H79: 207000 | J79: 同原審認定 | K79: 本院前審卷六第417頁、103年度偵字第18883號編號2-13第1頁 | L79: 207000 | O79: =INDEX([1]告訴人!$D$15:$F$372,MATCH(C79,[1]告訴人!$F$15:$F$372,0),1) -> #N/A
A80: 78 | B80: 賴國隆 | C80: 林金虎 | E80: 103/03/11 | F80: 2000 | G80: 65 | H80: 130000 | J80: 同原審認定 | K80: 本院前審卷六第417頁、103年度偵字第18883號編號1-7第1頁 | L80: 130000 | O80: =INDEX([1]告訴人!$D$15:$F$372,MATCH(C80,[1]告訴人!$F$15:$F$372,0),1) -> 98
A81: 79 | B81: 賴國隆 | C81: 曾喜樑 | E81: 103/03/12 | F81: 8000 | G81: 67 | H81: 536000 | J81: 同原審認定 | K81: 103年度偵字第18883號編號2-13第1頁 | L81: 536000 | O81: =INDEX([1]告訴人!$D$15:$F$372,MATCH(C81,[1]告訴人!$F$15:$F$372,0),1) -> 214
A82: 80 | B82: 賴國隆 | C82: 吳世隆 | E82: 103/03/13 | F82: 6000 | G82: 66 | H82: 396000 | J82: 同原審認定 | K82: 本院前審卷六第419頁、103年度偵字第18883號編號1-7第1頁 | L82: 396000 | O82: =INDEX([1]告訴人!$D$15:$F$372,MATCH(C82,[1]告訴人!$F$15:$F$372,0),1) -> 32
A83: 81 | B83: 賴國隆 | C83: 曾文清 | E83: 103/03/13 | F83: 1000 | G83: 67 | H83: 67000 | J83: 同原審認定 | K83: 103年度偵字第18883號編號2-13第1頁 | L83: 67000 | O83: =INDEX([1]告訴人!$D$15:$F$372,MATCH(C83,[1]告訴人!$F$15:$F$372,0),1) -> 216
A84: 82 | B84: 賴國隆 | C84: 白靜婷 | E84: 103/03/13 | F84: 2000 | G84: 67 | H84: 134000 | J84: 同原審認定 | K84: 本院前審卷六第417頁、103年度偵字第18883號編號1-6第5頁 | L84: 134000 | O84: =INDEX([1]告訴人!$D$15:$F$372,MATCH(C84,[1]告訴人!$F$15:$F$372,0),1) -> 22
A85: 83 | B85: 賴國隆 | C85: 趙仁豐 | E85: 103/03/13 | F85: 1000 | G85: 69 | H85: 69000 | J85: 同原審認定 | K85: 本院前審卷六第417頁、103年度偵字第18883號編號2-13第1頁 | L85: 69000 | O85: =INDEX([1]告訴人!$D$15:$F$372,MATCH(C85,[1]告訴人!$F$15:$F$372,0),1) -> #N/A
A86: 84 | B86: 賴國隆 | C86: 官裕宗 | D86: 陳薇伃（B4卷第26頁） | E86: 103/03/14 | F86: 5000 | G86: 65 | H86: 325000 | J86: 同原審認定 | K86: 本院前審卷六第417頁、103年度偵字第18883號編號1-7第1頁 | L86: 325000 | O86: =INDEX([1]告訴人!$D$15:$F$372,MATCH(C86,[1]告訴人!$F$15:$F$372,0),1) -> 99
A87: 85 | B87: 賴國隆 | C87: 陳天輝 | E87: 103/03/14 | F87: 10000 | G87: 67 | H87: 670000 | J87: 同原審認定 | K87: 103年度偵字第18883號編號1-6第5頁 | L87: 670000 | O87: =INDEX([1]告訴人!$D$15:$F$372,MATCH(C87,[1]告訴人!$F$15:$F$372,0),1) -> #N/A
A88: 86 | B88: 賴國隆 | C88: 黃仲蘭 | E88: 103/03/14 | F88: 1000 | G88: 67 | H88: 67000 | J88: 同原審認定 | K88: 103年度偵字第18883號編號2-13第1頁 | L88: 67000 | O88: =INDEX([1]告訴人!$D$15:$F$372,MATCH(C88,[1]告訴人!$F$15:$F$372,0),1) -> #N/A
A89: 87 | B89: 賴國隆 | C89: 廖繼仕 | E89: 103/03/14 | F89: 3000 | G89: 67 | H89: 201000 | J89: 同原審認定 | K89: 本院前審卷六第417頁、103年度偵字第18883號編號2-13第1頁 | L89: 201000 | O89: =INDEX([1]告訴人!$D$15:$F$372,MATCH(C89,[1]告訴人!$F$15:$F$372,0),1) -> 266
A90: 88 | B90: 賴國隆 | C90: 鍾瑞堂 | E90: 103/03/14 | F90: 2000 | G90: 69 | H90: 138000 | J90: 同原審認定 | K90: 本院前審卷六第417頁 | L90: 138000 | O90: =INDEX([1]告訴人!$D$15:$F$372,MATCH(C90,[1]告訴人!$F$15:$F$372,0),1) -> #N/A
A91: 89 | B91: 賴國隆 | C91: 謝瀅諭 | E91: 103/03/17 | F91: 3000 | G91: 67 | H91: 201000 | J91: 同原審認定 | K91: 本院前審卷六第419頁、103年度偵字第18883號編號2-13第1頁、106年度附民字第110號第4頁 | L91: 201000 | O91: =INDEX([1]告訴人!$D$15:$F$372,MATCH(C91,[1]告訴人!$F$15:$F$372,0),1) -> 321
A92: 90 | B92: 賴國隆 | C92: 高光陸 | E92: 103/03/17 | F92: 2000 | G92: 67 | H92: 134000 | J92: 同原審認定 | K92: 本院前審卷六第417頁、103年度偵字第18883號編號2-13第1頁 | L92: 134000 | O92: =INDEX([1]告訴人!$D$15:$F$372,MATCH(C92,[1]告訴人!$F$15:$F$372,0),1) -> 126
A93: 91 | B93: 賴國隆 | C93: 邱彥仁 | E93: 103/03/17 | F93: 1000 | G93: 67 | H93: 67000 | J93: 同原審認定 | K93: 本院前審卷六第417頁、103年度偵字第18883號編號1-6第5頁 | L93: 67000 | O93: =INDEX([1]告訴人!$D$15:$F$372,MATCH(C93,[1]告訴人!$F$15:$F$372,0),1) -> #N/A
A94: 92 | B94: 賴國隆 | C94: 張雅惠 | E94: 103/03/17 | F94: 2000 | G94: 67 | H94: 134000 | J94: 本案聯絡窗口為德睿公司（長旺公司），亦屬被告黃馨瑩主導之股票交易 | K94: 本院前審卷四第271頁 | L94: 134000 | O94: =INDEX([1]告訴人!$D$15:$F$372,MATCH(C94,[1]告訴人!$F$15:$F$372,0),1) -> 157 | Q94: 1
A95: 93 | B95: 賴國隆 | C95: 鄭彩惠 | E95: 103/03/17 | F95: 1000 | G95: 67 | H95: 67000 | J95: 同原審認定 | K95: 103年度偵字第18883號編號2-13第1頁 | L95: 67000 | O95: =INDEX([1]告訴人!$D$15:$F$372,MATCH(C95,[1]告訴人!$F$15:$F$372,0),1) -> 293
A96: 94 | B96: 賴國隆 | C96: 郭如玲 | E96: 103/03/17 | F96: 20000 | G96: 67 | H96: 1340000 | J96: 同原審認定 | K96: 本院前審卷六第417頁、103年度偵字第18883號編號2-13第1頁 | L96: 1340000 | O96: =INDEX([1]告訴人!$D$15:$F$372,MATCH(C96,[1]告訴人!$F$15:$F$372,0),1) -> 144
A97: 95 | B97: 賴國隆 | C97: 黃曉萍 | E97: 103/03/17 | F97: 2000 | G97: 69 | H97: 138000 | J97: 同原審認定 | K97: 本院前審卷六第417頁，E36卷第240頁 | L97: 138000 | O97: =INDEX([1]告訴人!$D$15:$F$372,MATCH(C97,[1]告訴人!$F$15:$F$372,0),1) -> 242
A98: 96 | B98: 賴國隆 | C98: 廖龍鐓 | E98: 103/03/17 | F98: 1000 | G98: 69 | H98: 69000 | J98: 卷內無相關資料，應認非屬黃馨瑩旗下德睿公司販售 | N98: =IF(L98<>0,"註3","") | O98: =INDEX([1]告訴人!$D$15:$F$372,MATCH(C98,[1]告訴人!$F$15:$F$372,0),1) -> #N/A | P98: 被告未提相關佐證，難以辨認 | Q98: 1
A99: 97 | B99: 賴國隆 | C99: 莊重信 | E99: 103/03/17 | F99: 6000 | G99: 69 | H99: 414000 | J99: 同原審認定 | K99: 本院前審卷六第419頁、103年度偵字第18883號編號2-13第1頁、E15卷第39頁 | L99: 414000 | O99: =INDEX([1]告訴人!$D$15:$F$372,MATCH(C99,[1]告訴人!$F$15:$F$372,0),1) -> 131
A100: 98 | B100: 賴國隆 | C100: 陳良賓 | E100: 103/03/18 | F100: 1000 | G100: 67 | H100: 67000 | J100: 卷內無相關資料，應認非屬黃馨瑩旗下德睿公司販售 | N100: =IF(L100<>0,"註3","") | O100: =INDEX([1]告訴人!$D$15:$F$372,MATCH(C100,[1]告訴人!$F$15:$F$372,0),1) -> #N/A | P100: 被告未提相關佐證，難以辨認 | Q100: 1
...

Sheet 附表七
A1: 附表七：「黃馨瑩出售元龍、金隆公司股票明細表」
A2: 編號 | B2: 股票名稱 | C2: 投資人 | D2: 業務 | E2: 成交日期 | F2: 成交股數 | G2: 成交單價 | H2: 成交總價 | I2: 卷證出處
A3: 1 | B3: 金隆 | C3: 羅元彥 | E3: 103/10/17 | F3: 1000 | G3: 65 | H3: =F3*G3 -> 65000 | I3: 扣押物「7-33」P15
A4: 2 | B4: 金隆 | C4: 孫秋萍 | D4: 劉任修 | E4: 103/11/03 | F4: 2000 | G4: 65 | H4: =F4*G4 -> 130000 | I4: 扣押物「7-33」P12
A5: 3 | B5: 金隆 | C5: 林財正 | D5: 黃亭瑄 | E5: 103/11/05 | F5: 3000 | G5: 60 | H5: =F5*G5 -> 180000 | I5: 扣押物「7-33」P12
A6: 4 | B6: 金隆 | C6: 陳沅池 | D6: 劉任修 | E6: 103/11/08 | F6: 1000 | G6: 65 | H6: =F6*G6 -> 65000 | I6: 扣押物「7-33」P12
A7: 5 | B7: 金隆 | C7: 林柏昌 | D7: 黃亭瑄 | E7: 103/11/18 | F7: 2000 | G7: 65 | H7: =F7*G7 -> 130000 | I7: 扣押物「7-33」P12
A8: 6 | B8: 金隆 | C8: 陳仁誠 | E8: 103/11/20 | F8: 3000 | G8: 65 | H8: =F8*G8 -> 195000 | I8: 扣押物「7-33」P12
A9: 7 | B9: 金隆 | C9: 謝季恩 | E9: 103/11/21 | F9: 4000 | G9: 65 | H9: =F9*G9 -> 260000 | I9: 扣押物「7-33」P12
A10: 8 | B10: 金隆 | C10: 謝季恩 | E10: 103/11/21 | F10: 1000 | G10: 35 | H10: =F10*G10 -> 35000 | I10: 扣押物「7-33」P12
A11: 9 | B11: 金隆 | C11: 林威揚 | E11: 103/11/21 | F11: 1000 | G11: 65 | H11: =F11*G11 -> 65000 | I11: 扣押物「7-33」P12
A12: 10 | B12: 金隆 | C12: 張凱雄 | D12: 劉任修 | E12: 103/11/21 | F12: 5000 | G12: 65 | H12: =F12*G12 -> 325000 | I12: 扣押物「7-33」P12
A13: 11 | B13: 金隆 | C13: 張凱雄 | D13: 劉任修 | E13: 103/11/21 | F13: 1000 | G13: 35 | H13: =F13*G13 -> 35000 | I13: 扣押物「7-33」P12
A14: 12 | B14: 金隆 | C14: 郭秀霞 | E14: 103/11/24 | F14: 3000 | G14: 65 | H14: =F14*G14 -> 195000 | I14: 扣押物「7-33」P12
A15: 13 | B15: 金隆 | C15: 陳沅池 | D15: 劉任修 | E15: 103/110/8 | F15: 1000 | G15: 45 | H15: =F15*G15 -> 45000 | I15: 扣押物「7-33」P12
A16: 14 | B16: 金隆 | C16: 彭秋月 | E16: 103/12/01 | F16: 10000 | G16: 65 | H16: =F16*G16 -> 650000 | I16: 扣押物「7-33」P10
A17: 15 | B17: 金隆 | C17: 彭秋月 | E17: 103/12/01 | F17: 2000 | G17: 35 | H17: =F17*G17 -> 70000 | I17: 扣押物「7-33」P10
A18: 16 | B18: 金隆 | C18: 陳玉枝 | E18: 103/12/01 | F18: 5000 | G18: 65 | H18: =F18*G18 -> 325000 | I18: 扣押物「7-33」P10
A19: 17 | B19: 金隆 | C19: 陳玉枝 | E19: 103/12/01 | F19: 1000 | G19: 35 | H19: =F19*G19 -> 35000 | I19: 扣押物「7-33」P10
A20: 18 | B20: 金隆 | C20: 卓維煌 | E20: 103/12/01 | F20: 5000 | G20: 65 | H20: =F20*G20 -> 325000 | I20: 扣押物「7-33」P10
A21: 19 | B21: 金隆 | C21: 卓維煌 | E21: 103/12/01 | F21: 1000 | G21: 35 | H21: =F21*G21 -> 35000 | I21: 扣押物「7-33」P10
A22: 20 | B22: 金隆 | C22: 闕千惠 | E22: 103/12/03 | F22: 5000 | G22: 65 | H22: =F22*G22 -> 325000 | I22: 扣押物「7-33」P10
A23: 21 | B23: 金隆 | C23: 闕千惠 | E23: 103/12/03 | F23: 1000 | G23: 35 | H23: =F23*G23 -> 35000 | I23: 扣押物「7-33」P10
A24: 22 | B24: 金隆 | C24: 洪華憶 | E24: 103/12/04 | F24: 2000 | G24: 65 | H24: =F24*G24 -> 130000 | I24: 扣押物「7-33」P10
A25: 23 | B25: 金隆 | C25: 余春財 | E25: 103/12/05 | F25: 5000 | G25: 65 | H25: =F25*G25 -> 325000 | I25: 扣押物「7-33」P10
A26: 24 | B26: 金隆 | C26: 余春財 | E26: 103/12/05 | F26: 1000 | G26: 35 | H26: =F26*G26 -> 35000 | I26: 扣押物「7-33」P10
A27: 25 | B27: 金隆 | C27: 孫秋萍 | D27: 劉任修 | E27: 103/12/05 | F27: 8000 | G27: 65 | H27: =F27*G27 -> 520000 | I27: 扣押物「7-33」P10
A28: 26 | B28: 金隆 | C28: 孫秋萍 | D28: 劉任修 | E28: 103/12/05 | F28: 2000 | G28: 35 | H28: =F28*G28 -> 70000 | I28: 扣押物「7-33」P10
A29: 27 | B29: 金隆 | C29: 張宏嘉 | D29: 劉任修 | E29: 103/12/08 | F29: 5000 | G29: 65 | H29: =F29*G29 -> 325000 | I29: 扣押物「7-33」P10
A30: 28 | B30: 金隆 | C30: 張宏嘉 | D30: 劉任修 | E30: 103/12/08 | F30: 1000 | G30: 35 | H30: =F30*G30 -> 35000 | I30: 扣押物「7-33」P10
A31: 29 | B31: 金隆 | C31: 謝小島 | D31: 劉任修 | E31: 103/12/26 | F31: 3000 | G31: 65 | H31: =F31*G31 -> 195000 | I31: 扣押物「7-33」P10
A32: 30 | B32: 金隆 | C32: 黃國榕 | E32: 104/01/05 | F32: 1000 | G32: 65 | H32: =F32*G32 -> 65000 | I32: 扣押物「7-33」P7
A33: 31 | B33: 金隆 | C33: 張宏嘉 | D33: 劉任修 | E33: 104/01/06 | F33: 10000 | G33: 65 | H33: =F33*G33 -> 650000 | I33: 扣押物「7-33」P8
A34: 32 | B34: 金隆 | C34: 張宏嘉 | D34: 劉任修 | E34: 104/01/06 | F34: 2000 | G34: 35 | H34: =F34*G34 -> 70000 | I34: 扣押物「7-33」P8
A35: 33 | B35: 金隆 | C35: 張慧玉 | D35: 劉任修 | E35: 104/01/06 | F35: 10000 | G35: 65 | H35: =F35*G35 -> 650000 | I35: 扣押物「7-33」P8
A36: 34 | B36: 金隆 | C36: 張慧玉 | D36: 劉任修 | E36: 104/01/06 | F36: 2000 | G36: 35 | H36: =F36*G36 -> 70000 | I36: 扣押物「7-33」P8
A37: 35 | B37: 金隆 | C37: 劉子鵬 | E37: 104/02/26 | F37: 2000 | G37: 65 | H37: =F37*G37 -> 130000 | I37: 扣押物「7-33」P8
A38: 36 | B38: 金隆 | C38: 謝小島 | D38: 劉任修 | E38: 104/02/26 | F38: 1000 | G38: 65 | H38: =F38*G38 -> 65000 | I38: 扣押物「7-33」P8
A39: 37 | B39: 金隆 | C39: 黃銀河 | D39: 詹雅玲 | E39: 104/03/04 | F39: 1000 | G39: 65 | H39: =F39*G39 -> 65000 | I39: 扣押物「7-33」P6
A40: 38 | B40: 金隆 | C40: 黃國榕 | E40: 104/03/11 | F40: 4000 | G40: 65 | H40: =F40*G40 -> 260000 | I40: 扣押物「7-33」P6
A41: 39 | B41: 金隆 | C41: 黃國榕 | E41: 104/03/11 | F41: 1000 | G41: 35 | H41: =F41*G41 -> 35000 | I41: 扣押物「7-33」P6
A42: 40 | B42: 金隆 | C42: 江玉琴 | E42: 104/03/16 | F42: 1000 | G42: 65 | H42: =F42*G42 -> 65000 | I42: 扣押物「7-33」P6
A43: 41 | B43: 金隆 | C43: 廖述昭 | E43: 104/03/16 | F43: 5000 | G43: 65 | H43: =F43*G43 -> 325000 | I43: 扣押物「7-33」P6
A44: 42 | B44: 金隆 | C44: 廖述昭 | E44: 104/03/16 | F44: 1000 | G44: 35 | H44: =F44*G44 -> 35000 | I44: 扣押物「7-33」P6
A45: 43 | B45: 金隆 | C45: 黃銀河 | D45: 詹雅玲 | E45: 104/03/16 | F45: 9000 | G45: 65 | H45: =F45*G45 -> 585000 | I45: 扣押物「7-33」P6
A46: 44 | B46: 金隆 | C46: 黃銀河 | D46: 詹雅玲 | E46: 104/03/16 | F46: 2000 | G46: 35 | H46: =F46*G46 -> 70000 | I46: 扣押物「7-33」P6
A47: 45 | B47: 金隆 | C47: 方秀娟 | E47: 104/03/19 | F47: 2000 | G47: 65 | H47: =F47*G47 -> 130000 | I47: 扣押物「7-33」P6
A48: 46 | B48: 元龍 | C48: 黃憲民 | E48: 104/03/23 | F48: 3000 | G48: 67 | H48: =F48*G48 -> 201000 | I48: 扣押物「7-33」P6
A49: 47 | B49: 元龍 | C49: 黃憲民 | E49: 104/03/23 | F49: 1000 | G49: 35 | H49: =F49*G49 -> 35000 | I49: 扣押物「7-33」P6
A50: 48 | B50: 金隆 | C50: 莊蕙裙 | E50: 104/04/01 | F50: 1000 | G50: 68 | H50: =F50*G50 -> 68000 | I50: 扣押物「7-33」P5
A51: 49 | B51: 元龍 | C51: 廖述昭 | E51: 104/04/01 | F51: 3000 | G51: 67 | H51: =F51*G51 -> 201000 | I51: 扣押物「7-33」P5
A52: 50 | B52: 元龍 | C52: 廖述昭 | E52: 104/04/01 | F52: 1000 | G52: 35 | H52: =F52*G52 -> 35000 | I52: 扣押物「7-33」P5
A53: 51 | B53: 元龍 | C53: 林盈和 | E53: 104/04/02 | F53: 1000 | G53: 67 | H53: =F53*G53 -> 67000 | I53: 扣押物「7-33」P5
A54: 52 | B54: 金隆 | C54: 林淨 | E54: 104/04/07 | F54: 2000 | G54: 68 | H54: =F54*G54 -> 136000 | I54: 扣押物「7-33」P5
A55: 53 | B55: 金隆 | C55: 陳世忠 | D55: 劉任修 | E55: 104/04/13 | F55: 1000 | G55: 68 | H55: =F55*G55 -> 68000 | I55: 扣押物「7-33」P5
A56: 54 | B56: 元龍 | C56: 吳至佳 | E56: 104/04/15 | F56: 2000 | G56: 67 | H56: =F56*G56 -> 134000 | I56: 扣押物「7-33」P5
A57: 55 | B57: 元龍 | C57: 張正二 | E57: 104/04/15 | F57: 3000 | G57: 67 | H57: =F57*G57 -> 201000 | I57: 扣押物「7-33」P5
A58: 56 | B58: 元龍 | C58: 張正二 | E58: 104/04/15 | F58: 1000 | G58: 35 | H58: =F58*G58 -> 35000 | I58: 扣押物「7-33」P5
A59: 57 | B59: 元龍 | C59: 陳志杰 | E59: 104/04/16 | F59: 2000 | G59: 67 | H59: =F59*G59 -> 134000 | I59: 扣押物「7-33」P5
A60: 58 | B60: 元龍 | C60: 藍宗文 | D60: 詹雅玲 | E60: 104/04/23 | F60: 3000 | G60: 67 | H60: =F60*G60 -> 201000 | I60: 扣押物「7-33」P5
A61: 59 | B61: 元龍 | C61: 藍宗文 | D61: 詹雅玲 | E61: 104/04/23 | F61: 1000 | G61: 35 | H61: =F61*G61 -> 35000 | I61: 扣押物「7-33」P5
A62: 60 | B62: 元龍 | C62: 蔡郁惠 | E62: 104/04/27 | F62: 1000 | G62: 67 | H62: =F62*G62 -> 67000 | I62: 扣押物「7-33」P5
A63: 61 | B63: 元龍 | C63: 廖阿妹 | E63: 104/04/27 | F63: 3000 | G63: 67 | H63: =F63*G63 -> 201000 | I63: 扣押物「7-33」P5
A64: 62 | B64: 元龍 | C64: 廖阿妹 | E64: 104/04/27 | F64: 1000 | G64: 35 | H64: =F64*G64 -> 35000 | I64: 扣押物「7-33」P5
A65: 63 | B65: 元龍 | C65: 廖阿妹 | E65: 104/05/15 | F65: 2000 | G65: 67 | H65: =F65*G65 -> 134000 | I65: 扣押物「7-33」P4
A66: 64 | B66: 元龍 | C66: 廖書逸 | E66: 104/05/18 | F66: 1000 | G66: 67 | H66: =F66*G66 -> 67000 | I66: 扣押物「7-33」P4
A67: 65 | B67: 元龍 | C67: 高瑞菊 | E67: 104/05/25 | F67: 3000 | G67: 67 | H67: =F67*G67 -> 201000 | I67: 扣押物「7-33」P4
A68: 66 | B68: 元龍 | C68: 高瑞菊 | E68: 104/05/25 | F68: 1000 | G68: 35 | H68: =F68*G68 -> 35000 | I68: 扣押物「7-33」P4
A69: 67 | B69: 元龍 | C69: 陳金瑤 | D69: 詹雅萍 | E69: 104/05/27 | F69: 3000 | G69: 67 | H69: =F69*G69 -> 201000 | I69: 扣押物「7-33」P4
A70: 68 | B70: 元龍 | C70: 陳金瑤 | D70: 詹雅萍 | E70: 104/05/27 | F70: 1000 | G70: 35 | H70: =F70*G70 -> 35000 | I70: 扣押物「7-33」P4
A71: 69 | B71: 元龍 | C71: 林寶姝 | E71: 104/06/01 | F71: 1000 | G71: 67 | H71: =F71*G71 -> 67000 | I71: 扣押物「7-33」P3
A72: 70 | B72: 元龍 | C72: 廖述昭 | E72: 104/06/01 | F72: 3000 | G72: 67 | H72: =F72*G72 -> 201000 | I72: 扣押物「7-33」P3
A73: 71 | B73: 元龍 | C73: 廖述昭 | E73: 104/06/01 | F73: 1000 | G73: 35 | H73: =F73*G73 -> 35000 | I73: 扣押物「7-33」P3
A74: 72 | B74: 元龍 | C74: 謝季恩 | E74: 104/06/08 | F74: 2000 | G74: 67 | H74: =F74*G74 -> 134000 | I74: 扣押物「7-33」P3
A75: 73 | B75: 元龍 | C75: 蔡文益 | E75: 104/06/16 | F75: 2000 | G75: 67 | H75: =F75*G75 -> 134000 | I75: 扣押物「7-33」P3
A76: 74 | B76: 元龍 | C76: 林靖茹 | D76: 詹雅玲 | E76: 104/07/01 | F76: 3000 | G76: 67 | H76: =F76*G76 -> 201000 | I76: 扣押物「7-33」P2
A77: 75 | B77: 元龍 | C77: 林靖茹 | D77: 詹雅玲 | E77: 104/07/01 | F77: 1000 | G77: 35 | H77: =F77*G77 -> 35000 | I77: 扣押物「7-33」P2
A78: 76 | B78: 元龍 | C78: 劉炳貴 | E78: 104/07/01 | F78: 1000 | G78: 67 | H78: =F78*G78 -> 67000 | I78: 扣押物「7-33」P2
A79: 77 | B79: 元龍 | C79: 廖阿妹 | E79: 104/07/20 | F79: 1000 | G79: 67 | H79: =F79*G79 -> 67000 | I79: 扣押物「7-33」P2
A80: 78 | B80: 元龍 | C80: 廖阿妹 | E80: 104/07/20 | F80: 1000 | G80: 35 | H80: =F80*G80 -> 35000 | I80: 扣押物「7-33」P2
A81: 79 | B81: 元龍 | C81: 吳至佳 | E81: 104/07/28 | F81: 1000 | G81: 67 | H81: =F81*G81 -> 67000 | I81: 扣押物「7-33」P2
A82: 80 | B82: 元龍 | C82: 吳至佳 | E82: 104/07/28 | F82: 1000 | G82: 35 | H82: =F82*G82 -> 35000 | I82: 扣押物「7-33」P2
A83: 81 | B83: 元龍 | C83: 廖述昭 | E83: 104/08/07 | F83: 3000 | G83: 67 | H83: =F83*G83 -> 201000 | I83: 扣押物「7-33」P1
A84: 82 | B84: 元龍 | C84: 廖述昭 | E84: 104/08/07 | F84: 1000 | G84: 35 | H84: =F84*G84 -> 35000 | I84: 扣押物「7-33」P1
A85: 83 | B85: 元龍 | C85: 劉炳貴 | E85: 104/08/10 | F85: 5000 | G85: 67 | H85: =F85*G85 -> 335000 | I85: 扣押物「7-33」P1
A86: 84 | B86: 元龍 | C86: 劉炳貴 | E86: 104/08/10 | F86: 2000 | G86: 35 | H86: =F86*G86 -> 70000 | I86: 扣押物「7-33」P1
A87: 85 | B87: 元龍 | C87: 周岳穎 | E87: 104/08/17 | F87: 1000 | G87: 67 | H87: =F87*G87 -> 67000 | I87: 扣押物「7-33」P1
A88: 86 | B88: 元龍 | C88: 張凱 | D88: 詹雅玲 | E88: 104/08/18 | F88: 3000 | G88: 67 | H88: =F88*G88 -> 201000 | I88: 扣押物「7-33」P1
A89: 87 | B89: 元龍 | C89: 張凱 | D89: 詹雅玲 | E89: 104/08/18 | F89: 1000 | G89: 35 | H89: =F89*G89 -> 35000 | I89: 扣押物「7-33」P1
A90: 88 | B90: 元龍 | C90: 李昭圻 | E90: 104/08/24 | F90: 3000 | G90: 67 | H90: =F90*G90 -> 201000 | I90: 扣押物「7-33」P1
A91: 89 | B91: 元龍 | C91: 李昭圻 | E91: 104/08/24 | F91: 1000 | G91: 35 | H91: =F91*G91 -> 35000 | I91: 扣押物「7-33」P1
B92: 元龍小計 | F92: =SUM(F51:F91) -> 74000 | H92: =SUM(H51:H91) -> 4481000
B93: 金隆小計 | F93: =SUM(F3:F50) -> 144000 | H93: =SUM(H3:H50) -> 8734000
B94: 金額總計 | F94: =F93+F92 -> 218000 | H94: =H93+H92 -> 13215000
B95: 購入成本（註1） | F95: 218000 | G95: 24 | H95: =F95*G95 -> 5232000
B96: 獲利總額 | H96: =H94-H95 -> 7983000
B97: 扣除：千分之三證券交易稅 | H97: =H94*0.003 -> 39645
B98: 扣除：15％稅證券交易所得稅 | H98: =(H96-H97)*0.15 -> 1191503.2
B99: 獲利淨額 | H99: =H96-H97-H98 -> 6751851.8
A100: 註1： | B100: 依據被告黃馨瑩104年9月17日於調查局詢問及偵訊時供述（A46卷第120頁、150頁反面），以每股24元作為股票購入成本。

Sheet 附表八 
A1: 附表八：「劉勝誼購入兆良公司股票後出售予投資人明細表」（註）
A2: 編號 | B2: 出賣人 | C2: 投資人 | D2: 成交日期 | E2: 成交股數 | F2: 成交單價 | G2: 成交總價 | H2: 備註
A3: 1 | B3: 劉勝誼 | C3: 洪純翠 | D3: 103/09/02 | E3: 10000 | F3: 67 | G3: 670000 | H3: 本院光碟資料卷P14反
A4: 2 | B4: 劉勝誼 | C4: 何儒婷 | D4: 103/09/03 | E4: 5000 | F4: 67 | G4: 335000 | H4: 本院光碟資料卷P4反
A5: 3 | B5: 劉勝誼 | C5: 趙正凱 | D5: 103/09/04 | E5: 2000 | F5: 67 | G5: 134000 | H5: 本院光碟資料卷P7
A6: 4 | B6: 劉勝誼 | C6: 李孝君 | D6: 103/09/04 | E6: 2000 | F6: 67 | G6: 134000 | H6: 本院光碟資料卷P9反
A7: 5 | B7: 劉勝誼 | C7: 傅仁杰 | D7: 103/09/04 | E7: 2000 | F7: 67 | G7: 134000 | H7: 本院光碟資料卷P9反
A8: 6 | B8: 劉勝誼 | C8: 顏萬清 | D8: 103/10/01 | E8: 1000 | F8: 67 | G8: 67000 | H8: 本院光碟資料卷P3
A9: 7 | B9: 劉勝誼 | C9: 陳建攸 | D9: 103/10/01 | E9: 1000 | F9: 67 | G9: 67000 | H9: 本院光碟資料卷P3反
A10: 8 | B10: 劉勝誼 | C10: 魏麗華 | D10: 103/10/01 | E10: 1000 | F10: 67 | G10: 67000 | H10: 本院光碟資料卷P3反
A11: 9 | B11: 劉勝誼 | C11: 鄭人豪 | D11: 103/10/01 | E11: 1000 | F11: 67 | G11: 67000 | H11: 本院光碟資料卷P7
A12: 10 | B12: 劉勝誼 | C12: 鄧錦華 | D12: 103/10/01 | E12: 3000 | F12: 67 | G12: 201000 | H12: 本院光碟資料卷P11
A13: 11 | B13: 劉勝誼 | C13: 劉靜枝 | D13: 103/10/01 | E13: 1000 | F13: 67 | G13: 67000 | H13: 本院光碟資料卷P11
A14: 12 | B14: 劉勝誼 | C14: 蕭舜耀 | D14: 103/10/01 | E14: 10000 | F14: 67 | G14: 670000 | H14: 本院光碟資料卷P12
... A145: 143 | B145: 劉勝誼 | C145: 劉桂有 | D145: 104/01/26 | E145: 6000 | F145: 67 | G145: 402000 | H145: 本院光碟資料卷P17
E146: =SUBTOTAL(9,E3:E145) -> 604000 | F146: 總計 | G146: =SUBTOTAL(9,G3:G145) -> 29926000
A147: 註： | B147: 卷證出處為A21卷第113至144頁、原審卷六第241至244頁所附光碟及本院列印資料 1份（本院光碟資料卷第2-17頁）。

Sheet 附表九
A1: 附表九：「兆良公司100年9月至104年4月銷售額一覽表」（註1）
A2: 年月 | B2: 銷售額 | C2: 銷貨退回 | D2: 備註
A3: 100年9至10月 | B3: 0
A4: 100年11至12月 | B4: 0
A5: 101年1至2月 | B5: 0
A6: 101年3至4月 | B6: 0
A7: 101年5至6月 | B7: 0
A8: 101年7至8月 | B8: 0
A9: 101年9至10月 | B9: 0
A10: 101年11至12月 | B10: 61905
A11: 102年1至2月 | B11: 0
A12: 102年3至4月 | B12: 0
A13: 102年5至6月 | B13: 0
A14: 102年7至8月 | B14: 0
A15: 102年9至10月 | B15: 0
A16: 102年11至12月 | B16: 10357143 | D16: 其中對「兆乾公司」、「豪倫公司」之銷售額為9,357,143元，占該期間銷售額比重為90.34%（註2）
A17: 103年1至2月 | B17: 9619048 | D17: 其中對「豪倫公司」之銷售額為9,619,048元，占該期間銷售額比重為100%（註3）
A18: 103年3至4月 | B18: 12380953 | D18: 其中對「豪倫公司」之銷售額為12,380,953元，占該期間銷售額比重為100%（註4）
A19: 103年5至6月 | B19: 17619047 | D19: 其中對「豪倫公司」、「習拿納生醫公司」之銷售額為17,619,047元，占該期間銷售額比重為100%（註5）
A20: 103年7至8月 | B20: 8448781 | D20: 其中對「習拿納生醫公司」之銷售額為8,308,304元，占該期間銷售額比重為98.34%（註6）
A21: 103年9至10月 | B21: 145238
A22: 103年11至12月 | B22: 702500 | C22: -6482691
A23: 104年1至2月 | B23: 0 | C23: -43367001
A24: 104年3至4月 | B24: 1460008
A25: 註1：卷證出處為A43卷第303至313反頁。
A26: 註2：其中銷售對象為「兆乾公司」、「豪倫公司」之銷售明細如下（A30卷第89至92頁）：
A27: 年月 | B27: 銷售對象 | C27: 銷售額 | D27: 營業稅 | E27: 總金額
A28: 102/11 | B28: 兆乾公司 | C28: 2000000 | D28: 100000 | E28: =C28+D28 -> 2100000
A29: 102/11 | B29: 兆乾公司 | C29: 2000000 | D29: 100000 | E29: =C29+D29 -> 2100000
A30: 102/11 | B30: 兆乾公司 | C30: 2500000 | D30: 125000 | E30: =C30+D30 -> 2625000
A31: 102/12 | B31: 豪倫公司 | C31: 2857143 | D31: 142857 | E31: =C31+D31 -> 3000000
A32: 小計 | C32: =SUM(C28:C31) -> 9357143 | D32: =SUM(D28:D31) -> 467857 | E32: =SUM(E28:E31) -> 9825000
A33: 比重 | C33: =C32/B16 -> 0.90344828
A34: 註3：其中銷售對象為「豪倫公司」之銷售明細如下（A30卷第89至92頁）：
A35: 年月 | B35: 銷售對象 | C35: 銷售額 | D35: 營業稅 | E35: 總金額
A36: 103/01 | B36: 豪倫公司 | C36: 2857143 | D36: 142857 | E36: =C36+D36 -> 3000000
A37: 103/02 | B37: 豪倫公司 | C37: 2952381 | D37: 147619 | E37: =C37+D37 -> 3100000
A38: 103/02 | B38: 豪倫公司 | C38: 3809524 | D38: 190476 | E38: =C38+D38 -> 4000000
A39: 小計 | C39: =SUM(C36:C38) -> 9619048 | D39: =SUM(D35:D38) -> 480952 | E39: =SUM(E35:E38) -> 10100000
A40: 比重 | C40: =C39/B17 -> 1
A41: 註4：其中銷售對象為「豪倫公司」之銷售明細如下（A30卷第89至92頁）：
A42: 年月 | B42: 銷售對象 | C42: 銷售額 | D42: 營業稅 | E42: 總金額
A43: 103/03 | B43: 豪倫公司 | C43: 3809524 | D43: 190476 | E43: =C43+D43 -> 4000000
A44: 103/04 | B44: 豪倫公司 | C44: 3809524 | D44: 190476 | E44: =C44+D44 -> 4000000
A45: 103/04 | B45: 豪倫公司 | C45: 4761905 | D45: 238095 | E45: =C45+D45 -> 5000000
A46: 小計 | C46: =SUM(C43:C45) -> 12380953 | D46: =SUM(D42:D45) -> 619047 | E46: =SUM(E42:E45) -> 13000000
A47: 比重 | C47: =C46/B18 -> 1
A48: 註5：其中銷售對象為「豪倫公司」、「習拿納生醫公司」之銷售明細如下（A30卷第89至92頁）：
A49: 年月 | B49: 銷售對象 | C49: 銷售額 | D49: 營業稅 | E49: 總金額
A50: 103/05 | B50: 豪倫公司 | C50: 1142857 | D50: 57143 | E50: =C50+D50 -> 1200000
A51: 103/05 | B51: 豪倫公司 | C51: 1428571 | D51: 71429 | E51: =C51+D51 -> 1500000
A52: 103/05 | B52: 豪倫公司 | C52: 952381 | D52: 47619 | E52: =C52+D52 -> 1000000
A53: 103/05 | B53: 豪倫公司 | C53: 1857143 | D53: 92857 | E53: =C53+D53 -> 1950000
A54: 103/05 | B54: 豪倫公司 | C54: 1285714 | D54: 64286 | E54: =C54+D54 -> 1350000
A55: 103/06 | B55: 豪倫公司 | C55: 1809524 | D55: 90476 | E55: =C55+D55 -> 1900000
A56: 103/06 | B56: 豪倫公司 | C56: 1523810 | D56: 76190 | E56: =C56+D56 -> 1600000
A57: 103/06 | B57: 習拿納生醫公司 | C57: 1523810 | D57: 76190 | E57: =C57+D57 -> 1600000
A58: 103/06 | B58: 習拿納生醫公司 | C58: 1742857 | D58: 87143 | E58: =C58+D58 -> 1830000
A59: 103/06 | B59: 習拿納生醫公司 | C59: 1638095 | D59: 81905 | E59: =C59+D59 -> 1720000
A60: 103/06 | B60: 習拿納生醫公司 | C60: 1285714 | D60: 64286 | E60: =C60+D60 -> 1350000
A61: 103/06 | B61: 習拿納生醫公司 | C61: 1428571 | D61: 71429 | E61: =C61+D61 -> 1500000
A62: 小計 | C62: =SUM(C50:C61) -> 17619047 | D62: =SUM(D58:D61) -> 304763 | E62: =SUM(E58:E61) -> 6400000
A63: 比重 | C63: =C62/B19 -> 1
A64: 註6：其中銷售對象為「習拿納生醫公司」之銷售明細如下（A30卷第89至92頁）：
A65: 年月 | B65: 銷售對象 | C65: 銷售額 | D65: 營業稅 | E65: 總金額
A66: 103/07 | B66: 習拿納生醫公司 | C66: 763070 | D66: 38153 | E66: =C66+D66 -> 801223
A67: 103/07 | B67: 習拿納生醫公司 | C67: 741565 | D67: 37078 | E67: =C67+D67 -> 778643
A68: 103/07 | B68: 習拿納生醫公司 | C68: 1050963 | D68: 52548 | E68: =C68+D68 -> 1103511
A69: 103/07 | B69: 習拿納生醫公司 | C69: 821707 | D69: 41085 | E69: =C69+D69 -> 862792
A70: 103/07 | B70: 習拿納生醫公司 | C70: 761325 | D70: 38066 | E70: =C70+D70 -> 799391
A71: 103/08 | B71: 習拿納生醫公司 | C71: 769185 | D71: 38459 | E71: =C71+D71 -> 807644
A72: 103/08 | B72: 習拿納生醫公司 | C72: 782932 | D72: 39147 | E72: =C72+D72 -> 822079
A73: 103/08 | B73: 習拿納生醫公司 | C73: 857155 | D73: 42858 | E73: =C73+D73 -> 900013
A74: 103/08 | B74: 習拿納生醫公司 | C74: 934803 | D74: 46740 | E74: =C74+D74 -> 981543
A75: 103/08 | B75: 習拿納生醫公司 | C75: 825599 | D75: 41280 | E75: =C75+D75 -> 866879
A76: 小計 | C76: =SUM(C66:C75) -> 8308304 | D76: =SUM(D72:D75) -> 170025 | E76: =SUM(E72:E75) -> 3570514
A77: 比重 | C77: =C76/B20 -> 0.9833731

Sheet 附表十
A1: 附表十：「以王立華、施明宏名義購入兆良公司股票後，出售予投資人明細表」
A2: 編號 | B2: 出賣人 | C2: 投資人 | D2: 成交日期 | E2: 成交股數 | F2: 成交單價 | G2: 成交總價 | H2: 本院審核註1 | I2: 卷證依據註1 | J2: 備註 | S2: 朱緯業犯罪所得 | U2: 黃馨瑩犯罪所得
A3: 1 | B3: 王立華 | C3: 施明宏 | D3: 103/02/26 | E3: 5000 | F3: 25 | G3: 125000 | J3: =IF(S3<>0,"註2",IF(U3<>0,"註3",""))
A4: 2 | B4: 王立華 | C4: 彭士哲 | D4: 103/02/26 | E4: 5000 | F4: 25 | G4: 125000 | J4: =IF(S4<>0,"註2",IF(U4<>0,"註3",""))
A5: 3 | B5: 王立華 | C5: 黃宥穎 | D5: 103/03/19 | E5: 1000 | F5: 68 | G5: 68000 | J5: =IF(S5<>0,"註2",IF(U5<>0,"註3",""))
A6: 4 | B6: 王立華 | C6: 劉振發 | D6: 103/03/20 | E6: 5000 | F6: 68 | G6: 340000 | J6: =IF(S6<>0,"註2",IF(U6<>0,"註3",""))
A7: 5 | B7: 王立華 | C7: 劉麗蘭 | D7: 103/03/21 | E7: 5000 | F7: 68 | G7: 340000 | J7: =IF(S7<>0,"註2",IF(U7<>0,"註3",""))
A8: 6 | B8: 王立華 | C8: 康美玉 | D8: 103/03/26 | E8: 2000 | F8: 67 | G8: 134000 | J8: =IF(S8<>0,"註2",IF(U8<>0,"註3",""))
A9: 7 | B9: 王立華 | C9: 薛柏林 | D9: 103/03/27 | E9: 4000 | F9: 67 | G9: 268000 | H9: 該交易透過萬豐公司聯絡，被告朱緯業承認其為該公司實際負責人，應與被告黃馨瑩無涉 | I9: 本院前審卷四第521頁、卷五第357頁、卷七第52頁 | J9: =IF(S9<>0,"註2",IF(U9<>0,"註3","")) -> 註2 | S9: 268000
A10: 8 | B10: 王立華 | C10: 劉信武 | D10: 103/03/31 | E10: 1000 | F10: 68 | G10: 68000 | J10: =IF(S10<>0,"註2",IF(U10<>0,"註3",""))
A11: 9 | B11: 王立華 | C11: 李桂鶯 | D11: 103/04/01 | E11: 5000 | F11: 67 | G11: 335000 | H11: 該交易透過萬豐公司聯絡，被告朱緯業承認為其實際負責人，應與被告黃馨瑩無涉 | I11: 本院前審卷四第523頁、卷五第357頁、卷七第52頁 | J11: =IF(S11<>0,"註2",IF(U11<>0,"註3","")) -> 註2 | S11: 335000
A12: 10 | B12: 施明宏 | C12: 王立華 | D12: 103/04/03 | E12: -5000 | F12: 25 | G12: -125000 | J12: =IF(S12<>0,"註2",IF(U12<>0,"註3",""))
A13: 11 | B13: 王立華 | C13: 洪筱梅 | D13: 103/04/03 | E13: 5000 | F13: 67 | G13: 335000 | H13: 該交易透過萬豐公司聯絡，被告朱緯業承認為其實際負責人，應與被告黃馨瑩無涉 | I13: 本院前審卷四第513頁、卷五第357頁、卷七第52頁 | J13: =IF(S13<>0,"註2",IF(U13<>0,"註3","")) -> 註2 | S13: 335000
A14: 12 | B14: 王立華 | C14: 彭士哲 | D14: 103/04/08 | E14: 3000 | F14: 25 | G14: 75000 | J14: =IF(S14<>0,"註2",IF(U14<>0,"註3",""))
A15: 13 | B15: 王立華 | C15: 尤伍能 | D15: 103/04/16 | E15: 2000 | F15: 67 | G15: 134000 | H15: 該交易透過萬豐公司聯絡，被告朱緯業承認為其實際負責人，應與被告黃馨瑩無涉 | I15: 本院前審卷四第525頁、卷五第357頁、卷七第52頁 | J15: =IF(S15<>0,"註2",IF(U15<>0,"註3","")) -> 註2 | S15: 134000
A16: 14 | B16: 王立華 | C16: 江志賢 | D16: 103/05/08 | E16: 1000 | F16: 67 | G16: 67000 | J16: =IF(S16<>0,"註2",IF(U16<>0,"註3",""))
A17: 15 | B17: 施明宏 | C17: 郭德茂 | D17: 103/05/14 | E17: 1000 | F17: 67 | G17: 67000 | J17: =IF(S17<>0,"註2",IF(U17<>0,"註3",""))
A18: 16 | B18: 王立華 | C18: 江佳倫 | D18: 103/05/15 | E18: 3000 | F18: 67 | G18: 201000 | J18: =IF(S18<>0,"註2",IF(U18<>0,"註3",""))
A19: 17 | B19: 王立華 | C19: 彭士哲 | D19: 103/05/20 | E19: 5000 | F19: 25 | G19: 125000 | J19: =IF(S19<>0,"註2",IF(U19<>0,"註3",""))
A20: 18 | B20: 王立華 | C20: 許秋霞 | D20: 103/05/27 | E20: 5000 | F20: 67 | G20: 335000 | H20: 該交易透過聯寶公司聯絡，被告朱緯業承認為其實際負責人，應與被告黃馨瑩無涉 | I20: 本院前審卷四第515頁、卷五第357頁、卷七第52頁 | J20: =IF(S20<>0,"註2",IF(U20<>0,"註3","")) -> 註2 | S20: 335000
A21: 19 | B21: 王立華 | C21: 李慧玲 | D21: 103/06/03 | E21: 3000 | F21: 67 | G21: 201000 | H21: 該交易透過萬豐公司聯絡，被告朱緯業承認為其實際負責人，應與被告黃馨瑩無涉 | I21: 本院前審卷四第519頁、卷五第357頁、卷七第52頁 | J21: =IF(S21<>0,"註2",IF(U21<>0,"註3","")) -> 註2 | S21: 201000
A22: 20 | B22: 王立華 | C22: 羅羽孜 | D22: 103/06/03 | E22: 2000 | F22: 67 | G22: 134000 | J22: =IF(S22<>0,"註2",IF(U22<>0,"註3",""))
A23: 21 | B23: 王立華 | C23: 王俊隆 | D23: 103/06/03 | E23: 2000 | F23: 67 | G23: 134000 | J23: =IF(S23<>0,"註2",IF(U23<>0,"註3",""))
A24: 22 | B24: 王立華 | C24: 曾耀慶 | D24: 103/06/05 | E24: 5000 | F24: 67 | G24: 335000 | J24: =IF(S24<>0,"註2",IF(U24<>0,"註3",""))
A25: 23 | B25: 王立華 | C25: 羅羽孜 | D25: 103/06/05 | E25: 3000 | F25: 67 | G25: 201000 | J25: =IF(S25<>0,"註2",IF(U25<>0,"註3",""))
A26: 24 | B26: 王立華 | C26: 游秀玉 | D26: 103/06/06 | E26: 2000 | F26: 67 | G26: 134000 | I26: E16卷第226頁 | J26: =IF(S26<>0,"註2",IF(U26<>0,"註3",""))
A27: 25 | B27: 王立華 | C27: 王俊隆 | D27: 103/06/06 | E27: 2000 | F27: 67 | G27: 134000 | J27: =IF(S27<>0,"註2",IF(U27<>0,"註3",""))
A28: 26 | B28: 王立華 | C28: 李桂鶯 | D28: 103/06/09 | E28: 10000 | F28: 67 | G28: 670000 | H28: 該交易透過萬豐公司聯絡，被告朱緯業承認為其實際負責人，應與被告黃馨瑩無涉 | I28: 本院前審卷四第523頁、卷五第357頁、卷七第52頁 | J28: =IF(S28<>0,"註2",IF(U28<>0,"註3","")) -> 註2 | S28: 670000
A29: 27 | B29: 王立華 | C29: 謝永昌 | D29: 103/06/09 | E29: 3000 | F29: 68 | G29: 204000 | J29: =IF(S29<>0,"註2",IF(U29<>0,"註3",""))
A30: 28 | B30: 王立華 | C30: 彭士哲 | D30: 103/06/10 | E30: 4000 | F30: 25 | G30: 100000 | J30: =IF(S30<>0,"註2",IF(U30<>0,"註3",""))
A31: 29 | B31: 施明宏 | C31: 張建成 | D31: 103/06/10 | E31: 5000 | F31: 69 | G31: 345000 | H31: 被告黃馨瑩不爭執 | I31: 本院前審卷七第52頁 | J31: =IF(S31<>0,"註2",IF(U31<>0,"註3","")) -> 註3 | U31: 345000
A32: 30 | B32: 施明宏 | C32: 謝秀菊 | D32: 103/06/10 | E32: 4000 | F32: 69 | G32: 276000 | H32: 被告黃馨瑩不爭執 | I32: 本院前審卷七第52頁 | J32: =IF(S32<>0,"註2",IF(U32<>0,"註3","")) -> 註3 | U32: 276000
A33: 31 | B33: 施明宏 | C33: 鄭明華 | D33: 103/06/10 | E33: 7000 | F33: 69 | G33: 483000 | H33: 被告黃馨瑩不爭執 | I33: 本院前審卷七第52頁 | J33: =IF(S33<>0,"註2",IF(U33<>0,"註3","")) -> 註3 | U33: 483000
A34: 32 | B34: 施明宏 | C34: 陳玉燕 | D34: 103/06/10 | E34: 5000 | F34: 69 | G34: 345000 | H34: 被告黃馨瑩不爭執 | I34: 本院前審卷七第52頁 | J34: =IF(S34<>0,"註2",IF(U34<>0,"註3","")) -> 註3 | U34: 345000
A35: 33 | B35: 施明宏 | C35: 程美玉 | D35: 103/06/10 | E35: 2000 | F35: 69 | G35: 138000 | H35: 被告黃馨瑩不爭執 | I35: 本院前審卷七第52頁 | J35: =IF(S35<>0,"註2",IF(U35<>0,"註3","")) -> 註3 | U35: 138000
A36: 34 | B36: 王立華 | C36: 康美玉 | D36: 103/06/17 | E36: 3000 | F36: 67 | G36: 201000 | J36: =IF(S36<>0,"註2",IF(U36<>0,"註3",""))
A37: 35 | B37: 王立華 | C37: 羅羽孜 | D37: 103/06/18 | E37: 3000 | F37: 67 | G37: 201000 | J37: =IF(S37<>0,"註2",IF(U37<>0,"註3",""))
A38: 36 | B38: 王立華 | C38: 江曜松 | D38: 103/07/22 | E38: 5000 | F38: 67 | G38: 335000 | J38: =IF(S38<>0,"註2",IF(U38<>0,"註3",""))
A39: 37 | B39: 王立華 | C39: 曾清忠 | D39: 103/07/22 | E39: 1000 | F39: 67 | G39: 67000 | J39: =IF(S39<>0,"註2",IF(U39<>0,"註3",""))
A40: 38 | B40: 王立華 | C40: 李銘心 | D40: 103/07/30 | E40: 2000 | F40: 67 | G40: 134000 | J40: =IF(S40<>0,"註2",IF(U40<>0,"註3",""))
A41: 39 | B41: 王立華 | C41: 蘇登山 | D41: 103/07/30 | E41: 1000 | F41: 67 | G41: 67000 | J41: =IF(S41<>0,"註2",IF(U41<>0,"註3",""))
A42: 40 | B42: 王立華 | C42: 羅阿月 | D42: 103/08/05 | E42: 1000 | F42: 67 | G42: 67000 | J42: =IF(S42<>0,"註2",IF(U42<>0,"註3",""))
A43: 41 | B43: 王立華 | C43: 劉桂森 | D43: 103/08/05 | E43: 3000 | F43: 67 | G43: 201000 | J43: =IF(S43<>0,"註2",IF(U43<>0,"註3",""))
A44: 42 | B44: 王立華 | C44: 徐月媚 | D44: 103/08/07 | E44: 2000 | F44: 67 | G44: 134000 | J44: =IF(S44<>0,"註2",IF(U44<>0,"註3",""))
A45: 43 | B45: 王立華 | C45: 許春財 | D45: 103/08/13 | E45: 1000 | F45: 67 | G45: 67000 | J45: =IF(S45<>0,"註2",IF(U45<>0,"註3",""))
A46: 44 | B46: 王立華 | C46: 林炳泉 | D46: 103/08/20 | E46: 1000 | F46: 67 | G46: 67000 | J46: =IF(S46<>0,"註2",IF(U46<>0,"註3",""))
A47: 45 | B47: 王立華 | C47: 鄭水嬌 | D47: 103/08/21 | E47: 1000 | F47: 67 | G47: 67000 | J47: =IF(S47<>0,"註2",IF(U47<>0,"註3",""))
... A50: 48 | B50: 王立華 | C50: 蘇碧玉 | D50: 103/08/29 | E50: 1000 | F50: 67 | G50: 67000 | J50: =IF(S50<>0,"註2",IF(U50<>0,"註3",""))
A51: 49 | B51: 王立華 | C51: 劉炳貴 | D51: 103/08/29 | E51: 6000 | F51: 67 | G51: 402000 | H51: 該交易透過萬豐公司聯絡，被告朱緯業承認為其實際負責人，應與被告黃馨瑩無涉 | I51: 本院前審卷四第517頁、卷五第357頁、卷七第52頁 | J51: =IF(S51<>0,"註2",IF(U51<>0,"註3","")) -> 註2 | S51: 402000
A52: 50 | B52: 王立華 | C52: 許美英 | D52: 103/08/29 | E52: 15000 | F52: 67 | G52: 1005000 | J52: =IF(S52<>0,"註2",IF(U52<>0,"註3",""))
D53: 合計 | E53: =SUM(E3:E52) -> 161000 | G53: =SUM(G3:G52) -> 10134000 | S53: =SUM(S3:S52) -> 2680000 | U53: =SUM(U3:U52) -> 1587000
A54: 朱緯業主導之販售兆良股票金額合計 | E54: =SUMIF(J3:J53,"註2",E3:E53) -> 40000 | G54: =SUMIF($J$3:$J$53,"註2",G3:G53) -> 2680000 | J54: 註2合計
A55: 黃馨瑩主導之販售兆良股票金額合計 | E55: =SUMIF($J$3:$J$53,"註3",E3:E53) -> 23000 | G55: =SUMIF($J$3:$J$53,"註3",G3:G53) -> 1587000 | J55: 註3合計
B57: 註1： | C57: 本表關於本院審核及卷證依據部分，除各該所載外，其餘見原審卷六第241至244頁所附光碟資料（不包含王立華過戶至林明頡名下部分）及本院列印資料 1份（本院光碟資料卷第2-17頁）。
B58: 註2： | C58: 朱緯業主導販售兆良股票部分。
B59: 註3： | C59: 黃馨瑩主導販售兆良股票部分（已扣除103年5月29日前德睿公司遭搜索查獲前出售部分）。
H64: 、

Sheet 附表十一
A1: 附表十一：「106年度偵字第5083號附表」
A2: 項目 | B2: 營業人名稱 | C2: 與兆乾公司交易期間 | D2: 取得兆乾公司開立統一發票張數 | E2: 與兆乾公司往來之銷售額 | F2: 與兆乾公司往來之稅額 | G2: 提出申報扣抵之發票張數 | H2: 扣抵發票之銷售額 | I2: 扣抵之稅額
A3: 1 | B3: 光倫公司 | C3: 102年12月至103年4月 | D3: 7 | E3: 24476192 | F3: 1223808 | G3: 7 | H3: 24476192 | I3: 1223808
A4: 2 | B4: 玉倫公司 | C4: 103年5月至6月 | D4: 7 | E4: 9142857 | F4: 457143 | G4: 7 | H4: 9142857 | I4: 457143
A5: 3 | B5: 緯騏公司 | C5: 103年6月至同年12月 | D5: 19 | E5: 14780928 | F5: 739046 | G5: 19 | H5: 14780928 | I5: 739046
A6: 合計 | D6: 33 | E6: =SUM(E3:E5) -> 48399977 | F6: =SUM(F3:F5) -> 2419997 | G6: =SUM(G3:G5) -> 33 | H6: =SUM(H3:H5) -> 48399977 | I6: =SUM(I3:I5) -> 2419997
A7: 出處：專案申請調檔查核清單（105他4192卷一第374至377頁）

Sheet 附表十二
A1: 附表十二：「106年度偵字第5626號附表」
A2: 編號 | B2: 發票 開立年月 | C2: 發票號碼 | D2: 銷售額 | E2: 稅額（兆乾公司已扣抵稅額）
A3: 1 | B3: 103年6月 | C3: AQ27734502 | D3: 794762 | E3: 39738
A4: 2 | B4: 103年6月 | C4: AQ27734503 | D4: 888286 | E4: 44414
A5: 3 | B5: 103年6月 | C5: AQ27734506 | D5: 824095 | E5: 41205
A6: 4 | B6: 103年6月 | C6: AQ27734507 | D6: 932762 | E6: 46638
A7: 5 | B7: 103年6月 | C7: AQ27734508 | D7: 859524 | E7: 42976
A8: 6 | B8: 103年6月 | C8: AQ27734509 | D8: 843552 | E8: 42178
A9: 7 | B9: 103年6月 | C9: AQ27734510 | D9: 786924 | E9: 39346
A10: 8 | B10: 103年6月 | C10: AQ27734511 | D10: 832000 | E10: 41600
A11: 9 | B11: 103年7月 | C11: BK27549950 | D11: 689454 | E11: 34473
A12: 10 | B12: 103年7月 | C12: BK27549951 | D12: 626554 | E12: 31328
A13: 11 | B13: 103年7月 | C13: BK27549953 | D13: 837406 | E13: 41870
A14: 12 | B14: 103年7月 | C14: BK27549954 | D14: 744055 | E14: 37203
... A21: 19 | B21: 103年8月 | C21: BK27549962 | D21: 617580 | E21: 30879
A22: 合計 | D22: =SUM(D3:D21) -> 14240651 | E22: =SUM(E3:E21) -> 712032
A23: 出處：財政部北區國稅局進銷項憑證明細資料表（105他4192卷一第351至352頁）

Sheet 附表十三
A1: 附表十三：「黃泳學案和解人數金額統計表」
A2: 編號 | B2: 投資人姓名 | C2: 和解金額 (元) | D2: 實際賠償金額 | E2: 相關案號 | F2: 撤回/和解情形/實際賠償金額及卷證出處 | G2: 備註
A3: 1 | B3: 林淑蓉 | E3: 106金訴易40 | F3: 撤回民事起訴（本院更一卷一P289-290）
A4: 2 | B4: 范馨云 | E4: 106金訴易32 | F4: 撤回民事起訴（本院更一卷一P291-292)
A5: 3 | B5: 黃人信 | E5: 106金訴易42 | F5: 撤回民事起訴（本院更一卷一P293-294)
A6: 4 | B6: 莊滄江 | E6: 106金訴易46 | F6: 撤回民事起訴（本院更一卷一P295-296)
A7: 5 | B7: 劉子鵬 | C7: 620800 | E7: 105金176 | F7: 調解書、和解契約（本院更一卷一P297-301)
A8: 6 | B8: 王定忠 | C8: 1913600 | E8: 106金訴10 | F8: 和解筆錄（本院更一卷一P302-303)
A9: 7 | B9: 王麗綾 | C9: 53600
A10: 8 | B10: 王端美 | C10: 441600
A11: 9 | B11: 施詠紳 | C11: 134000 | E11: 106金訴易10 | F11: 和解筆錄（本院更一卷一P304)
A12: 10 | B12: 陳宏洋 | C12: 73600 | E12: 106金訴易37 | F12: 和解筆錄（本院更一卷一P305)
A13: 11 | B13: 伍正康 | C13: 184000 | E13: 106金訴易45 | F13: 和解筆錄（本院更一卷一P306)
A14: 12 | B14: 韓寶玲 | C14: 73600 | E14: 106金訴易57 | F14: 和解筆錄、和解契約（本院更一卷一P307-309）
A15: 13 | B15: 游秀玉 | C15: 184000 | E15: 106金訴易59 | F15: 和解筆錄（本院更一卷一P310)
A16: 14 | B16: 林麗雲 | C16: 55600 | E16: 106金訴易62 | F16: 和解筆錄（本院更一卷一P311)
A17: 15 | B17: 黃士峰 | C17: 82800 | E17: 106金訴13 | F17: 和解筆錄（本院更一卷一P312)
A18: 16 | B18: 洪康倪 | C18: 184000 | E18: 106金訴易9 | F18: 和解筆錄（本院更一卷一P313）
A19: 17 | B19: 王秀珠 | C19: 55200 | E19: 106金訴易34 | F19: 和解筆錄（本院更一卷一P314)
A20: 18 | B20: 李純香 | C20: 256000 | E20: 106金訴易51 | F20: 和解筆錄（本院更一卷一P315)
A21: 19 | B21: 黃順良 | C21: 332000 | E21: 106金訴13 | F21: 和解筆錄（本院更一卷一P316-317)：除左列和解金額外，另給付107年7月14日起至清償日止，按周年利率4％計算之利息
A22: 20 | B22: 廖芳藝 | C22: 72600
A23: 21 | B23: 駱詠潔 | C23: 187000
A24: 22 | B24: 劉建良 | C24: 187000
A25: 23 | B25: 王冬立 | C25: 75000 | E25: 106金訴易43 | F25: 和解筆錄（本院更一卷一P318)
A26: 24 | B26: 黃昶芳 | C26: 145000 | D26: 145000 | E26: 105金153 | F26: 和解契約、和解筆錄（本院更一卷一P319-322)：簽約現場給付左列和解金額，另給付執行費用1,140元 | G26: 本院上訴審判決附表十三編號128
A27: 25 | B27: 林依潔 | C27: 80000 | D27: 70000 | E27: 105金簡上3 | F27: 和解筆錄、 和解書（本院更一卷一P323-325)：當庭交付7萬元，餘1萬元另於指定日期匯款予林依潔指定帳戶
A28: 26 | B28: 陳玟玲 | C28: 200000 | D28: 60000 | E28: 105金152 | F28: 調解筆錄、和解契約書（本院更一卷一P326-329）：106/6/7已給付6萬 | G28: 本院上訴審判決附表十三編號298、303
A29: 27 | B29: 陳沅池 | C29: 141000 | D29: 141000 | E29: 105北金簡132 | F29: 和解契約（本院更一卷一P330-331)：已過戶5,000股中茂國際能源股份有限公司股票當作141,000元金額和解
A30: 28 | B30: 鄭國中 | C30: 300000 | D30: 80000 | E30: 105金150 | F30: 和解筆錄（本院更一卷一P335-337)：106/7-10月每月各給付2萬，其餘22萬加計自104年12月11日起至清償日止按5％計算利息。 存入證明（本院更一卷一P338-339）：106/7-10月已給付8萬元
A31: 29 | B31: 宋愛萍 | C31: 23000 | E31: 105北金簡129 | F31: 和解筆錄（本院更一卷一P340-341) | G31: 本院上訴審判決附表十三編號25
A32: 30 | B32: 陳已淳 | C32: 92000 | E32: 105北金簡94 | F32: 和解筆錄（本院更一卷一P342-343）
A33: 31 | B33: 陳仲卿 | C33: 56400 | E33: 105北金簡120 | F33: 和解筆錄（本院更一卷一P344-345)
A34: 32 | B34: 李如玉 | C34: 220800 | E34: 105金149 | F34: 和解筆錄（本院更一卷一P346-347） | G34: 本院上訴審判決附表十三編號28
A35: 33 | B35: 楊小宜 | C35: 92000 | D35: 82000 | E35: 105北金簡125 | F35: 和解筆錄（本院更一卷一P348-349)、 和解書（本院更一卷一P350-351)：簽約同時交付3萬2,000元 存入證明（本院更一卷一P351-355）：已匯款5萬元 | G35: 本院上訴審判決附表十三編號297
A36: 34 | B36: 黃慧娥 | C36: 772800 | E36: 105附民160 | F36: 和解契約（本院更一卷一P356-359） | G36: 本院上訴審判決附表十三編號33
A37: 35 | B37: 李珍妮 | C37: 184000 | E37: 105附民160 | F37: 和解契約（本院更一卷一P356-359） | G37: 本院上訴審判決附表十三編號34
A38: 36 | B38: 潘建盛 | C38: 920000 | E38: 106金訴12 | F38: 和解契約（本院更一卷一P356-359） | G38: 本院上訴審判決附表十三編號40
A39: 37 | B39: 黃羿堯 | C39: 110400 | E39: 105附民160 | F39: 和解契約（本院更一卷一P356-359） | G39: 本院上訴審判決附表十三編號37
A40: 38 | B40: 王美智 | C40: 294400 | E40: 106金訴9 | F40: 和解契約（本院更一卷一P356-359） | G40: 本院上訴審判決附表十三編號35
A41: 39 | B41: 劉秀麗 | C41: 110400 | E41: 105附民160 | F41: 和解契約（本院更一卷一P356-359） | G41: 本院上訴審判決附表十三編號38
A42: 40 | B42: 謝美玲 | C42: 552000 | E42: 105附民160 | F42: 和解契約（本院更一卷一P356-359） | G42: 本院上訴審判決附表十三編號39
A43: 41 | B43: 呂月美 | C43: 110400 | E43: 105附民160 | F43: 和解契約（本院更一卷一P356-359） | G43: 本院上訴審判決附表十三編號36
A44: 42 | B44: 謝美真 | C44: 36800 | E44: 105金上重訴23 | F44: 和解契約（本院更一卷一P356-359） | G44: 本院上訴審判決附表十三編號41
A45: 43 | B45: 謝美秋 | C45: 36800 | E45: 105金上重訴23 | F45: 和解契約（本院更一卷一P356-359） | G45: 本院上訴審判決附表十三編號42
A46: 44 | B46: 王茂雄 | C46: 150000 | D46: 150000 | E46: 105金221 | F46: 和解契約（本院更一卷一P364-365)：已過戶15,000股中茂國際能源股份有限公司股票當作15萬元金額和解
A47: 45 | B47: 林錦秀 | C47: 100000 | E47: 105金182 | F47: 和解筆錄（本院更一卷一P368-369) | G47: 本院上訴審判決附表十三編號10
A48: 46 | B48: 林榮茂 | C48: 368000 | E48: 106金訴易8 | F48: 和解筆錄（本院更一卷一P370)
A49: 47 | B49: 徐正民 | C49: 37600 | E49: 106金訴易11 | F49: 和解筆錄（本院更一卷一P371)
A50: 48 | B50: 傅應龍 | C50: 1056000 | D50: 300000 | E50: 105金148 | F50: 和解書（本院更一卷一P372)：除左列和解金額外，及自104年12月11日起至清償日止，按週年利率5％計算之利息。106/10/4給付30萬，餘額由查扣資產分配中取償
A51: 49 | B51: 李桂鶯 | C51: 300000 | E51: 105金144 | F51: 調解筆錄（本院更一卷一P373-374) | G51: 本院上訴審判決附表十三編號43
A52: 合計 | C52: =SUM(C3:C51) -> 11655800 | D52: =SUM(D3:D51) -> 1028000
A53: 註1. | B53: 被告黃泳學已實際給付和解金額總計為1,028,000元。
A54: 註2. | B54: 另投資人徐錫瑤、蔡文益、蔡長霖、黃阿勤、羅文峰、李淑錦、曾喜樑、詹榮泉等8人已撤回民事起訴(本院上訴審判決附表十三編號170、186、200、220、232、246、260、274)，爰不再列計於此表。

Sheet 附表十四
A1: 附表十四：「告訴人刁品緣等358位投資人明細表」
A2: 編號 | B2: 告訴人姓名 | C2: 編號 | D2: 告訴人姓名 | E2: 編號 | F2: 告訴人姓名 | G2: 編號 | H2: 告訴人姓名
A3: 1 | B3: 刁品緣 | C3: 45 | D3: 李淑錦 | E3: 89 | F3: 林孟宗 | G3: 133 | H3: 莊心然
A4: 2 | B4: 尤伍能 | C4: 46 | D4: 李孟訓 | E4: 90 | F4: 林玉綿 | G4: 134 | H4: 莊倉江
A5: 3 | B5: 尤銘德 | C5: 47 | D5: 李純香 | E5: 91 | F5: 林文香 | G5: 135 | H5: 曹庭耀
A6: 4 | B6: 王錦盛 | C6: 48 | D6: 李珍妮 | E6: 92 | F6: 林楷宸 | G6: 136 | H6: 許文錦
A7: 5 | B7: 王瑋璉 | C7: 49 | D7: 李純綾 | E7: 93 | F7: 林錦秀 | G7: 137 | H7: 許睿彤
A8: 6 | B8: 王宥東 | C8: 50 | D8: 李梅枝 | E8: 94 | F8: 林麗雲 | G8: 138 | H8: 許美珠
A9: 7 | B9: 王裕仁 | C9: 51 | D9: 李慧玲 | E9: 95 | F9: 林勳諒 | G9: 139 | H9: 許嘉凌
A10: 8 | B10: 王萬華 | C10: 52 | D10: 李珍儀 | E10: 96 | F10: 林坡顯 | G10: 140 | H10: 許秋霞
A11: 9 | B11: 王冬立 | C11: 53 | D11: 李桂鶯 | E11: 97 | F11: 林賜恩 | G11: 141 | H11: 許倩文
A12: 10 | B12: 王美智 | C12: 54 | D12: 李永澤 | E12: 98 | F12: 林金虎 | G12: 142 | H12: 郭金峯
A13: 11 | B13: 王禎嫻 | C13: 55 | D13: 李宜蓉 | E13: 99 | F13: 官裕宗 | G13: 143 | H13: 郭華彥
A14: 12 | B14: 王秀珠 | C14: 56 | D14: 李渝倬 | E14: 100 | F14: 洪仁成 | G14: 144 | H14: 郭如玲
... A46: 44 | B46: 李方淑媛 | C46: 88 | D46: 林文貴 | E46: 132 | F46: 莊鴻洲 | G46: 176 | H46: 陳美香
A48: 編號 | B48: 告訴人姓名 | C48: 編號 | D48: 告訴人姓名 | E48: 編號 | F48: 告訴人姓名 | G48: 編號 | H48: 告訴人姓名
A49: 177 | B49: 陳淑如 | C49: 223 | D49: 葉秀欽 | E49: 269 | F49: 蔡宛芬 | G49: 315 | H49: 謝美秋
A50: 178 | B50: 陳惠春 | C50: 224 | D50: 游閔暉 | E50: 270 | F50: 蔡佳秀 | G50: 316 | H50: 謝美真
A51: 179 | B51: 陳復章 | C51: 225 | D51: 游玫芳 | E51: 271 | F51: 蔡信健 | G51: 317 | H51: 謝秋琴
A52: 180 | B52: 陳已淳 | C52: 226 | D52: 游永金 | E52: 272 | F52: 蔡長霖 | G52: 318 | H52: 謝修瑩
A53: 181 | B53: 陳玉燕 | C53: 227 | D53: 游秀玉 | E53: 273 | F53: 蔡佩蓉 | G53: 319 | H53: 謝秀菊
A54: 182 | B54: 陳怡君 | C54: 228 | D54: 楊秋惠 | E54: 274 | F54: 蔡文益 | G54: 320 | H54: 謝博仁
A55: 183 | B55: 陳青萍 | C55: 229 | D55: 楊曼玲 | E55: 275 | F55: 蔡妤炘 | G55: 321 | H55: 謝瀅諭
A56: 184 | B56: 陳良德 | C56: 230 | D56: 楊曉芬 | E56: 276 | F56: 蔡青坪 | G56: 322 | H56: 戴亦均
A57: 185 | B57: 陳易儀 | C57: 231 | D57: 楊靜芬 | E57: 277 | F57: 劉文虎 | G57: 323 | H57: 顏淑娟
A58: 186 | B58: 陳惠君 | C58: 232 | D58: 楊小宜 | E58: 278 | F58: 劉子鵬 | G58: 324 | H58: 顏春花
A59: 187 | B59: 陳信宏 | C59: 233 | D59: 楊錫勛 | E59: 279 | F59: 劉鳳美 | G59: 325 | H59: 魏哲云
A60: 188 | B60: 陳群濠 | C60: 234 | D60: 楊正傑 | E60: 280 | F60: 劉建良 | G60: 326 | H60: 羅誘貽
... A92: 220 | B92: 葉金光 | C92: 266 | D92: 廖継仕 | E92: 312 | F92: 謝玄昭 | G92: 358 | H92: 陳德溎
A93: 221 | B93: 葉逢春 | C93: 267 | D93: 廖良習 | E93: 313 | F93: 謝宗雄
A94: 222 | B94: 葉梅蘭 | C94: 268 | D94: 趙國斌 | E94: 314 | F94: 謝美玲

Sheet 附表十五
A1: 附表十五：「偵查卷宗代碼對照表」
A2: 編號 | B2: 案卷
A3: A1 | B3: 嘉義地檢103他2011
A4: A2 | B4: 新竹地檢103他2786
A5: A3 | B5: 高雄地檢103他8898
A6: A4 | B6: 高雄地檢103他9190
A7: A5 | B7: 高雄地檢103他9410
A8: A6 | B8: 高雄地檢103他9439
A9: A7 | B9: 高雄地檢103他10196
A10: A8 | B10: 高雄地檢103他10197
A11: A9 | B11: 高雄地檢103他10198
A12: A10 | B12: 高雄地檢104他529
A13: A11 | B13: 高雄地檢104他530
... A147: H5 | B147: 桃園地檢105偵2822卷五
